Workbook

Sheet Смета 12 гр. по ФЕР
A1: =Source!B1 -> Smeta.RU (495) 974-1589
B3: "СОГЛАСОВАНО" | H3: "УТВЕРЖДАЮ"
B6: =CONCATENATE("______________________ ", IF(Source!AL12<>"", Source!AL12, "")) -> ______________________ | H6: =CONCATENATE("______________________ ", IF(Source!AH12<>"", Source!AH12, "")) -> ______________________
B7: "_____"________________ 2020 г. | H7: "_____"________________ 2020 г.
B11: (наименование стройки)
F13: Номер заказа | H13: =IF(Source!F12<>"Новый объект", Source!F12, "")
B15: =CONCATENATE( "ЛОКАЛЬНАЯ СМЕТА № ",IF(Source!F12<>"Новый объект", Source!F12, "")) -> ЛОКАЛЬНАЯ СМЕТА №
B19: =IF(Source!G12<>"Новый объект", Source!G12, "") -> Выходной документ. Тест
B20: (наименование работ и затрат, наименование объекта)
A22: Основание: 1
G25: базовая цена | I25: текущая цена
C26: Сметная стоимость | G26: =SUM(O1:O79)/1000 -> 3508.2725 | I26: =(Source!F162/1000) -> 4260.4426 | K26: тыс. руб.
C27: Строительные работы | G27: =SUM(W1:W79)/1000 -> 19.46884 | I27: =(Source!F148)/1000 -> 31.78088 | K27: тыс. руб.
C28: Монтажные работы | G28: =SUM(X1:X79)/1000 -> 1.58653 | I28: =(Source!F149)/1000 -> 31.37091 | K28: тыс. руб.
C29: Оборудование | G29: =SUM(Y1:Y79)/1000 -> 3487.2171 | I29: =(Source!F140)/1000 -> 3487.2171 | K29: тыс. руб.
C30: Прочие работы | G30: =SUM(Z1:Z79)/1000 -> 0 | I30: =(Source!F150+Source!F151)/1000 -> 0 | K30: тыс. руб.
C31: Нормативная трудоемкость | G31: =I31 -> 58.671905 | I31: =(Source!F153+Source!F154) -> 58.671905 | K31: чел. -ч.
C32: Средства на оплату труда | G32: =SUM(R1:R79)/1000 -> 0.5339 | I32: =(Source!F146+ Source!F145)/1000 -> 15.78737 | K32: тыс. руб.
C33: Возврат материалов | K33: тыс. руб.
A35: Строительный объем:
A36: Стоимость ед.стр.объема:
A38: Составлена в ценах ТСНБ-2001 Московской области (редакция 2014 г) ноябрь 2019 года
A39: № п/п | B39: Шифр расценки и коды ресурсов | C39: Наименование работ и затрат | D39: Ед. изм. | E39: Кол-во единиц | F39: Цена на ед. изм. | G39: Попра-вочные коэфф. | H39: Стоимость в ценах 2001г. | I39: Пункт коэфф. пересчета | J39: Коэфф. пересчета | K39: Стоимость в текущих ценах | L39: ЗТР всего чел.-час
A40: 1 | B40: 2 | C40: 3 | D40: 4 | E40: 5 | F40: 6 | G40: 7 | H40: 8 | I40: 9 | J40: 10 | K40: 11 | L40: 12
A42: =CONCATENATE("Локальная смета: ",IF(Source!G20<>"Новая локальная смета", Source!G20, "")) -> Локальная смета: Монтаж оборудования
A44: =CONCATENATE("Раздел: ",IF(Source!G24<>"Новый раздел", Source!G24, "")) -> Раздел: Строение 1
A46: =CONCATENATE("Подраздел: ",IF(Source!G28<>"Новый подраздел", Source!G28, "")) -> Подраздел: Пусковая часть 2
A47: =Source!E32 -> 1 | B47: =Source!F32 -> 06-01-005-4 | C47: =Source!G32 -> Устройство железобетонных фундаментов общего назначения объемом до 5 м3 | D47: =Source!H32 -> 100 м3 бетона и железобетона в деле | E47: =Source!I32 -> 0.0295 | F47: =Source!AL32+Source!AM32+Source!AO32 -> 83518.43 | I47: =Source!BO32 -> 06-01-005-4 | S47: =ROUND((Source!FX32/100)*((ROUND(Source!AF32*Source!I32, 2)+ROUND(Source!AE32*Source!I32, 2))), 2) -> 149.18 | T47: =Source!X32 -> 4411.31 | U47: =ROUND((Source!FY32/100)*((ROUND(Source!AF32*Source!I32, 2)+ROUND(Source!AE32*Source!I32, 2))), 2) -> 92.35 | V47: =Source!Y32 -> 2730.81
C48: ="Объем: "&Source!I32&"=(0,15+"&"1,6+"&"1,2)/"&"100" -> Объем: 0,0295=(0,15+1,6+1,2)/100
C49: Зарплата | F49: =Source!AO32 -> 3837.46 | G49: =Source!DG32 -> )*1,15 | H49: =ROUND(Source!AF32*Source!I32, 2) -> 130.19 | J49: =IF(Source!BA32<> 0, Source!BA32, 1) -> 29.57 | K49: =Source!S32 -> 3849.6 | R49: =H49 -> 130.19
C50: Эксплуатация машин | F50: =Source!AM32 -> 2534.34 | G50: =Source!DE32 -> )*1,25 | H50: =ROUND(Source!AD32*Source!I32, 2) -> 93.45 | J50: =IF(Source!BB32<> 0, Source!BB32, 1) -> 9.18 | K50: =Source!Q32 -> 857.91
C51: в т.ч. зарплата машинистов | F51: =Source!AN32 -> 322.5 | G51: =Source!DF32 -> )*1,25 | H51: =ROUND(Source!AE32*Source!I32, 2) -> 11.89 | J51: =IF(Source!BS32<> 0, Source!BS32, 1) -> 29.57 | K51: =Source!R32 -> 351.65 | R51: =H51 -> 11.89
C52: Материальные ресурсы | F52: =Source!AL32 -> 77146.63 | G52: =Source!DD32 | H52: =ROUND(Source!AC32*Source!I32, 2) -> 2275.83 | J52: =IF(Source!BC32<> 0, Source!BC32, 1) -> 5.96 | K52: =Source!P32 -> 13563.92
C53: НР от ФОТ | D53: % | E53: =Source!BZ32 -> 105 | H53: =SUM(S47:S59) -> 149.18 | J53: =Source!AT32 -> 105 | K53: =SUM(T47:T59) -> 4411.31
C54: СП от ФОТ | D54: % | E54: =Source!CA32 -> 65 | H54: =SUM(U47:U59) -> 92.35 | J54: =Source!AU32 -> 65 | K54: =SUM(V47:V59) -> 2730.81
C55: Затраты труда | D55: чел-ч | E55: =Source!AQ32 -> 453.6 | G55: =Source!DI32 -> )*1,15 | L55: =Source!U32 -> 15.38838
A56: =Source!E33 -> 1,1 | B56: =Source!F33 -> 204-0100 | C56: =Source!G33 -> Горячекатаная арматурная сталь класса А-I, А-II, А-III | D56: =Source!H33 -> т | E56: =Source!I33 -> -0.0295 | F56: =Source!AL33+Source!AM33+Source!AO33 -> 5649.99 | H56: =ROUND(Source!AC33*Source!I33, 2)+ROUND(Source!AD33*Source!I33, 2)+ROUND(Source!AF33*Source!I33, 2) -> -166.67 | J56: =IF(Source!BC33<> 0, Source!BC33, 1) -> 5.91 | K56: =Source!O33 -> -985.05 | S56: =ROUND((Source!FX33/100)*((ROUND(Source!AF33*Source!I33, 2)+ROUND(Source!AE33*Source!I33, 2))), 2) -> 0 | T56: =Source!X33 -> 0 | U56: =ROUND((Source!FY33/100)*((ROUND(Source!AF33*Source!I33, 2)+ROUND(Source!AE33*Source!I33, 2))), 2) -> 0 | V56: =Source!Y33 -> 0 | W56: =IF(Source!BI33<=1,H56, 0) -> -166.67 | X56: =IF(Source!BI33=2,H56, 0) -> 0 | Y56: =IF(Source!BI33=3,H56, 0) -> 0 | Z56: =IF(Source!BI33=4,H56, 0) -> 0
A57: =Source!E34 -> 1,2 | B57: =Source!F34 -> 204-0109 | C57: =Source!G34 -> Горячекатанная арматурная сталь класса А500 С, диаметром 12 мм | D57: =Source!H34 -> т | E57: =Source!I34 -> 0.022 | F57: =Source!AL34+Source!AM34+Source!AO34 -> 10565.61 | H57: =ROUND(Source!AC34*Source!I34, 2)+ROUND(Source!AD34*Source!I34, 2)+ROUND(Source!AF34*Source!I34, 2) -> 232.44 | J57: =IF(Source!BC34<> 0, Source!BC34, 1) -> 2.78 | K57: =Source!O34 -> 646.19 | S57: =ROUND((Source!FX34/100)*((ROUND(Source!AF34*Source!I34, 2)+ROUND(Source!AE34*Source!I34, 2))), 2) -> 0 | T57: =Source!X34 -> 0 | U57: =ROUND((Source!FY34/100)*((ROUND(Source!AF34*Source!I34, 2)+ROUND(Source!AE34*Source!I34, 2))), 2) -> 0 | V57: =Source!Y34 -> 0 | W57: =IF(Source!BI34<=1,H57, 0) -> 232.44 | X57: =IF(Source!BI34=2,H57, 0) -> 0 | Y57: =IF(Source!BI34=3,H57, 0) -> 0 | Z57: =IF(Source!BI34=4,H57, 0) -> 0
A58: =Source!E35 -> 1,3 | B58: =Source!F35 -> 401-0066 | C58: =Source!G35 -> Бетон тяжелый, крупность заполнителя 20 мм, класс В15 (М200) | D58: =Source!H35 -> комплекс работ | E58: =Source!I35 -> -2.99425 | F58: =Source!AL35+Source!AM35+Source!AO35 -> 665 | H58: =ROUND(Source!AC35*Source!I35, 2)+ROUND(Source!AD35*Source!I35, 2)+ROUND(Source!AF35*Source!I35, 2) -> -1991.18 | J58: =IF(Source!BC35<> 0, Source!BC35, 1) -> 6 | K58: =Source!O35 -> -11947.06 | S58: =ROUND((Source!FX35/100)*((ROUND(Source!AF35*Source!I35, 2)+ROUND(Source!AE35*Source!I35, 2))), 2) -> 0 | T58: =Source!X35 -> 0 | U58: =ROUND((Source!FY35/100)*((ROUND(Source!AF35*Source!I35, 2)+ROUND(Source!AE35*Source!I35, 2))), 2) -> 0 | V58: =Source!Y35 -> 0 | W58: =IF(Source!BI35<=1,H58, 0) -> -1991.18 | X58: =IF(Source!BI35=2,H58, 0) -> 0 | Y58: =IF(Source!BI35=3,H58, 0) -> 0 | Z58: =IF(Source!BI35=4,H58, 0) -> 0
A59: =Source!E36 -> 1,4 | B59: =Source!F36 -> Дог Цена | C59: Бетон тяжелый В12,5 F300 с учетом поставки Базисная стоимость: 4 441,25 = [5 225 / 1,2] + 2% Заг.скл | D59: =Source!H36 -> 1 м3 | E59: =Source!I36 -> 3 | F59: =Source!AL36+Source!AM36+Source!AO36 -> 4441.25 | H59: =ROUND(Source!AC36*Source!I36, 2)+ROUND(Source!AD36*Source!I36, 2)+ROUND(Source!AF36*Source!I36, 2) -> 13323.75 | J59: =IF(Source!BC36<> 0, Source!BC36, 1) -> 1 | K59: =Source!O36 -> 13323.75 | S59: =ROUND((Source!FX36/100)*((ROUND(Source!AF36*Source!I36, 2)+ROUND(Source!AE36*Source!I36, 2))), 2) -> 0 | T59: =Source!X36 -> 0 | U59: =ROUND((Source!FY36/100)*((ROUND(Source!AF36*Source!I36, 2)+ROUND(Source!AE36*Source!I36, 2))), 2) -> 0 | V59: =Source!Y36 -> 0 | W59: =IF(Source!BI36<=1,H59, 0) -> 13323.75 | X59: =IF(Source!BI36=2,H59, 0) -> 0 | Y59: =IF(Source!BI36=3,H59, 0) -> 0 | Z59: =IF(Source!BI36=4,H59, 0) -> 0
G60: =H49+H50+H52+H53+H54+SUM(H56:H59) -> 14139.34 | J60: =K49+K50+K52+K53+K54+SUM(K56:K59) -> 26451.38 | L60: =Source!U32 -> 15.38838 | O60: =G60 -> 14139.34 | P60: =J60 -> 26451.38 | Q60: =L60 -> 15.38838 | W60: =IF(Source!BI32<=1,H49+H50+H52+H53+H54, 0) -> 2741 | X60: =IF(Source!BI32=2,H49+H50+H52+H53+H54, 0) -> 0 | Y60: =IF(Source!BI32=3,H49+H50+H52+H53+H54, 0) -> 0 | Z60: =IF(Source!BI32=4,H49+H50+H52+H53+H54, 0) -> 0
A61: =Source!E37 -> 2 | B61: =Source!F37 -> м37-01-001-3 | C61: =Source!G37 -> Монтаж оборудования без механизмов на открытой площадке, масса оборудования 0,1 т | D61: =Source!H37 -> 1 ШТ. | E61: =Source!I37 -> 2 | F61: =Source!AL37+Source!AM37+Source!AO37 -> 518.99 | I61: =Source!BO37 -> м37-01-001-3 | S61: =ROUND((Source!FX37/100)*((ROUND(Source!AF37*Source!I37, 2)+ROUND(Source!AE37*Source!I37, 2))), 2) -> 313.46 | T61: =Source!X37 -> 9268.9 | U61: =ROUND((Source!FY37/100)*((ROUND(Source!AF37*Source!I37, 2)+ROUND(Source!AE37*Source!I37, 2))), 2) -> 235.09 | V61: =Source!Y37 -> 6951.67
C62: Зарплата | F62: =Source!AO37 -> 191.86 | G62: =Source!DG37 | H62: =ROUND(Source!AF37*Source!I37, 2) -> 383.72 | J62: =IF(Source!BA37<> 0, Source!BA37, 1) -> 29.57 | K62: =Source!S37 -> 11346.6 | R62: =H62 -> 383.72
C63: Эксплуатация машин | F63: =Source!AM37 -> 80.29 | G63: =Source!DE37 | H63: =ROUND(Source!AD37*Source!I37, 2) -> 160.58 | J63: =IF(Source!BB37<> 0, Source!BB37, 1) -> 6.84 | K63: =Source!Q37 -> 1098.37
C64: в т.ч. зарплата машинистов | F64: =Source!AN37 -> 4.05 | G64: =Source!DF37 | H64: =ROUND(Source!AE37*Source!I37, 2) -> 8.1 | J64: =IF(Source!BS37<> 0, Source!BS37, 1) -> 29.57 | K64: =Source!R37 -> 239.52 | R64: =H64 -> 8.1
C65: Материальные ресурсы | F65: =Source!AL37 -> 246.84 | G65: =Source!DD37 | H65: =ROUND(Source!AC37*Source!I37, 2) -> 493.68 | J65: =IF(Source!BC37<> 0, Source!BC37, 1) -> 5.48 | K65: =Source!P37 -> 2705.37
C66: НР от ФОТ | D66: % | E66: =Source!BZ37 -> 80 | H66: =SUM(S61:S68) -> 313.46 | J66: =Source!AT37 -> 80 | K66: =SUM(T61:T68) -> 9268.9
C67: СП от ФОТ | D67: % | E67: =Source!CA37 -> 60 | H67: =SUM(U61:U68) -> 235.09 | J67: =Source!AU37 -> 60 | K67: =SUM(V61:V68) -> 6951.67
C68: Затраты труда | D68: чел-ч | E68: =Source!AQ37 -> 20.9 | G68: =Source!DI37 | L68: =Source!U37 -> 41.8
G69: =H62+H63+H65+H66+H67 -> 1586.53 | J69: =K62+K63+K65+K66+K67 -> 31370.91 | L69: =Source!U37 -> 41.8 | O69: =G69 -> 1586.53 | P69: =J69 -> 31370.91 | Q69: =L69 -> 41.8 | W69: =IF(Source!BI37<=1,H62+H63+H65+H66+H67, 0) -> 0 | X69: =IF(Source!BI37=2,H62+H63+H65+H66+H67, 0) -> 1586.53 | Y69: =IF(Source!BI37=3,H62+H63+H65+H66+H67, 0) -> 0 | Z69: =IF(Source!BI37=4,H62+H63+H65+H66+H67, 0) -> 0
A70: =Source!E38 -> 3 | B70: =Source!F38 -> Поставка | C70: Станок напольный Базисная стоимость: 1 743 608,54 = [1 988 000 / 1,2] + 4% Трансп + 1,2% Заг.скл | D70: =Source!H38 -> КОМПЛ | E70: =Source!I38 -> 2 | F70: =Source!AL38 -> 1743608.5 | G70: =Source!DD38 | H70: =ROUND(Source!AC38*Source!I38, 2) -> 3487217.1 | I70: =Source!BO38 | J70: =IF(Source!BC38<> 0, Source!BC38, 1) -> 1 | K70: =Source!P38 -> 3487217.1 | S70: =ROUND((Source!FX38/100)*((ROUND(Source!AF38*Source!I38, 2)+ROUND(Source!AE38*Source!I38, 2))), 2) -> 0 | T70: =Source!X38 -> 0 | U70: =ROUND((Source!FY38/100)*((ROUND(Source!AF38*Source!I38, 2)+ROUND(Source!AE38*Source!I38, 2))), 2) -> 0 | V70: =Source!Y38 -> 0
G71: =H70 -> 3487217.1 | J71: =K70 -> 3487217.1 | L71: =Source!U38 -> 0 | O71: =G71 -> 3487217.1 | P71: =J71 -> 3487217.1 | Q71: =L71 -> 0 | W71: =IF(Source!BI38<=1,H70, 0) -> 0 | X71: =IF(Source!BI38=2,H70, 0) -> 0 | Y71: =IF(Source!BI38=3,H70, 0) -> 3487217.1 | Z71: =IF(Source!BI38=4,H70, 0) -> 0
A72: =Source!E39 -> 4 | B72: =Source!F39 -> Дог Цена | C72: Бетон тяжелый В12,5 F600 Базисная стоимость: 4 441,25 = [5 225 / 1,2] + 2% Заг.скл | D72: =Source!H39 -> 1 м3 | E72: =Source!I39 -> 1.2 | F72: =Source!AL39 -> 4441.25 | G72: =Source!DD39 | H72: =ROUND(Source!AC39*Source!I39, 2) -> 5329.5 | I72: =Source!BO39 | J72: =IF(Source!BC39<> 0, Source!BC39, 1) -> 1 | K72: =Source!P39 -> 5329.5 | S72: =ROUND((Source!FX39/100)*((ROUND(Source!AF39*Source!I39, 2)+ROUND(Source!AE39*Source!I39, 2))), 2) -> 0 | T72: =Source!X39 -> 0 | U72: =ROUND((Source!FY39/100)*((ROUND(Source!AF39*Source!I39, 2)+ROUND(Source!AE39*Source!I39, 2))), 2) -> 0 | V72: =Source!Y39 -> 0
G73: =H72 -> 5329.5 | J73: =K72 -> 5329.5 | L73: =Source!U39 -> 0 | O73: =G73 -> 5329.5 | P73: =J73 -> 5329.5 | Q73: =L73 -> 0 | W73: =IF(Source!BI39<=1,H72, 0) -> 5329.5 | X73: =IF(Source!BI39=2,H72, 0) -> 0 | Y73: =IF(Source!BI39=3,H72, 0) -> 0 | Z73: =IF(Source!BI39=4,H72, 0) -> 0
A78: =CONCATENATE("Итого по смете: ",IF(Source!G131<>"Новый объект", Source!G131, "")) -> Итого по смете: Выходной документ. Тест | G78: =SUM(O1:O77) -> 3508272.5 | J78: =SUM(P1:P77) -> 3550368.9 | L78: =SUM(Q1:Q77) -> 57.18838
C80: =Source!H160 -> Итого по разделам: | J80: =IF(Source!F160=0, "", Source!F160) -> 3550368.9
C81: =Source!H161 -> НДС - 20% | J81: =IF(Source!F161=0, "", Source!F161) -> 710073.77
C82: =Source!H162 -> Всего: | J82: =IF(Source!F162=0, "", Source!F162) -> 4260442.6
C85: Объемы согласовал | D85: =IF(Source!CP12<>"", Source!CP12," ") | I85: =IF(Source!CO12<>"", Source!CO12," ")
D86: [должность,подпись(инициалы,фамилия)]
C88: Составил | D88: =IF(Source!AC12<>"", Source!AC12," ") | I88: =IF(Source!AB12<>"", Source!AB12," ")
D89: [должность,подпись(инициалы,фамилия)]
C91: Проверил | D91: =IF(Source!AE12<>"", Source!AE12," ") | I91: =IF(Source!AD12<>"", Source!AD12," ")
D92: [должность,подпись(инициалы,фамилия)]

Sheet Смета Коммерческая
A1: =Source!B1 -> Smeta.RU (495) 974-1589 | G1: Приложение №1 к Договору №
B3: "СОГЛАСОВАНО" | G3: "УТВЕРЖДАЮ"
B6: =CONCATENATE("______________________ ", IF(Source!AL12<>"", Source!AL12, "")) -> ______________________ | G6: =CONCATENATE("______________________ ", IF(Source!AH12<>"", Source!AH12, "")) -> ______________________
B7: "_____"________________ 2020 г. | G7: "_____"________________ 2020 г.
A11: (наименование стройки)
A13: =CONCATENATE( "ЛОКАЛЬНАЯ СМЕТА № ",IF(Source!F12<>"Новый объект", Source!F12, "")) -> ЛОКАЛЬНАЯ СМЕТА №
A14: (локальный сметный расчет)
A18: =IF(Source!G12<>"Новый объект", Source!G12, "") -> Выходной документ. Тест
A19: (наименование работ и затрат, наименование объекта)
A21: =CONCATENATE( "Основание: чертежи № ", Source!J12) -> Основание: чертежи №
F23: Сметная стоимость | I23: =(Source!F162) -> 4260442.6 | K23: руб.
F24: Строительные работы | I24: =(Source!F148) -> 31780.88 | K24: руб.
F25: Монтажные работы | I25: =(Source!F149) -> 31370.91 | K25: руб.
F26: Оборудование | I26: =(Source!F140) -> 3487217.1 | K26: руб.
F27: Прочие работы | I27: =(Source!F150+Source!F151) -> 0 | K27: руб.
F28: Нормативная трудоемкость | I28: =Source!F153 -> 57.18838 | K28: чел.-ч.
F29: Средства на оплату труда | I29: =(Source!F146+ Source!F145)/1000 -> 15.78737 | K29: руб.
A31: Составлен(а) в уровне текущих (прогнозных) цен ТСНБ-2001 Московской области (редакция 2014 г) ноябрь 2019 года | AK31: Составлен(а) в уровне текущих (прогнозных) цен ТСНБ-2001 Московской области (редакция 2014 г) ноябрь 2019 года
A32: №№ п/п | B32: Шифр расценки и коды ресурсов | C32: Наименование работ и затрат | D32: Единица измерения | E32: Кол-во единиц | F32: Цена работ за единицу | I32: Стоимость работ
F33: Работа | G33: Материалы | H33: Итого за ед. гр. (6+7) | I33: Работа | J33: Материалы | K33: Всего гр.(9+10)
A35: 1 | B35: 2 | C35: 3 | D35: 4 | E35: 5 | F35: 6 | G35: 7 | H35: 8 | I35: 9 | J35: 10 | K35: 11
A37: =CONCATENATE("Локальная смета: ",IF(Source!G20<>"Новая локальная смета", Source!G20, "")) -> Локальная смета: Монтаж оборудования
A39: =CONCATENATE("Раздел: ",IF(Source!G24<>"Новый раздел", Source!G24, "")) -> Раздел: Строение 1
A41: =CONCATENATE("Подраздел: ",IF(Source!G28<>"Новый подраздел", Source!G28, "")) -> Подраздел: Пусковая часть 2
A42: =Source!E32 -> 1 | B42: =Source!F32 -> 06-01-005-4 | C42: Устройство железобетонных фундаментов общего назначения объемом до 5 м3 Объем: 0,0295=(0,15+1,6+1,2)/100 | D42: =Source!H32 -> 100 м3 бетона и железобетона в деле | E42: =Source!I32 -> 0.0295 | F42: =ROUND(ROUND(Source!CT32,2)+ROUND(Source!CR32,2)+ROUND(Source!AT32/100*(ROUND(Source!CT32,2)+ROUND(Source!CS32,2)),2)+ROUND(Source!AU32/100*(ROUND(Source!CT32,2)+ROUND(Source!CS32,2)),2),2) -> 401682.07 | G42: =ROUND(Source!CQ32,2) -> 459793.91 | H42: =ROUND(F42+G42,2) -> 861475.98 | I42: =Source!S32+Source!Q32+Source!X32+Source!Y32 -> 11849.63 | J42: =Source!P32 -> 13563.92 | K42: =ROUND(I42+J42,2) -> 25413.55 | P42: =K42 -> 25413.55
A43: =Source!E33 -> 1,1 | B43: =Source!F33 -> 204-0100 | C43: Горячекатаная арматурная сталь класса А-I, А-II, А-III | D43: =Source!H33 -> т | E43: =Source!I33 -> -0.0295 | G43: =ROUND(Source!CQ33,2) -> 33391.44 | J43: =Source!P33 -> -985.05 | K43: =ROUND(I43+J43,2) -> -985.05 | P43: =K43 -> -985.05
A44: =Source!E34 -> 1,2 | B44: =Source!F34 -> 204-0109 | C44: Горячекатанная арматурная сталь класса А500 С, диаметром 12 мм | D44: =Source!H34 -> т | E44: =Source!I34 -> 0.022 | G44: =ROUND(Source!CQ34,2) -> 29372.4 | J44: =Source!P34 -> 646.19 | K44: =ROUND(I44+J44,2) -> 646.19 | P44: =K44 -> 646.19
A45: =Source!E35 -> 1,3 | B45: =Source!F35 -> 401-0066 | C45: Бетон тяжелый, крупность заполнителя 20 мм, класс В15 (М200) | D45: =Source!H35 -> комплекс работ | E45: =Source!I35 -> -2.99425 | G45: =ROUND(Source!CQ35,2) -> 3990 | J45: =Source!P35 -> -11947.06 | K45: =ROUND(I45+J45,2) -> -11947.06 | P45: =K45 -> -11947.06
A46: =Source!E36 -> 1,4 | B46: =Source!F36 -> Дог Цена | C46: Бетон тяжелый В12,5 F300 с учетом поставки Базисная стоимость: 4 441,25 = [5 225 / 1,2] + 2% Заг.скл | D46: =Source!H36 -> 1 м3 | E46: =Source!I36 -> 3 | G46: =ROUND(Source!CQ36,2) -> 4441.25 | J46: =Source!P36 -> 13323.75 | K46: =ROUND(I46+J46,2) -> 13323.75 | P46: =K46 -> 13323.75
A47: =Source!E37 -> 2 | B47: =Source!F37 -> м37-01-001-3 | C47: Монтаж оборудования без механизмов на открытой площадке, масса оборудования 0,1 т | D47: =Source!H37 -> 1 ШТ. | E47: =Source!I37 -> 2 | F47: =ROUND(ROUND(Source!CT37,2)+ROUND(Source!CR37,2)+ROUND(Source!AT37/100*(ROUND(Source!CT37,2)+ROUND(Source!CS37,2)),2)+ROUND(Source!AU37/100*(ROUND(Source!CT37,2)+ROUND(Source!CS37,2)),2),2) -> 14332.77 | G47: =ROUND(Source!CQ37,2) -> 1352.68 | H47: =ROUND(F47+G47,2) -> 15685.45 | I47: =Source!S37+Source!Q37+Source!X37+Source!Y37 -> 28665.54 | J47: =Source!P37 -> 2705.37 | K47: =ROUND(I47+J47,2) -> 31370.91 | P47: =K47 -> 31370.91
A48: =Source!E38 -> 3 | B48: =Source!F38 -> Поставка | C48: ОБОРУДОВАНИЕ: Станок напольный Базисная стоимость: 1 743 608,54 = [1 988 000 / 1,2] + 4% Трансп + 1,2% Заг.скл | D48: =Source!H38 -> КОМПЛ | E48: =Source!I38 -> 2 | G48: =ROUND(Source!CQ38,2) -> 1743608.5 | J48: =Source!P38 -> 3487217.1 | K48: =ROUND(I48+J48,2) -> 3487217.1 | P48: =K48 -> 3487217.1
A49: =Source!E39 -> 4 | B49: =Source!F39 -> Дог Цена | C49: Бетон тяжелый В12,5 F600 Базисная стоимость: 4 441,25 = [5 225 / 1,2] + 2% Заг.скл | D49: =Source!H39 -> 1 м3 | E49: =Source!I39 -> 1.2 | G49: =ROUND(Source!CQ39,2) -> 4441.25 | J49: =Source!P39 -> 5329.5 | K49: =ROUND(I49+J49,2) -> 5329.5 | P49: =K49 -> 5329.5
A51: =CONCATENATE("Итого по подразделу: ",IF(Source!G41<>"Новый подраздел", Source!G41, "")) -> Итого по подразделу: Пусковая часть 2 | K51: =SUM(P41:P50) -> 3550368.9
A52: Итого по ТСН-2001.16 | J52: =SUM(AD41:AD51) -> 0
A53: Итого возвратных сумм | J53: =SUM(AF41:AF52) -> 0
A55: =CONCATENATE("Итого по разделу: ",IF(Source!G71<>"Новый раздел", Source!G71, "")) -> Итого по разделу: Строение 1 | K55: =SUM(P39:P54) -> 3550368.9
A56: Итого по ТСН-2001.16 | J56: =SUM(AD39:AD55) -> 0
A57: Итого возвратных сумм | J57: =SUM(AF39:AF56) -> 0
A59: =CONCATENATE("Итого по локальной смете: ",IF(Source!G101<>"Новая локальная смета", Source!G101, "")) -> Итого по локальной смете: Монтаж оборудования | K59: =SUM(P37:P58) -> 3550368.9
A60: Итого по ТСН-2001.16 | J60: =SUM(AD37:AD59) -> 0
A61: Итого возвратных сумм | J61: =SUM(AF37:AF60) -> 0
A63: =CONCATENATE("Итого по смете: ",IF(Source!G131<>"Новый объект", Source!G131, "")) -> Итого по смете: Выходной документ. Тест | K63: =SUM(P1:P62) -> 3550368.9
A64: Итого по ТСН-2001.16 | J64: =SUM(AD1:AD63) -> 0
A65: Итого возвратных сумм | J65: =SUM(AF1:AF64) -> 0
C66: =Source!H160 -> Итого по разделам: | I66: =IF(Source!F160=0, "", Source!F160) -> 3550368.9
C67: =Source!H161 -> НДС - 20% | I67: =IF(Source!F161=0, "", Source!F161) -> 710073.77
C68: =Source!H162 -> Всего: | I68: =IF(Source!F162=0, "", Source!F162) -> 4260442.6
A71: Составил | C71: =IF(Source!AC12<>"", Source!AC12," ") | H71: =IF(Source!AB12<>"", Source!AB12," ")
C72: [должность,подпись(инициалы,фамилия)]
A74: Проверил | C74: =IF(Source!AE12<>"", Source!AE12," ") | H74: =IF(Source!AD12<>"", Source!AD12," ")
C75: [должность,подпись(инициалы,фамилия)]

Sheet Source
A1: 0 | B1: Smeta.RU (495) 974-1589 | D1: _PS_ | F1: 0 | G1: 0 | H1: 0 | I1: Smeta.RU | K1: 0 | L1: 23404 | M1: 10 | N1: 11 | O1: 0 | P1: 0 | Q1: 6
A2: разработана форма по тех. заданию Вороненко А. В.
A12: 1 | B12: 193 | C12: 0 | D12: =ROW(A131) -> 131 | E12: 0 | F12: Новый объект | G12: Выходной документ. Тест | I12: 0 | K12: 0 | O12: 0 | P12: 0 | Q12: 0 | R12: 0 | V12: 0 | BH12: Сметные нормы списания | BI12: Коды ценников | BJ12: 1 | BK12: 1 | BL12: 0 | BM12: 0 | BN12: 1 | BO12: 0 | BP12: 6 | BQ12: 2 | BR12: 1 | BS12: 1 | BT12: 0 | BU12: 0 | BV12: 0 | BW12: 0 | BX12: 0 | BY12: ТСНБ-2014 | BZ12: ТР для Версии 10: Центральные регионы (с уч. п-ма 2536-ИП/12/ГС от 27.11.12, 01/57049-ЮЛ от 27.04.2018) от 14.03.2019 г | CA12: ТСНБ-2001 Московской области (редакция 2014 г версия 15.0) | CB12: ТСНБ-2001 Московской области (редакция 2014 г версия 15.0) | CC12: ТСНБ-2001 Московской области (редакция 2014 г версия 15.0) | CD12: ТСНБ-2001 Московской области (редакция 2014 г версия 15.0) | CE12: Поправки для НБ 2014 года от 03.03.2016 ЭТАЛОН | CF12: 0 | CG12: 0 | CH12: 0 | CK12: 1 | EC12: 0
A15: 15 | B15: 1
A18: 52 | B18: =B131 -> 193 | C18: =C131 -> 1 | D18: =D131 -> 12 | E18: =E131 -> 0 | F18: =F131 -> Новый объект | G18: =G131 -> Выходной документ. Тест | O18: =O131 -> 3527006.2 | P18: =P131 -> 3509853.7 | Q18: =Q131 -> 1956.28 | R18: =R131 -> 591.17 | S18: =S131 -> 15196.2 | T18: =T131 -> 0 | U18: =U131 -> 57.18838 | V18: =V131 -> 1.483525 | ... GX18: =GX131 -> 0
A20: 3 | B20: 1 | D20: =ROW(A101) -> 101 | F20: Новая локальная смета | G20: Монтаж оборудования | I20: 0 | K20: -1 | V20: 0 | BX20: 0 | CF20: 0 | CG20: 0
A22: 52 | B22: =B101 -> 1 | C22: =C101 -> 3 | D22: =D101 -> 20 | E22: =E101 -> 0 | F22: =F101 -> Новая локальная смета | G22: =G101 -> Монтаж оборудования | O22: =O101 -> 3527006.2 | P22: =P101 -> 3509853.7 | Q22: =Q101 -> 1956.28 | R22: =R101 -> 591.17 | S22: =S101 -> 15196.2 | T22: =T101 -> 0 | U22: =U101 -> 57.18838 | V22: =V101 -> 1.483525 | ... GX22: =GX101 -> 0
A24: 4 | B24: 1 | D24: =ROW(A71) -> 71 | F24: Новый раздел | G24: Строение 1 | I24: 0 | K24: -1 | V24: 0 | BX24: 0 | CJ24: 0
A26: 52 | B26: =B71 -> 1 | C26: =C71 -> 4 | D26: =D71 -> 24 | E26: =E71 -> 0 | F26: =F71 -> Новый раздел | G26: =G71 -> Строение 1 | O26: =O71 -> 3527006.2 | P26: =P71 -> 3509853.7 | Q26: =Q71 -> 1956.28 | R26: =R71 -> 591.17 | S26: =S71 -> 15196.2 | T26: =T71 -> 0 | U26: =U71 -> 57.18838 | V26: =V71 -> 1.483525 | ... GX26: =GX71 -> 0
A28: 5 | B28: 1 | D28: =ROW(A41) -> 41 | F28: Новый подраздел | G28: Пусковая часть 2 | I28: 0 | K28: 0 | V28: 0 | BX28: 0 | CJ28: 0
A30: 52 | B30: =B41 -> 1 | C30: =C41 -> 5 | D30: =D41 -> 28 | E30: =E41 -> 0 | F30: =F41 -> Новый подраздел | G30: =G41 -> Пусковая часть 2 | O30: =O41 -> 3527006.2 | P30: =P41 -> 3509853.7 | Q30: =Q41 -> 1956.28 | R30: =R41 -> 591.17 | S30: =S41 -> 15196.2 | T30: =T41 -> 0 | U30: =U41 -> 57.18838 | V30: =V41 -> 1.483525 | ... GX30: =GX41 -> 0
A32: 17 | B32: 1 | C32: =ROW(SmtRes!A24) -> 24 | D32: =ROW(EtalonRes!A22) -> 22 | E32: 1 | F32: 06-01-005-4 | G32: Устройство железобетонных фундаментов общего назначения объемом до 5 м3 | H32: 100 м3 бетона и железобетона в деле | I32: =ROUND((0.15+1.6+1.2)/100,9) -> 0.0295 | J32: 0 | O32: =ROUND(CP32,2) -> 18271.43 | P32: =ROUND(CQ32*I32,2) -> 13563.92 | Q32: =ROUND(CR32*I32,2) -> 857.91 | R32: =ROUND(CS32*I32,2) -> 351.65 | S32: =ROUND(CT32*I32,2) -> 3849.6 | T32: =ROUND(CU32*I32,2) -> 0 | U32: =CV32*I32 -> 15.38838 | V32: =CW32*I32 -> 0.883525 | W32: =ROUND(CX32*I32,2) -> 0 | X32: =ROUND(CY32,2) -> 4411.31 | Y32: =ROUND(CZ32,2) -> 2730.81 | AA32: 59844155 | AB32: =ROUND((AC32+AD32+AF32),6) -> 84727.634 | AC32: =ROUND((ES32),6) -> 77146.63 | AD32: =ROUND(((((ET32*1.25))-((EU32*1.25)))+AE32),6) -> 3167.925 | AE32: =ROUND(((EU32*1.25)),6) -> 403.125 | AF32: =ROUND(((EV32*1.15)),6) -> 4413.079 | AG32: =ROUND((AP32),6) -> 0 | AH32: =((EW32*1.15)) -> 521.64 | AI32: =((EX32*1.25)) -> 29.95 | AJ32: =(AS32) -> 0 | AK32: 83518.43 | AL32: 77146.63 | AM32: 2534.34 | AN32: 322.5 | AO32: 3837.46 | AP32: 0 | AQ32: 453.6 | AR32: 23.96 | AS32: 0 | AT32: 105 | AU32: 65 | AV32: 1 | AW32: 1 | AZ32: 1 | BA32: 29.57 | BB32: 9.18 | BC32: 5.96 | BH32: 0 | BI32: 1 | BJ32: ТЕР Московской обл., 06-01-005-4, приказ Минстроя России №675/пр от 28.02.2017 № 260/пр | BM32: 6001 | BN32: 0 | BO32: 06-01-005-4 | BP32: 1 | BQ32: 2 | BR32: 0 | BS32: 29.57 | BT32: 1 | BU32: 1 | BV32: 1 | BW32: 1 | BX32: 1 | BZ32: 105 | CA32: 65 | CE32: 0 | CF32: 0 | CG32: 0 | CM32: 1 | CN32: Поправка: МДС 81-35.2004, п.4.7 Наименование: Работы, выполняемые при реконструкции зданий и сооружений работы, аналогичные технологическим процессам в новом строительстве (в том числе возведение новых конструктивных элементов) стоимость которых определена по соответствующим сборникам ФЕР, кроме сборника № 46 «Работы при реконструкции зданий и сооружений» | CO32: 0 | CP32: =(P32+Q32+S32) -> 18271.43 | CQ32: =AC32*BC32 -> 459793.91 | CR32: =AD32*BB32 -> 29081.552 | CS32: =AE32*BS32 -> 11920.406 | CT32: =AF32*BA32 -> 130494.75 | CU32: =AG32 -> 0 | CV32: =AH32 -> 521.64 | CW32: =AI32 -> 29.95 | CX32: =AJ32 -> 0 | CY32: =(((S32+R32)*AT32)/100) -> 4411.3125 | CZ32: =(((S32+R32)*AU32)/100) -> 2730.8125 | DE32: )*1,25 | DF32: )*1,25 | DG32: )*1,15 | DI32: )*1,15 | DJ32: )*1,25 | DN32: 0 | DO32: 0 | DP32: 1 | DQ32: 1 | DU32: 1013 | DV32: 100 м3 бетона и железобетона в деле | DW32: 100 м3 бетона и железобетона в деле | DX32: 1 | EE32: 57161802 | EF32: 2 | EG32: Общестроительные работы | EH32: 0 | EJ32: 1 | EK32: 6001 | EL32: Монолитные бетонные и железобетонные конструкции в промышленном строительстве | EM32: ФЕР-06 | EO32: Поправка: МДС 81-35.2004, п.4.7 | EQ32: 0 | ER32: 83518.43 | ES32: 77146.63 | ET32: 2534.34 | EU32: 322.5 | EV32: 3837.46 | EW32: 453.6 | EX32: 23.96 | EY32: 0 | FQ32: 0 | FR32: =ROUND(IF(AND(BH32=3,BI32=3),P32,0),2) -> 0 | FS32: 0 | FX32: 105 | FY32: 65 | GD32: 1 | GF32: -1189439932 | GG32: 2 | GH32: 1 | GI32: 2 | GJ32: 0 | GK32: 0 | GL32: =ROUND(IF(AND(BH32=3,BI32=3,FS32<>0),P32,0),2) -> 0 | GM32: =ROUND(O32+X32+Y32,2)+GX32 -> 25413.55 | GN32: =IF(OR(BI32=0,BI32=1),ROUND(O32+X32+Y32,2),0) -> 25413.55 | GO32: =IF(BI32=2,ROUND(O32+X32+Y32,2),0) -> 0 | GP32: =IF(BI32=4,ROUND(O32+X32+Y32,2)+GX32,0) -> 0 | GR32: 0 | GS32: 3 | GT32: 0 | GV32: =ROUND((GT32),6) -> 0 | GW32: 1 | GX32: =ROUND(HC32*I32,2) -> 0 | HA32: 0 | HB32: 0 | HC32: =GV32*GW32 -> 0 | IK32: 0
A33: 18 | B33: 1 | C33: 19 | E33: 1,1 | F33: 204-0100 | G33: Горячекатаная арматурная сталь класса А-I, А-II, А-III | H33: т | I33: =I32*J33 -> -0.0295 | J33: -1 | O33: =ROUND(CP33,2) -> -985.05 | P33: =ROUND(CQ33*I33,2) -> -985.05 | Q33: =ROUND(CR33*I33,2) -> 0 | R33: =ROUND(CS33*I33,2) -> 0 | S33: =ROUND(CT33*I33,2) -> 0 | T33: =ROUND(CU33*I33,2) -> 0 | U33: =CV33*I33 -> 0 | V33: =CW33*I33 -> 0 | W33: =ROUND(CX33*I33,2) -> 0 | X33: =ROUND(CY33,2) -> 0 | Y33: =ROUND(CZ33,2) -> 0 | AA33: 59844155 | AB33: =ROUND((AC33+AD33+AF33),6) -> 5649.99 | AC33: =ROUND((ES33),6) -> 5649.99 | AD33: =ROUND((((ET33)-(EU33))+AE33),6) -> 0 | AE33: =ROUND((EU33),6) -> 0 | AF33: =ROUND((EV33),6) -> 0 | AG33: =ROUND((AP33),6) -> 0 | AH33: =(EW33) -> 0 | AI33: =(EX33) -> 0 | AJ33: =(AS33) -> 0 | AK33: 5649.99 | AL33: 5649.99 | AM33: 0 | AN33: 0 | AO33: 0 | AP33: 0 | AQ33: 0 | AR33: 0 | AS33: 0 | AT33: 105 | AU33: 65 | AV33: 1 | AW33: 1 | AZ33: 1 | BA33: 1 | BB33: 1 | BC33: 5.91 | BH33: 3 | BI33: 1 | BJ33: ТССЦ Московской обл., 204-0100, приказ Минстроя России №675/пр от 28.02.2017 № 255/пр | BM33: 6001 | BN33: 0 | BO33: 204-0100 | BP33: 1 | BQ33: 2 | BR33: 1 | BS33: 1 | BT33: 1 | BU33: 1 | BV33: 1 | BW33: 1 | BX33: 1 | BZ33: 105 | CA33: 65 | CE33: 0 | CF33: 0 | CG33: 0 | CM33: 1 | CO33: 0 | CP33: =(P33+Q33+S33) -> -985.05 | CQ33: =AC33*BC33 -> 33391.441 | CR33: =AD33*BB33 -> 0 | CS33: =AE33*BS33 -> 0 | CT33: =AF33*BA33 -> 0 | CU33: =AG33 -> 0 | CV33: =AH33 -> 0 | CW33: =AI33 -> 0 | CX33: =AJ33 -> 0 | CY33: =(((S33+R33)*AT33)/100) -> 0 | CZ33: =(((S33+R33)*AU33)/100) -> 0 | DN33: 0 | DO33: 0 | DP33: 1 | DQ33: 1 | DU33: 1009 | DV33: т | DW33: т | DX33: 1000 | EE33: 57161802 | EF33: 2 | EG33: Общестроительные работы | EH33: 0 | EJ33: 1 | EK33: 6001 | EL33: Монолитные бетонные и железобетонные конструкции в промышленном строительстве | EM33: ФЕР-06 | EQ33: 0 | ER33: 5649.99 | ES33: 5649.99 | ET33: 0 | EU33: 0 | EV33: 0 | EW33: 0 | EX33: 0 | FQ33: 0 | FR33: =ROUND(IF(AND(BH33=3,BI33=3),P33,0),2) -> 0 | FS33: 0 | FX33: 105 | FY33: 65 | GD33: 1 | GF33: -922545297 | GG33: 2 | GH33: 1 | GI33: 2 | GJ33: 0 | GK33: 0 | GL33: =ROUND(IF(AND(BH33=3,BI33=3,FS33<>0),P33,0),2) -> 0 | GM33: =ROUND(O33+X33+Y33,2)+GX33 -> -985.05 | GN33: =IF(OR(BI33=0,BI33=1),ROUND(O33+X33+Y33,2),0) -> -985.05 | GO33: =IF(BI33=2,ROUND(O33+X33+Y33,2),0) -> 0 | GP33: =IF(BI33=4,ROUND(O33+X33+Y33,2)+GX33,0) -> 0 | GR33: 0 | GS33: 3 | GT33: 0 | GV33: =ROUND((GT33),6) -> 0 | GW33: 1 | GX33: =ROUND(HC33*I33,2) -> 0 | HA33: 0 | HB33: 0 | HC33: =GV33*GW33 -> 0 | IK33: 0
A34: 18 | B34: 1 | C34: 20 | E34: 1,2 | F34: 204-0109 | G34: Горячекатанная арматурная сталь класса А500 С, диаметром 12 мм | H34: т | I34: =I32*J34 -> 0.022 | J34: 0.74576271 | O34: =ROUND(CP34,2) -> 646.19 | P34: =ROUND(CQ34*I34,2) -> 646.19 | Q34: =ROUND(CR34*I34,2) -> 0 | R34: =ROUND(CS34*I34,2) -> 0 | S34: =ROUND(CT34*I34,2) -> 0 | T34: =ROUND(CU34*I34,2) -> 0 | U34: =CV34*I34 -> 0 | V34: =CW34*I34 -> 0 | W34: =ROUND(CX34*I34,2) -> 0.75 | X34: =ROUND(CY34,2) -> 0 | Y34: =ROUND(CZ34,2) -> 0 | AA34: 59844155 | AB34: =ROUND((AC34+AD34+AF34),6) -> 10565.61 | AC34: =ROUND((ES34),6) -> 10565.61 | AD34: =ROUND((((ET34)-(EU34))+AE34),6) -> 0 | AE34: =ROUND((EU34),6) -> 0 | AF34: =ROUND((EV34),6) -> 0 | AG34: =ROUND((AP34),6) -> 0 | AH34: =(EW34) -> 0 | AI34: =(EX34) -> 0 | AJ34: =(AS34) -> 34.17 | AK34: 10565.61 | AL34: 10565.61 | AM34: 0 | AN34: 0 | AO34: 0 | AP34: 0 | AQ34: 0 | AR34: 0 | AS34: 34.17 | AT34: 105 | AU34: 65 | AV34: 1 | AW34: 1 | AZ34: 1 | BA34: 1 | BB34: 1 | BC34: 2.78 | BH34: 3 | BI34: 1 | BJ34: ТССЦ Московской обл., 204-0109, приказ Минстроя России №675/пр от 28.02.2017 № 255/пр | BM34: 6001 | BN34: 0 | BO34: 204-0109 | BP34: 1 | BQ34: 2 | BR34: 0 | BS34: 1 | BT34: 1 | BU34: 1 | BV34: 1 | BW34: 1 | BX34: 1 | BZ34: 105 | CA34: 65 | CE34: 0 | CF34: 0 | CG34: 0 | CM34: 1 | CO34: 0 | CP34: =(P34+Q34+S34) -> 646.19 | CQ34: =AC34*BC34 -> 29372.396 | CR34: =AD34*BB34 -> 0 | CS34: =AE34*BS34 -> 0 | CT34: =AF34*BA34 -> 0 | CU34: =AG34 -> 0 | CV34: =AH34 -> 0 | CW34: =AI34 -> 0 | CX34: =AJ34 -> 34.17 | CY34: =(((S34+R34)*AT34)/100) -> 0 | CZ34: =(((S34+R34)*AU34)/100) -> 0 | DN34: 0 | DO34: 0 | DP34: 1 | DQ34: 1 | DU34: 1009 | DV34: т | DW34: т | DX34: 1000 | EE34: 57161802 | EF34: 2 | EG34: Общестроительные работы | EH34: 0 | EJ34: 1 | EK34: 6001 | EL34: Монолитные бетонные и железобетонные конструкции в промышленном строительстве | EM34: ФЕР-06 | EQ34: 0 | ER34: 10565.61 | ES34: 10565.61 | ET34: 0 | EU34: 0 | EV34: 0 | EW34: 0 | EX34: 0 | FQ34: 0 | FR34: =ROUND(IF(AND(BH34=3,BI34=3),P34,0),2) -> 0 | FS34: 0 | FX34: 105 | FY34: 65 | GD34: 1 | GF34: -114930746 | GG34: 2 | GH34: 1 | GI34: 2 | GJ34: 0 | GK34: 0 | GL34: =ROUND(IF(AND(BH34=3,BI34=3,FS34<>0),P34,0),2) -> 0 | GM34: =ROUND(O34+X34+Y34,2)+GX34 -> 646.19 | GN34: =IF(OR(BI34=0,BI34=1),ROUND(O34+X34+Y34,2),0) -> 646.19 | GO34: =IF(BI34=2,ROUND(O34+X34+Y34,2),0) -> 0 | GP34: =IF(BI34=4,ROUND(O34+X34+Y34,2)+GX34,0) -> 0 | GR34: 0 | GS34: 3 | GT34: 0 | GV34: =ROUND((GT34),6) -> 0 | GW34: 1 | GX34: =ROUND(HC34*I34,2) -> 0 | HA34: 0 | HB34: 0 | HC34: =GV34*GW34 -> 0 | IK34: 0
A35: 18 | B35: 1 | C35: 21 | E35: 1,3 | F35: 401-0066 | G35: Бетон тяжелый, крупность заполнителя 20 мм, класс В15 (М200) | H35: комплекс работ | I35: =I32*J35 -> -2.99425 | J35: -101.5 | O35: =ROUND(CP35,2) -> -11947.06 | P35: =ROUND(CQ35*I35,2) -> -11947.06 | Q35: =ROUND(CR35*I35,2) -> 0 | R35: =ROUND(CS35*I35,2) -> 0 | S35: =ROUND(CT35*I35,2) -> 0 | T35: =ROUND(CU35*I35,2) -> 0 | U35: =CV35*I35 -> 0 | V35: =CW35*I35 -> 0 | W35: =ROUND(CX35*I35,2) -> 0 | X35: =ROUND(CY35,2) -> 0 | Y35: =ROUND(CZ35,2) -> 0 | AA35: 59844155 | AB35: =ROUND((AC35+AD35+AF35),6) -> 665 | AC35: =ROUND((ES35),6) -> 665 | AD35: =ROUND((((ET35)-(EU35))+AE35),6) -> 0 | AE35: =ROUND((EU35),6) -> 0 | AF35: =ROUND((EV35),6) -> 0 | AG35: =ROUND((AP35),6) -> 0 | AH35: =(EW35) -> 0 | AI35: =(EX35) -> 0 | AJ35: =(AS35) -> 0 | AK35: 665 | AL35: 665 | AM35: 0 | AN35: 0 | AO35: 0 | AP35: 0 | AQ35: 0 | AR35: 0 | AS35: 0 | AT35: 105 | AU35: 65 | AV35: 1 | AW35: 1 | AZ35: 1 | BA35: 1 | BB35: 1 | BC35: 6 | BH35: 3 | BI35: 1 | BJ35: ТССЦ Московской обл., 401-0066, приказ Минстроя России №675/пр от 28.02.2017 № 257/пр | BM35: 6001 | BN35: 0 | BO35: 401-0066 | BP35: 1 | BQ35: 2 | BR35: 1 | BS35: 1 | BT35: 1 | BU35: 1 | BV35: 1 | BW35: 1 | BX35: 1 | BZ35: 105 | CA35: 65 | CE35: 0 | CF35: 0 | CG35: 0 | CM35: 1 | CO35: 0 | CP35: =(P35+Q35+S35) -> -11947.06 | CQ35: =AC35*BC35 -> 3990 | CR35: =AD35*BB35 -> 0 | CS35: =AE35*BS35 -> 0 | CT35: =AF35*BA35 -> 0 | CU35: =AG35 -> 0 | CV35: =AH35 -> 0 | CW35: =AI35 -> 0 | CX35: =AJ35 -> 0 | CY35: =(((S35+R35)*AT35)/100) -> 0 | CZ35: =(((S35+R35)*AU35)/100) -> 0 | DN35: 0 | DO35: 0 | DP35: 1 | DQ35: 1 | DU35: 1007 | DV35: комплекс работ | DW35: м3 | DX35: 1 | EE35: 57161802 | EF35: 2 | EG35: Общестроительные работы | EH35: 0 | EJ35: 1 | EK35: 6001 | EL35: Монолитные бетонные и железобетонные конструкции в промышленном строительстве | EM35: ФЕР-06 | EQ35: 0 | ER35: 665 | ES35: 665 | ET35: 0 | EU35: 0 | EV35: 0 | EW35: 0 | EX35: 0 | FQ35: 0 | FR35: =ROUND(IF(AND(BH35=3,BI35=3),P35,0),2) -> 0 | FS35: 0 | FX35: 105 | FY35: 65 | GD35: 1 | GF35: 548345076 | GG35: 2 | GH35: 1 | GI35: 2 | GJ35: 0 | GK35: 0 | GL35: =ROUND(IF(AND(BH35=3,BI35=3,FS35<>0),P35,0),2) -> 0 | GM35: =ROUND(O35+X35+Y35,2)+GX35 -> -11947.06 | GN35: =IF(OR(BI35=0,BI35=1),ROUND(O35+X35+Y35,2),0) -> -11947.06 | GO35: =IF(BI35=2,ROUND(O35+X35+Y35,2),0) -> 0 | GP35: =IF(BI35=4,ROUND(O35+X35+Y35,2)+GX35,0) -> 0 | GR35: 0 | GS35: 3 | GT35: 0 | GV35: =ROUND((GT35),6) -> 0 | GW35: 1 | GX35: =ROUND(HC35*I35,2) -> 0 | HA35: 0 | HB35: 0 | HC35: =GV35*GW35 -> 0 | IK35: 0
A36: 18 | B36: 1 | C36: 24 | E36: 1,4 | F36: Дог Цена | G36: Бетон тяжелый В12,5 F300 с учетом поставки | H36: 1 м3 | I36: =I32*J36 -> 3 | J36: 101.69492 | O36: =ROUND(CP36,2) -> 13323.75 | P36: =ROUND(CQ36*I36,2) -> 13323.75 | Q36: =ROUND(CR36*I36,2) -> 0 | R36: =ROUND(CS36*I36,2) -> 0 | S36: =ROUND(CT36*I36,2) -> 0 | T36: =ROUND(CU36*I36,2) -> 0 | U36: =CV36*I36 -> 0 | V36: =CW36*I36 -> 0 | W36: =ROUND(CX36*I36,2) -> 0 | X36: =ROUND(CY36,2) -> 0 | Y36: =ROUND(CZ36,2) -> 0 | AA36: 59844155 | AB36: =ROUND((AC36+AD36+AF36),6) -> 4441.25 | AC36: =ROUND((ES36),6) -> 4441.25 | AD36: =ROUND((((ET36)-(EU36))+AE36),6) -> 0 | AE36: =ROUND((EU36),6) -> 0 | AF36: =ROUND((EV36),6) -> 0 | AG36: =ROUND((AP36),6) -> 0 | AH36: =(EW36) -> 0 | AI36: =(EX36) -> 0 | AJ36: =(AS36) -> 0 | AK36: 4441.25 | AL36: 4441.25 | AM36: 0 | AN36: 0 | AO36: 0 | AP36: 0 | AQ36: 0 | AR36: 0 | AS36: 0 | AT36: 105 | AU36: 65 | AV36: 1 | AW36: 1 | AZ36: 1 | BA36: 1 | BB36: 1 | BC36: 1 | BH36: 3 | BI36: 1 | BM36: 6001 | BN36: 0 | BP36: 0 | BQ36: 2 | BR36: 0 | BS36: 1 | BT36: 1 | BU36: 1 | BV36: 1 | BW36: 1 | BX36: 1 | BZ36: 105 | CA36: 65 | CE36: 0 | CF36: 0 | CG36: 0 | CM36: 1 | CO36: 0 | CP36: =(P36+Q36+S36) -> 13323.75 | CQ36: =AC36*BC36 -> 4441.25 | CR36: =AD36*BB36 -> 0 | CS36: =AE36*BS36 -> 0 | CT36: =AF36*BA36 -> 0 | CU36: =AG36 -> 0 | CV36: =AH36 -> 0 | CW36: =AI36 -> 0 | CX36: =AJ36 -> 0 | CY36: =(((S36+R36)*AT36)/100) -> 0 | CZ36: =(((S36+R36)*AU36)/100) -> 0 | DN36: 0 | DO36: 0 | DP36: 1 | DQ36: 1 | DU36: 1013 | DV36: 1 м3 | DW36: 1 м3 | DX36: 1 | EE36: 57161802 | EF36: 2 | EG36: Общестроительные работы | EH36: 0 | EJ36: 1 | EK36: 6001 | EL36: Монолитные бетонные и железобетонные конструкции в промышленном строительстве | EM36: ФЕР-06 | EQ36: 0 | ER36: 4441.25 | ES36: 4441.25 | ET36: 0 | EU36: 0 | EV36: 0 | EW36: 0 | EX36: 0 | EZ36: 5 | FC36: 1 | FD36: 18 | FF36: 5225 | FQ36: 0 | FR36: =ROUND(IF(AND(BH36=3,BI36=3),P36,0),2) -> 0 | FS36: 0 | FX36: 105 | FY36: 65 | GA36: [5 225 / 1,2] + 2% Заг.скл | GD36: 1 | GF36: -1565119468 | GG36: 2 | GH36: 3 | GI36: -2 | GJ36: 0 | GK36: 0 | GL36: =ROUND(IF(AND(BH36=3,BI36=3,FS36<>0),P36,0),2) -> 0 | GM36: =ROUND(O36+X36+Y36,2)+GX36 -> 13323.75 | GN36: =IF(OR(BI36=0,BI36=1),ROUND(O36+X36+Y36,2),0) -> 13323.75 | GO36: =IF(BI36=2,ROUND(O36+X36+Y36,2),0) -> 0 | GP36: =IF(BI36=4,ROUND(O36+X36+Y36,2)+GX36,0) -> 0 | GR36: 1 | GS36: 1 | GT36: 0 | GV36: =ROUND((GT36),6) -> 0 | GW36: 1 | GX36: =ROUND(HC36*I36,2) -> 0 | HA36: 0 | HB36: 0 | HC36: =GV36*GW36 -> 0 | IK36: 0
A37: 17 | B37: 1 | C37: =ROW(SmtRes!A37) -> 37 | D37: =ROW(EtalonRes!A35) -> 35 | E37: 2 | F37: м37-01-001-3 | G37: Монтаж оборудования без механизмов на открытой площадке, масса оборудования 0,1 т | H37: 1 ШТ. | I37: 2 | J37: 0 | O37: =ROUND(CP37,2) -> 15150.34 | P37: =ROUND(CQ37*I37,2) -> 2705.37 | Q37: =ROUND(CR37*I37,2) -> 1098.37 | R37: =ROUND(CS37*I37,2) -> 239.52 | S37: =ROUND(CT37*I37,2) -> 11346.6 | T37: =ROUND(CU37*I37,2) -> 0 | U37: =CV37*I37 -> 41.8 | V37: =CW37*I37 -> 0.6 | W37: =ROUND(CX37*I37,2) -> 0 | X37: =ROUND(CY37,2) -> 9268.9 | Y37: =ROUND(CZ37,2) -> 6951.67 | AA37: 59844155 | AB37: =ROUND((AC37+AD37+AF37),6) -> 518.99 | AC37: =ROUND((ES37),6) -> 246.84 | AD37: =ROUND((((ET37)-(EU37))+AE37),6) -> 80.29 | AE37: =ROUND((EU37),6) -> 4.05 | AF37: =ROUND((EV37),6) -> 191.86 | AG37: =ROUND((AP37),6) -> 0 | AH37: =(EW37) -> 20.9 | AI37: =(EX37) -> 0.3 | AJ37: =(AS37) -> 0 | AK37: 518.99 | AL37: 246.84 | AM37: 80.29 | AN37: 4.05 | AO37: 191.86 | AP37: 0 | AQ37: 20.9 | AR37: 0.3 | AS37: 0 | AT37: 80 | AU37: 60 | AV37: 1 | AW37: 1 | AZ37: 1 | BA37: 29.57 | BB37: 6.84 | BC37: 5.48 | BH37: 0 | BI37: 2 | BJ37: ТЕРм Московской обл., м37-01-001-3, приказ Минстроя России №675/пр от 28.02.2017 № 259/пр | BM37: 137001 | BN37: 0 | BO37: м37-01-001-3 | BP37: 1 | BQ37: 3 | BR37: 0 | BS37: 29.57 | BT37: 1 | BU37: 1 | BV37: 1 | BW37: 1 | BX37: 1 | BZ37: 80 | CA37: 60 | CE37: 0 | CF37: 0 | CG37: 0 | CM37: 1 | CO37: 0 | CP37: =(P37+Q37+S37) -> 15150.34 | CQ37: =AC37*BC37 -> 1352.6832 | CR37: =AD37*BB37 -> 549.1836 | CS37: =AE37*BS37 -> 119.7585 | CT37: =AF37*BA37 -> 5673.3002 | CU37: =AG37 -> 0 | CV37: =AH37 -> 20.9 | CW37: =AI37 -> 0.3 | CX37: =AJ37 -> 0 | CY37: =(((S37+R37)*AT37)/100) -> 9268.896 | CZ37: =(((S37+R37)*AU37)/100) -> 6951.672 | DN37: 0 | DO37: 0 | DP37: 1 | DQ37: 1 | DU37: 1013 | DV37: 1 ШТ. | DW37: 1 ШТ. | DX37: 1 | EE37: 57161734 | EF37: 3 | EG37: Монтажные работы | EH37: 0 | EJ37: 2 | EK37: 137001 | EL37: Оборудование общего назначения | EM37: мФЕР-37 | EQ37: 0 | ER37: 518.99 | ES37: 246.84 | ET37: 80.29 | EU37: 4.05 | EV37: 191.86 | EW37: 20.9 | EX37: 0.3 | EY37: 0 | FQ37: 0 | FR37: =ROUND(IF(AND(BH37=3,BI37=3),P37,0),2) -> 0 | FS37: 0 | FX37: 80 | FY37: 60 | GD37: 1 | GF37: 76812429 | GG37: 2 | GH37: 1 | GI37: 2 | GJ37: 0 | GK37: 0 | GL37: =ROUND(IF(AND(BH37=3,BI37=3,FS37<>0),P37,0),2) -> 0 | GM37: =ROUND(O37+X37+Y37,2)+GX37 -> 31370.91 | GN37: =IF(OR(BI37=0,BI37=1),ROUND(O37+X37+Y37,2),0) -> 0 | GO37: =IF(BI37=2,ROUND(O37+X37+Y37,2),0) -> 31370.91 | GP37: =IF(BI37=4,ROUND(O37+X37+Y37,2)+GX37,0) -> 0 | GR37: 0 | GS37: 3 | GT37: 0 | GV37: =ROUND((GT37),6) -> 0 | GW37: 1 | GX37: =ROUND(HC37*I37,2) -> 0 | HA37: 0 | HB37: 0 | HC37: =GV37*GW37 -> 0 | IK37: 0
A38: 17 | B38: 1 | E38: 3 | F38: Поставка | G38: Станок напольный | H38: КОМПЛ | I38: 2 | J38: 0 | O38: =ROUND(CP38,2) -> 3487217.1 | P38: =ROUND(CQ38*I38,2) -> 3487217.1 | Q38: =ROUND(CR38*I38,2) -> 0 | R38: =ROUND(CS38*I38,2) -> 0 | S38: =ROUND(CT38*I38,2) -> 0 | T38: =ROUND(CU38*I38,2) -> 0 | U38: =CV38*I38 -> 0 | V38: =CW38*I38 -> 0 | W38: =ROUND(CX38*I38,2) -> 0 | X38: =ROUND(CY38,2) -> 0 | Y38: =ROUND(CZ38,2) -> 0 | AA38: 59844155 | AB38: =ROUND((AC38+AD38+AF38),6) -> 1743608.5 | AC38: =ROUND((ES38),6) -> 1743608.5 | AD38: =ROUND((((ET38)-(EU38))+AE38),6) -> 0 | AE38: =ROUND((EU38),6) -> 0 | AF38: =ROUND((EV38),6) -> 0 | AG38: =ROUND((AP38),6) -> 0 | AH38: =(EW38) -> 0 | AI38: =(EX38) -> 0 | AJ38: =(AS38) -> 0 | AK38: 1743608.5 | AL38: 1743608.5 | AM38: 0 | AN38: 0 | AO38: 0 | AP38: 0 | AQ38: 0 | AR38: 0 | AS38: 0 | AT38: 0 | AU38: 0 | AV38: 1 | AW38: 1 | AZ38: 1 | BA38: 1 | BB38: 1 | BC38: 1 | BH38: 3 | BI38: 3 | BM38: 100 | BN38: 0 | BP38: 0 | BQ38: 5 | BR38: 0 | BS38: 1 | BT38: 1 | BU38: 1 | BV38: 1 | BW38: 1 | BX38: 1 | BZ38: 0 | CA38: 0 | CE38: 0 | CF38: 0 | CG38: 0 | CM38: 1 | CO38: 0 | CP38: =(P38+Q38+S38) -> 3487217.1 | CQ38: =AC38*BC38 -> 1743608.5 | CR38: =AD38*BB38 -> 0 | CS38: =AE38*BS38 -> 0 | CT38: =AF38*BA38 -> 0 | CU38: =AG38 -> 0 | CV38: =AH38 -> 0 | CW38: =AI38 -> 0 | CX38: =AJ38 -> 0 | CY38: =0 -> 0 | CZ38: =0 -> 0 | DN38: 0 | DO38: 0 | DP38: 1 | DQ38: 1 | DU38: 1013 | DV38: КОМПЛ | DW38: КОМПЛ | DX38: 1 | EE38: 57161983 | EF38: 5 | EG38: оборудование | EH38: 0 | EJ38: 3 | EK38: 100 | EL38: Оборудование | EM38: оборудование (03) | EQ38: 0 | ER38: 1743608.5 | ES38: 1743608.5 | ET38: 0 | EU38: 0 | EV38: 0 | EW38: 0 | EX38: 0 | EY38: 0 | EZ38: 5 | FC38: 1 | FD38: 18 | FF38: 1988000 | FQ38: 0 | FR38: =ROUND(IF(AND(BH38=3,BI38=3),P38,0),2) -> 3487217.1 | FS38: 0 | FX38: 0 | FY38: 0 | GA38: [1 988 000 / 1,2] + 4% Трансп + 1,2% Заг.скл | GD38: 1 | GF38: -1476099311 | GG38: 2 | GH38: 3 | GI38: -2 | GJ38: 0 | GK38: 0 | GL38: =ROUND(IF(AND(BH38=3,BI38=3,FS38<>0),P38,0),2) -> 0 | GM38: =ROUND(O38+X38+Y38,2)+GX38 -> 3487217.1 | GN38: =IF(OR(BI38=0,BI38=1),ROUND(O38+X38+Y38,2),0) -> 0 | GO38: =IF(BI38=2,ROUND(O38+X38+Y38,2),0) -> 0 | GP38: =IF(BI38=4,ROUND(O38+X38+Y38,2)+GX38,0) -> 0 | GR38: 1 | GS38: 1 | GT38: 0 | GV38: =ROUND((GT38),6) -> 0 | GW38: 1 | GX38: =ROUND(HC38*I38,2) -> 0 | HA38: 0 | HB38: 0 | HC38: =GV38*GW38 -> 0 | IK38: 0
A39: 17 | B39: 1 | E39: 4 | F39: Дог Цена | G39: Бетон тяжелый В12,5 F600 | H39: 1 м3 | I39: 1.2 | J39: 0 | O39: =ROUND(CP39,2) -> 5329.5 | P39: =ROUND(CQ39*I39,2) -> 5329.5 | Q39: =ROUND(CR39*I39,2) -> 0 | R39: =ROUND(CS39*I39,2) -> 0 | S39: =ROUND(CT39*I39,2) -> 0 | T39: =ROUND(CU39*I39,2) -> 0 | U39: =CV39*I39 -> 0 | V39: =CW39*I39 -> 0 | W39: =ROUND(CX39*I39,2) -> 0 | X39: =ROUND(CY39,2) -> 0 | Y39: =ROUND(CZ39,2) -> 0 | AA39: 59844155 | AB39: =ROUND((AC39+AD39+AF39),6) -> 4441.25 | AC39: =ROUND((ES39),6) -> 4441.25 | AD39: =ROUND((((ET39)-(EU39))+AE39),6) -> 0 | AE39: =ROUND((EU39),6) -> 0 | AF39: =ROUND((EV39),6) -> 0 | AG39: =ROUND((AP39),6) -> 0 | AH39: =(EW39) -> 0 | AI39: =(EX39) -> 0 | AJ39: =(AS39) -> 0 | AK39: 4441.25 | AL39: 4441.25 | AM39: 0 | AN39: 0 | AO39: 0 | AP39: 0 | AQ39: 0 | AR39: 0 | AS39: 0 | AT39: 105 | AU39: 65 | AV39: 1 | AW39: 1 | AZ39: 1 | BA39: 1 | BB39: 1 | BC39: 1 | BH39: 3 | BI39: 1 | BM39: 6001 | BN39: 0 | BP39: 0 | BQ39: 2 | BR39: 0 | BS39: 1 | BT39: 1 | BU39: 1 | BV39: 1 | BW39: 1 | BX39: 1 | BZ39: 105 | CA39: 65 | CE39: 0 | CF39: 0 | CG39: 0 | CM39: 1 | CO39: 0 | CP39: =(P39+Q39+S39) -> 5329.5 | CQ39: =AC39*BC39 -> 4441.25 | CR39: =AD39*BB39 -> 0 | CS39: =AE39*BS39 -> 0 | CT39: =AF39*BA39 -> 0 | CU39: =AG39 -> 0 | CV39: =AH39 -> 0 | CW39: =AI39 -> 0 | CX39: =AJ39 -> 0 | CY39: =(((S39+R39)*AT39)/100) -> 0 | CZ39: =(((S39+R39)*AU39)/100) -> 0 | DN39: 0 | DO39: 0 | DP39: 1 | DQ39: 1 | DU39: 1013 | DV39: 1 м3 | DW39: 1 м3 | DX39: 1 | EE39: 57161802 | EF39: 2 | EG39: Общестроительные работы | EH39: 0 | EJ39: 1 | EK39: 6001 | EL39: Монолитные бетонные и железобетонные конструкции в промышленном строительстве | EM39: ФЕР-06 | EQ39: 0 | ER39: 4441.25 | ES39: 4441.25 | ET39: 0 | EU39: 0 | EV39: 0 | EW39: 0 | EX39: 0 | EY39: 0 | EZ39: 5 | FC39: 1 | FD39: 18 | FF39: 5225 | FQ39: 0 | FR39: =ROUND(IF(AND(BH39=3,BI39=3),P39,0),2) -> 0 | FS39: 0 | FX39: 105 | FY39: 65 | GA39: [5 225 / 1,2] + 2% Заг.скл | GD39: 1 | GF39: 1914384334 | GG39: 2 | GH39: 3 | GI39: -2 | GJ39: 0 | GK39: 0 | GL39: =ROUND(IF(AND(BH39=3,BI39=3,FS39<>0),P39,0),2) -> 0 | GM39: =ROUND(O39+X39+Y39,2)+GX39 -> 5329.5 | GN39: =IF(OR(BI39=0,BI39=1),ROUND(O39+X39+Y39,2),0) -> 5329.5 | GO39: =IF(BI39=2,ROUND(O39+X39+Y39,2),0) -> 0 | GP39: =IF(BI39=4,ROUND(O39+X39+Y39,2)+GX39,0) -> 0 | GR39: 1 | GS39: 1 | GT39: 0 | GV39: =ROUND((GT39),6) -> 0 | GW39: 1 | GX39: =ROUND(HC39*I39,2) -> 0 | HA39: 0 | HB39: 0 | HC39: =GV39*GW39 -> 0 | IK39: 0
A41: 51 | B41: =B28 -> 1 | C41: =A28 -> 5 | D41: =ROW(A28) -> 28 | F41: =IF(F28<>"",F28,"") -> Новый подраздел | G41: =IF(G28<>"",G28,"") -> Пусковая часть 2 | H41: 0 | O41: =ROUND(AB41,2) -> 3527006.2 | P41: =ROUND(AC41,2) -> 3509853.7 | Q41: =ROUND(AD41,2) -> 1956.28 | R41: =ROUND(AE41,2) -> 591.17 | S41: =ROUND(AF41,2) -> 15196.2 | T41: =ROUND(AG41,2) -> 0 | U41: =AH41 -> 57.18838 | V41: =AI41 -> 1.483525 | W41: =ROUND(AJ41,2) -> 0.75 | X41: =ROUND(AK41,2) -> 13680.21 | Y41: =ROUND(AL41,2) -> 9682.48 | AB41: =ROUND(SUMIF(AA32:AA39,"=59844155",O32:O39),2) -> 3527006.2 | AC41: =ROUND(SUMIF(AA32:AA39,"=59844155",P32:P39),2) -> 3509853.7 | AD41: =ROUND(SUMIF(AA32:AA39,"=59844155",Q32:Q39),2) -> 1956.28 | AE41: =ROUND(SUMIF(AA32:AA39,"=59844155",R32:R39),2) -> 591.17 | AF41: =ROUND(SUMIF(AA32:AA39,"=59844155",S32:S39),2) -> 15196.2 | AG41: =ROUND(SUMIF(AA32:AA39,"=59844155",T32:T39),2) -> 0 | AH41: =SUMIF(AA32:AA39,"=59844155",U32:U39) -> 57.18838 | AI41: =SUMIF(AA32:AA39,"=59844155",V32:V39) -> 1.483525 | AJ41: =ROUND(SUMIF(AA32:AA39,"=59844155",W32:W39),2) -> 0.75 | AK41: =ROUND(SUMIF(AA32:AA39,"=59844155",X32:X39),2) -> 13680.21 | AL41: =ROUND(SUMIF(AA32:AA39,"=59844155",Y32:Y39),2) -> 9682.48 | AO41: =ROUND(BX41,2) -> 0 | AP41: =ROUND(BY41,2) -> 3487217.1 | AQ41: =ROUND(BZ41,2) -> 0 | AR41: =ROUND(CA41,2) -> 3550368.9 | AS41: =ROUND(CB41,2) -> 31780.88 | AT41: =ROUND(CC41,2) -> 31370.91 | AU41: =ROUND(CD41,2) -> 0 | AV41: =ROUND(CE41,2) -> 3509853.7 | ... BD41: =ROUND(CM41,2) -> 0 | BX41: =ROUND(SUMIF(AA32:AA39,"=59844155",FQ32:FQ39),2) -> 0 | BY41: =ROUND(SUMIF(AA32:AA39,"=59844155",FR32:FR39),2) -> 3487217.1 | BZ41: =ROUND(SUMIF(AA32:AA39,"=59844155",GL32:GL39),2) -> 0 | CA41: =ROUND(SUMIF(AA32:AA39,"=59844155",GM32:GM39),2) -> 3550368.9 | CB41: =ROUND(SUMIF(AA32:AA39,"=59844155",GN32:GN39),2) -> 31780.88 | CC41: =ROUND(SUMIF(AA32:AA39,"=59844155",GO32:GO39),2) -> 31370.91 | CD41: =ROUND(SUMIF(AA32:AA39,"=59844155",GP32:GP39),2) -> 0 | CE41: =AC41-BX41 -> 3509853.7 | CF41: =AC41-BY41 -> 22636.62 | CG41: =BX41-BZ41 -> 0 | CH41: =AC41-BX41-BY41+BZ41 -> 22636.62 | CI41: =BY41-BZ41 -> 3487217.1 | CJ41: =ROUND(SUMIF(AA32:AA39,"=59844155",GX32:GX39),2) -> 0 | CK41: =ROUND(SUMIF(AA32:AA39,"=59844155",GY32:GY39),2) -> 0 | CL41: =ROUND(SUMIF(AA32:AA39,"=59844155",GZ32:GZ39),2) -> 0 | CM41: =ROUND(SUMIF(AA32:AA39,"=59844155",HD32:HD39),2) -> 0 | GX41: 0
A43: 50 | B43: 0 | C43: 0 | D43: 1 | E43: 201 | F43: =ROUND(Source!O41,O43) -> 3527006.2 | G43: ПЗ | H43: Прямые затраты | K43: 201 | L43: 1 | M43: 3 | O43: 2
A44: 50 | B44: 0 | C44: 0 | D44: 1 | E44: 202 | F44: =ROUND(Source!P41,O44) -> 3509853.7 | G44: СтМатОб | H44: Стоимость материальных ресурсов (всего) | K44: 202 | L44: 2 | M44: 3 | O44: 2
A45: 50 | B45: 0 | C45: 0 | D45: 1 | E45: 222 | F45: =ROUND(Source!AO41,O45) -> 0 | G45: СтМатОбЗак | H45: Стоимость материалов и оборудования заказчика | K45: 222 | L45: 3 | M45: 3 | O45: 2
A46: 50 | B46: 0 | C46: 0 | D46: 1 | E46: 225 | F46: =ROUND(Source!AV41,O46) -> 3509853.7 | G46: СтМатОбПод | H46: Стоимость материалов и оборудования подрядчика | K46: 225 | L46: 4 | M46: 3 | O46: 2
A47: 50 | B47: 0 | C47: 0 | D47: 1 | E47: 226 | F47: =ROUND(Source!AW41,O47) -> 22636.62 | G47: СтМат | H47: Стоимость материалов (всего) | K47: 226 | L47: 5 | M47: 3 | O47: 2
A48: 50 | B48: 0 | C48: 0 | D48: 1 | E48: 227 | F48: =ROUND(Source!AX41,O48) -> 0 | G48: СтМатЗак | H48: Стоимость материалов заказчика | K48: 227 | L48: 6 | M48: 3 | O48: 2
A49: 50 | B49: 0 | C49: 0 | D49: 1 | E49: 228 | F49: =ROUND(Source!AY41,O49) -> 22636.62 | G49: СтМатПод | H49: Стоимость материалов подрядчика | K49: 228 | L49: 7 | M49: 3 | O49: 2
A50: 50 | B50: 0 | C50: 0 | D50: 1 | E50: 216 | F50: =ROUND(Source!AP41,O50) -> 3487217.1 | G50: Оборуд | H50: Стоимость оборудования (всего) | K50: 216 | L50: 8 | M50: 3 | O50: 2
A51: 50 | B51: 0 | C51: 0 | D51: 1 | E51: 223 | F51: =ROUND(Source!AQ41,O51) -> 0 | G51: ОборудЗак | H51: Стоимость оборудования заказчика | K51: 223 | L51: 9 | M51: 3 | O51: 2
A52: 50 | B52: 0 | C52: 0 | D52: 1 | E52: 229 | F52: =ROUND(Source!AZ41,O52) -> 3487217.1 | G52: ОборудПод | H52: Стоимость оборудования подрядчика | K52: 229 | L52: 10 | M52: 3 | O52: 2
A53: 50 | B53: 0 | C53: 0 | D53: 1 | E53: 203 | F53: =ROUND(Source!Q41,O53) -> 1956.28 | G53: ЭММ | H53: Эксплуатация машин | K53: 203 | L53: 11 | M53: 3 | O53: 2
A54: 50 | B54: 0 | C54: 0 | D54: 1 | E54: 231 | F54: =ROUND(Source!BB41,O54) -> 0 | G54: ЭММсНРиСП | H54: Эксплуатация машин по ТСН-2001.16 | K54: 231 | L54: 12 | M54: 3 | O54: 2
A55: 50 | B55: 0 | C55: 0 | D55: 1 | E55: 204 | F55: =ROUND(Source!R41,O55) -> 591.17 | G55: ЗПМ | H55: ЗП машинистов | K55: 204 | L55: 13 | M55: 3 | O55: 2
A56: 50 | B56: 0 | C56: 0 | D56: 1 | E56: 205 | F56: =ROUND(Source!S41,O56) -> 15196.2 | G56: ОЗП | H56: Основная ЗП рабочих | K56: 205 | L56: 14 | M56: 3 | O56: 2
A57: 50 | B57: 0 | C57: 0 | D57: 1 | E57: 232 | F57: =ROUND(Source!BC41,O57) -> 0 | G57: ОЗПсНРиСП | H57: Основная ЗП рабочих по ТСН-2001.16 | K57: 232 | L57: 15 | M57: 3 | O57: 2
A58: 50 | B58: 0 | C58: 0 | D58: 1 | E58: 214 | F58: =ROUND(Source!AS41,O58) -> 31780.88 | G58: Строит | H58: Строительные работы с НР и СП | K58: 214 | L58: 16 | M58: 3 | O58: 2
A59: 50 | B59: 0 | C59: 0 | D59: 1 | E59: 215 | F59: =ROUND(Source!AT41,O59) -> 31370.91 | G59: Монтаж | H59: Монтажные работы с НР и СП | K59: 215 | L59: 17 | M59: 3 | O59: 2
A60: 50 | B60: 0 | C60: 0 | D60: 1 | E60: 217 | F60: =ROUND(Source!AU41,O60) -> 0 | G60: Прочие | H60: Прочие работы с НР и СП | K60: 217 | L60: 18 | M60: 3 | O60: 2
A61: 50 | B61: 0 | C61: 0 | D61: 1 | E61: 230 | F61: =ROUND(Source!BA41,O61) -> 0 | G61: ПрочиеЗатр | H61: Прочие затраты по ТСН-2001.16 | K61: 230 | L61: 19 | M61: 3 | O61: 2
A62: 50 | B62: 0 | C62: 0 | D62: 1 | E62: 206 | F62: =ROUND(Source!T41,O62) -> 0 | G62: ВозврМат | H62: Возврат материалов | K62: 206 | L62: 20 | M62: 3 | O62: 2
A63: 50 | B63: 0 | C63: 0 | D63: 1 | E63: 207 | F63: =Source!U41 -> 57.18838 | G63: ТрудСтр | H63: Трудозатраты строителей | K63: 207 | L63: 21 | M63: 3 | O63: -1
A64: 50 | B64: 0 | C64: 0 | D64: 1 | E64: 208 | F64: =Source!V41 -> 1.483525 | G64: ТрудМаш | H64: Трудозатраты машинистов | K64: 208 | L64: 22 | M64: 3 | O64: -1
A65: 50 | B65: 0 | C65: 0 | D65: 1 | E65: 209 | F65: =ROUND(Source!W41,O65) -> 0.75 | G65: ТранспМат | H65: Транспорт материалов | K65: 209 | L65: 23 | M65: 3 | O65: 2
A66: 50 | B66: 0 | C66: 0 | D66: 1 | E66: 233 | F66: =ROUND(Source!BD41,O66) -> 0 | G66: Перевозка | H66: Перевозка грузов | K66: 233 | L66: 24 | M66: 3 | O66: 2
A67: 50 | B67: 0 | C67: 0 | D67: 1 | E67: 210 | F67: =ROUND(Source!X41,O67) -> 13680.21 | G67: НР | H67: Накладные расходы | K67: 210 | L67: 25 | M67: 3 | O67: 2
A68: 50 | B68: 0 | C68: 0 | D68: 1 | E68: 211 | F68: =ROUND(Source!Y41,O68) -> 9682.48 | G68: СмПриб | H68: Сметная прибыль | K68: 211 | L68: 26 | M68: 3 | O68: 2
A69: 50 | B69: 0 | C69: 0 | D69: 1 | E69: 224 | F69: =ROUND(Source!AR41,O69) -> 3550368.9 | G69: Всего | H69: Всего с НР и СП | K69: 224 | L69: 27 | M69: 3 | O69: 2
A71: 51 | B71: =B24 -> 1 | C71: =A24 -> 4 | D71: =ROW(A24) -> 24 | F71: =IF(F24<>"",F24,"") -> Новый раздел | G71: =IF(G24<>"",G24,"") -> Строение 1 | H71: 0 | O71: =ROUND(O41+AB71,2) -> 3527006.2 | P71: =ROUND(P41+AC71,2) -> 3509853.7 | Q71: =ROUND(Q41+AD71,2) -> 1956.28 | R71: =ROUND(R41+AE71,2) -> 591.17 | S71: =ROUND(S41+AF71,2) -> 15196.2 | T71: =ROUND(T41+AG71,2) -> 0 | U71: =U41+AH71 -> 57.18838 | V71: =V41+AI71 -> 1.483525 | W71: =ROUND(W41+AJ71,2) -> 0.75 | X71: =ROUND(X41+AK71,2) -> 13680.21 | Y71: =ROUND(Y41+AL71,2) -> 9682.48 | AO71: =ROUND(AO41+BX71,2) -> 0 | AP71: =ROUND(AP41+BY71,2) -> 3487217.1 | AQ71: =ROUND(AQ41+BZ71,2) -> 0 | AR71: =ROUND(AR41+CA71,2) -> 3550368.9 | AS71: =ROUND(AS41+CB71,2) -> 31780.88 | AT71: =ROUND(AT41+CC71,2) -> 31370.91 | AU71: =ROUND(AU41+CD71,2) -> 0 | AV71: =ROUND(AV41+CE71,2) -> 3509853.7 | ... BD71: =ROUND(BD41+CM71,2) -> 0 | GX71: 0
A73: 50 | B73: 0 | C73: 0 | D73: 1 | E73: 201 | F73: =ROUND(Source!O71,O73) -> 3527006.2 | G73: ПЗ | H73: Прямые затраты | K73: 201 | L73: 1 | M73: 3 | O73: 2
A74: 50 | B74: 0 | C74: 0 | D74: 1 | E74: 202 | F74: =ROUND(Source!P71,O74) -> 3509853.7 | G74: СтМатОб | H74: Стоимость материальных ресурсов (всего) | K74: 202 | L74: 2 | M74: 3 | O74: 2
A75: 50 | B75: 0 | C75: 0 | D75: 1 | E75: 222 | F75: =ROUND(Source!AO71,O75) -> 0 | G75: СтМатОбЗак | H75: Стоимость материалов и оборудования заказчика | K75: 222 | L75: 3 | M75: 3 | O75: 2
A76: 50 | B76: 0 | C76: 0 | D76: 1 | E76: 225 | F76: =ROUND(Source!AV71,O76) -> 3509853.7 | G76: СтМатОбПод | H76: Стоимость материалов и оборудования подрядчика | K76: 225 | L76: 4 | M76: 3 | O76: 2
A77: 50 | B77: 0 | C77: 0 | D77: 1 | E77: 226 | F77: =ROUND(Source!AW71,O77) -> 22636.62 | G77: СтМат | H77: Стоимость материалов (всего) | K77: 226 | L77: 5 | M77: 3 | O77: 2
A78: 50 | B78: 0 | C78: 0 | D78: 1 | E78: 227 | F78: =ROUND(Source!AX71,O78) -> 0 | G78: СтМатЗак | H78: Стоимость материалов заказчика | K78: 227 | L78: 6 | M78: 3 | O78: 2
A79: 50 | B79: 0 | C79: 0 | D79: 1 | E79: 228 | F79: =ROUND(Source!AY71,O79) -> 22636.62 | G79: СтМатПод | H79: Стоимость материалов подрядчика | K79: 228 | L79: 7 | M79: 3 | O79: 2
A80: 50 | B80: 0 | C80: 0 | D80: 1 | E80: 216 | F80: =ROUND(Source!AP71,O80) -> 3487217.1 | G80: Оборуд | H80: Стоимость оборудования (всего) | K80: 216 | L80: 8 | M80: 3 | O80: 2
A81: 50 | B81: 0 | C81: 0 | D81: 1 | E81: 223 | F81: =ROUND(Source!AQ71,O81) -> 0 | G81: ОборудЗак | H81: Стоимость оборудования заказчика | K81: 223 | L81: 9 | M81: 3 | O81: 2
A82: 50 | B82: 0 | C82: 0 | D82: 1 | E82: 229 | F82: =ROUND(Source!AZ71,O82) -> 3487217.1 | G82: ОборудПод | H82: Стоимость оборудования подрядчика | K82: 229 | L82: 10 | M82: 3 | O82: 2
A83: 50 | B83: 0 | C83: 0 | D83: 1 | E83: 203 | F83: =ROUND(Source!Q71,O83) -> 1956.28 | G83: ЭММ | H83: Эксплуатация машин | K83: 203 | L83: 11 | M83: 3 | O83: 2
A84: 50 | B84: 0 | C84: 0 | D84: 1 | E84: 231 | F84: =ROUND(Source!BB71,O84) -> 0 | G84: ЭММсНРиСП | H84: Эксплуатация машин по ТСН-2001.16 | K84: 231 | L84: 12 | M84: 3 | O84: 2
A85: 50 | B85: 0 | C85: 0 | D85: 1 | E85: 204 | F85: =ROUND(Source!R71,O85) -> 591.17 | G85: ЗПМ | H85: ЗП машинистов | K85: 204 | L85: 13 | M85: 3 | O85: 2
A86: 50 | B86: 0 | C86: 0 | D86: 1 | E86: 205 | F86: =ROUND(Source!S71,O86) -> 15196.2 | G86: ОЗП | H86: Основная ЗП рабочих | K86: 205 | L86: 14 | M86: 3 | O86: 2
A87: 50 | B87: 0 | C87: 0 | D87: 1 | E87: 232 | F87: =ROUND(Source!BC71,O87) -> 0 | G87: ОЗПсНРиСП | H87: Основная ЗП рабочих по ТСН-2001.16 | K87: 232 | L87: 15 | M87: 3 | O87: 2
A88: 50 | B88: 0 | C88: 0 | D88: 1 | E88: 214 | F88: =ROUND(Source!AS71,O88) -> 31780.88 | G88: Строит | H88: Строительные работы с НР и СП | K88: 214 | L88: 16 | M88: 3 | O88: 2
A89: 50 | B89: 0 | C89: 0 | D89: 1 | E89: 215 | F89: =ROUND(Source!AT71,O89) -> 31370.91 | G89: Монтаж | H89: Монтажные работы с НР и СП | K89: 215 | L89: 17 | M89: 3 | O89: 2
A90: 50 | B90: 0 | C90: 0 | D90: 1 | E90: 217 | F90: =ROUND(Source!AU71,O90) -> 0 | G90: Прочие | H90: Прочие работы с НР и СП | K90: 217 | L90: 18 | M90: 3 | O90: 2
A91: 50 | B91: 0 | C91: 0 | D91: 1 | E91: 230 | F91: =ROUND(Source!BA71,O91) -> 0 | G91: ПрочиеЗатр | H91: Прочие затраты по ТСН-2001.16 | K91: 230 | L91: 19 | M91: 3 | O91: 2
A92: 50 | B92: 0 | C92: 0 | D92: 1 | E92: 206 | F92: =ROUND(Source!T71,O92) -> 0 | G92: ВозврМат | H92: Возврат материалов | K92: 206 | L92: 20 | M92: 3 | O92: 2
A93: 50 | B93: 0 | C93: 0 | D93: 1 | E93: 207 | F93: =Source!U71 -> 57.18838 | G93: ТрудСтр | H93: Трудозатраты строителей | K93: 207 | L93: 21 | M93: 3 | O93: -1
A94: 50 | B94: 0 | C94: 0 | D94: 1 | E94: 208 | F94: =Source!V71 -> 1.483525 | G94: ТрудМаш | H94: Трудозатраты машинистов | K94: 208 | L94: 22 | M94: 3 | O94: -1
A95: 50 | B95: 0 | C95: 0 | D95: 1 | E95: 209 | F95: =ROUND(Source!W71,O95) -> 0.75 | G95: ТранспМат | H95: Транспорт материалов | K95: 209 | L95: 23 | M95: 3 | O95: 2
A96: 50 | B96: 0 | C96: 0 | D96: 1 | E96: 233 | F96: =ROUND(Source!BD71,O96) -> 0 | G96: Перевозка | H96: Перевозка грузов | K96: 233 | L96: 24 | M96: 3 | O96: 2
A97: 50 | B97: 0 | C97: 0 | D97: 1 | E97: 210 | F97: =ROUND(Source!X71,O97) -> 13680.21 | G97: НР | H97: Накладные расходы | K97: 210 | L97: 25 | M97: 3 | O97: 2
A98: 50 | B98: 0 | C98: 0 | D98: 1 | E98: 211 | F98: =ROUND(Source!Y71,O98) -> 9682.48 | G98: СмПриб | H98: Сметная прибыль | K98: 211 | L98: 26 | M98: 3 | O98: 2
A99: 50 | B99: 0 | C99: 0 | D99: 1 | E99: 224 | F99: =ROUND(Source!AR71,O99) -> 3550368.9 | G99: Всего | H99: Всего с НР и СП | K99: 224 | L99: 27 | M99: 3 | O99: 2
A101: 51 | B101: =B20 -> 1 | C101: =A20 -> 3 | D101: =ROW(A20) -> 20 | F101: =IF(F20<>"",F20,"") -> Новая локальная смета | G101: =IF(G20<>"",G20,"") -> Монтаж оборудования | H101: 0 | O101: =ROUND(O71+AB101,2) -> 3527006.2 | P101: =ROUND(P71+AC101,2) -> 3509853.7 | Q101: =ROUND(Q71+AD101,2) -> 1956.28 | R101: =ROUND(R71+AE101,2) -> 591.17 | S101: =ROUND(S71+AF101,2) -> 15196.2 | T101: =ROUND(T71+AG101,2) -> 0 | U101: =U71+AH101 -> 57.18838 | V101: =V71+AI101 -> 1.483525 | W101: =ROUND(W71+AJ101,2) -> 0.75 | X101: =ROUND(X71+AK101,2) -> 13680.21 | Y101: =ROUND(Y71+AL101,2) -> 9682.48 | AO101: =ROUND(AO71+BX101,2) -> 0 | AP101: =ROUND(AP71+BY101,2) -> 3487217.1 | AQ101: =ROUND(AQ71+BZ101,2) -> 0 | AR101: =ROUND(AR71+CA101,2) -> 3550368.9 | AS101: =ROUND(AS71+CB101,2) -> 31780.88 | AT101: =ROUND(AT71+CC101,2) -> 31370.91 | AU101: =ROUND(AU71+CD101,2) -> 0 | AV101: =ROUND(AV71+CE101,2) -> 3509853.7 | ... BD101: =ROUND(BD71+CM101,2) -> 0 | GX101: 0
A103: 50 | B103: 0 | C103: 0 | D103: 1 | E103: 201 | F103: =ROUND(Source!O101,O103) -> 3527006.2 | G103: ПЗ | H103: Прямые затраты | K103: 201 | L103: 1 | M103: 3 | O103: 2
A104: 50 | B104: 0 | C104: 0 | D104: 1 | E104: 202 | F104: =ROUND(Source!P101,O104) -> 3509853.7 | G104: СтМатОб | H104: Стоимость материальных ресурсов (всего) | K104: 202 | L104: 2 | M104: 3 | O104: 2
A105: 50 | B105: 0 | C105: 0 | D105: 1 | E105: 222 | F105: =ROUND(Source!AO101,O105) -> 0 | G105: СтМатОбЗак | H105: Стоимость материалов и оборудования заказчика | K105: 222 | L105: 3 | M105: 3 | O105: 2
A106: 50 | B106: 0 | C106: 0 | D106: 1 | E106: 225 | F106: =ROUND(Source!AV101,O106) -> 3509853.7 | G106: СтМатОбПод | H106: Стоимость материалов и оборудования подрядчика | K106: 225 | L106: 4 | M106: 3 | O106: 2
A107: 50 | B107: 0 | C107: 0 | D107: 1 | E107: 226 | F107: =ROUND(Source!AW101,O107) -> 22636.62 | G107: СтМат | H107: Стоимость материалов (всего) | K107: 226 | L107: 5 | M107: 3 | O107: 2
A108: 50 | B108: 0 | C108: 0 | D108: 1 | E108: 227 | F108: =ROUND(Source!AX101,O108) -> 0 | G108: СтМатЗак | H108: Стоимость материалов заказчика | K108: 227 | L108: 6 | M108: 3 | O108: 2
A109: 50 | B109: 0 | C109: 0 | D109: 1 | E109: 228 | F109: =ROUND(Source!AY101,O109) -> 22636.62 | G109: СтМатПод | H109: Стоимость материалов подрядчика | K109: 228 | L109: 7 | M109: 3 | O109: 2
A110: 50 | B110: 0 | C110: 0 | D110: 1 | E110: 216 | F110: =ROUND(Source!AP101,O110) -> 3487217.1 | G110: Оборуд | H110: Стоимость оборудования (всего) | K110: 216 | L110: 8 | M110: 3 | O110: 2
A111: 50 | B111: 0 | C111: 0 | D111: 1 | E111: 223 | F111: =ROUND(Source!AQ101,O111) -> 0 | G111: ОборудЗак | H111: Стоимость оборудования заказчика | K111: 223 | L111: 9 | M111: 3 | O111: 2
A112: 50 | B112: 0 | C112: 0 | D112: 1 | E112: 229 | F112: =ROUND(Source!AZ101,O112) -> 3487217.1 | G112: ОборудПод | H112: Стоимость оборудования подрядчика | K112: 229 | L112: 10 | M112: 3 | O112: 2
A113: 50 | B113: 0 | C113: 0 | D113: 1 | E113: 203 | F113: =ROUND(Source!Q101,O113) -> 1956.28 | G113: ЭММ | H113: Эксплуатация машин | K113: 203 | L113: 11 | M113: 3 | O113: 2
A114: 50 | B114: 0 | C114: 0 | D114: 1 | E114: 231 | F114: =ROUND(Source!BB101,O114) -> 0 | G114: ЭММсНРиСП | H114: Эксплуатация машин по ТСН-2001.16 | K114: 231 | L114: 12 | M114: 3 | O114: 2
A115: 50 | B115: 0 | C115: 0 | D115: 1 | E115: 204 | F115: =ROUND(Source!R101,O115) -> 591.17 | G115: ЗПМ | H115: ЗП машинистов | K115: 204 | L115: 13 | M115: 3 | O115: 2
A116: 50 | B116: 0 | C116: 0 | D116: 1 | E116: 205 | F116: =ROUND(Source!S101,O116) -> 15196.2 | G116: ОЗП | H116: Основная ЗП рабочих | K116: 205 | L116: 14 | M116: 3 | O116: 2
A117: 50 | B117: 0 | C117: 0 | D117: 1 | E117: 232 | F117: =ROUND(Source!BC101,O117) -> 0 | G117: ОЗПсНРиСП | H117: Основная ЗП рабочих по ТСН-2001.16 | K117: 232 | L117: 15 | M117: 3 | O117: 2
A118: 50 | B118: 0 | C118: 0 | D118: 1 | E118: 214 | F118: =ROUND(Source!AS101,O118) -> 31780.88 | G118: Строит | H118: Строительные работы с НР и СП | K118: 214 | L118: 16 | M118: 3 | O118: 2
A119: 50 | B119: 0 | C119: 0 | D119: 1 | E119: 215 | F119: =ROUND(Source!AT101,O119) -> 31370.91 | G119: Монтаж | H119: Монтажные работы с НР и СП | K119: 215 | L119: 17 | M119: 3 | O119: 2
A120: 50 | B120: 0 | C120: 0 | D120: 1 | E120: 217 | F120: =ROUND(Source!AU101,O120) -> 0 | G120: Прочие | H120: Прочие работы с НР и СП | K120: 217 | L120: 18 | M120: 3 | O120: 2
A121: 50 | B121: 0 | C121: 0 | D121: 1 | E121: 230 | F121: =ROUND(Source!BA101,O121) -> 0 | G121: ПрочиеЗатр | H121: Прочие затраты по ТСН-2001.16 | K121: 230 | L121: 19 | M121: 3 | O121: 2
A122: 50 | B122: 0 | C122: 0 | D122: 1 | E122: 206 | F122: =ROUND(Source!T101,O122) -> 0 | G122: ВозврМат | H122: Возврат материалов | K122: 206 | L122: 20 | M122: 3 | O122: 2
A123: 50 | B123: 0 | C123: 0 | D123: 1 | E123: 207 | F123: =Source!U101 -> 57.18838 | G123: ТрудСтр | H123: Трудозатраты строителей | K123: 207 | L123: 21 | M123: 3 | O123: -1
A124: 50 | B124: 0 | C124: 0 | D124: 1 | E124: 208 | F124: =Source!V101 -> 1.483525 | G124: ТрудМаш | H124: Трудозатраты машинистов | K124: 208 | L124: 22 | M124: 3 | O124: -1
A125: 50 | B125: 0 | C125: 0 | D125: 1 | E125: 209 | F125: =ROUND(Source!W101,O125) -> 0.75 | G125: ТранспМат | H125: Транспорт материалов | K125: 209 | L125: 23 | M125: 3 | O125: 2
A126: 50 | B126: 0 | C126: 0 | D126: 1 | E126: 233 | F126: =ROUND(Source!BD101,O126) -> 0 | G126: Перевозка | H126: Перевозка грузов | K126: 233 | L126: 24 | M126: 3 | O126: 2
...

Sheet SourceObSm
A1: 0 | B1: Smeta.RU (495) 974-1589 | D1: _OBSM_ | F1: 0 | G1: 0 | H1: 0 | I1: Smeta.RU | K1: 0 | L1: 23404 | M1: 10 | N1: 11 | O1: 0 | P1: 0 | Q1: 6
A12: 1 | B12: 54 | C12: 0 | E12: 0 | F12: Новый объект | G12: Выходной документ. Тест | I12: 0 | K12: 0 | O12: 0 | P12: 0 | Q12: 0 | R12: 0 | V12: 0 | BH12: Сметные нормы списания | BI12: Коды ценников | BJ12: 1 | BK12: 1 | BL12: 0 | BM12: 0 | BN12: 1 | BO12: 0 | BP12: 6 | BQ12: 2 | BR12: 1 | BS12: 1 | BT12: 0 | BU12: 0 | BV12: 0 | BW12: 0 | BX12: 0 | BY12: ТСНБ-2014 | BZ12: ТР для Версии 10: Центральные регионы (с уч. п-ма 2536-ИП/12/ГС от 27.11.12, 01/57049-ЮЛ от 27.04.2018) от 14.03.2019 г | CA12: ТСНБ-2001 Московской области (редакция 2014 г версия 15.0) | CB12: ТСНБ-2001 Московской области (редакция 2014 г версия 15.0) | CC12: ТСНБ-2001 Московской области (редакция 2014 г версия 15.0) | CD12: ТСНБ-2001 Московской области (редакция 2014 г версия 15.0) | CE12: Поправки для НБ 2014 года от 03.03.2016 ЭТАЛОН | CF12: 0 | CG12: 0 | CH12: 0 | CK12: 1 | EC12: 0
A14: 22 | B14: 0 | C14: 0 | D14: 59844155 | E14: 0 | F14: 3
A16: 3 | B16: 1 | C16: Новая локальная смета | D16: Монтаж оборудования | E16: =(Source!F118)/1000 -> 31.78088 | F16: =(Source!F119)/1000 -> 31.37091 | G16: =(Source!F110)/1000 -> 3487.2171 | H16: =(Source!F120)/1000+(Source!F121)/1000 -> 0 | I16: =E16+F16+G16+H16 -> 3550.3689 | J16: =(Source!F116)/1000 -> 15.1962 | AI16: 0 | AJ16: -1 | AN16: 0 | AT16: 3527006.2 | AU16: 3509853.7 | AV16: 0 | AW16: 3487217.1 | AX16: 0 | AY16: 1956.28 | AZ16: 591.17 | BA16: 15196.2 | BB16: 31780.88 | BC16: 31370.91 | BD16: 0 | BE16: 0 | BF16: 57.18838 | BG16: 1.483525 | BH16: 0.75 | BI16: 13680.21 | BJ16: 9682.48 | BK16: 3550368.9
A18: 51 | E18: =SUMIF(A16:A17,3,E16:E17) -> 31.78088 | F18: =SUMIF(A16:A17,3,F16:F17) -> 31.37091 | G18: =SUMIF(A16:A17,3,G16:G17) -> 3487.2171 | H18: =SUMIF(A16:A17,3,H16:H17) -> 0 | I18: =SUMIF(A16:A17,3,I16:I17) -> 3550.3689 | J18: =SUMIF(A16:A17,3,J16:J17) -> 15.1962
A20: 50 | B20: 0 | C20: 0 | D20: 1 | E20: 201 | F20: 3527006.2 | G20: ПЗ | H20: Прямые затраты | K20: 201 | L20: 1 | M20: 3 | O20: 2
A21: 50 | B21: 0 | C21: 0 | D21: 1 | E21: 202 | F21: 3509853.7 | G21: СтМатОб | H21: Стоимость материальных ресурсов (всего) | K21: 202 | L21: 2 | M21: 3 | O21: 2
A22: 50 | B22: 0 | C22: 0 | D22: 1 | E22: 222 | F22: 0 | G22: СтМатОбЗак | H22: Стоимость материалов и оборудования заказчика | K22: 222 | L22: 3 | M22: 3 | O22: 2
A23: 50 | B23: 0 | C23: 0 | D23: 1 | E23: 225 | F23: 3509853.7 | G23: СтМатОбПод | H23: Стоимость материалов и оборудования подрядчика | K23: 225 | L23: 4 | M23: 3 | O23: 2
A24: 50 | B24: 0 | C24: 0 | D24: 1 | E24: 226 | F24: 22636.62 | G24: СтМат | H24: Стоимость материалов (всего) | K24: 226 | L24: 5 | M24: 3 | O24: 2
A25: 50 | B25: 0 | C25: 0 | D25: 1 | E25: 227 | F25: 0 | G25: СтМатЗак | H25: Стоимость материалов заказчика | K25: 227 | L25: 6 | M25: 3 | O25: 2
A26: 50 | B26: 0 | C26: 0 | D26: 1 | E26: 228 | F26: 22636.62 | G26: СтМатПод | H26: Стоимость материалов подрядчика | K26: 228 | L26: 7 | M26: 3 | O26: 2
A27: 50 | B27: 0 | C27: 0 | D27: 1 | E27: 216 | F27: 3487217.1 | G27: Оборуд | H27: Стоимость оборудования (всего) | K27: 216 | L27: 8 | M27: 3 | O27: 2
A28: 50 | B28: 0 | C28: 0 | D28: 1 | E28: 223 | F28: 0 | G28: ОборудЗак | H28: Стоимость оборудования заказчика | K28: 223 | L28: 9 | M28: 3 | O28: 2
A29: 50 | B29: 0 | C29: 0 | D29: 1 | E29: 229 | F29: 3487217.1 | G29: ОборудПод | H29: Стоимость оборудования подрядчика | K29: 229 | L29: 10 | M29: 3 | O29: 2
A30: 50 | B30: 0 | C30: 0 | D30: 1 | E30: 203 | F30: 1956.28 | G30: ЭММ | H30: Эксплуатация машин | K30: 203 | L30: 11 | M30: 3 | O30: 2
A31: 50 | B31: 0 | C31: 0 | D31: 1 | E31: 231 | F31: 0 | G31: ЭММсНРиСП | H31: Эксплуатация машин по ТСН-2001.16 | K31: 231 | L31: 12 | M31: 3 | O31: 2
... A49: 50 | B49: 1 | C49: 0 | D49: 2 | E49: 213 | F49: 4260442.6 | G49: ВС | H49: Всего: | K49: 212 | L49: 30 | M49: 0 | O49: 2
A51: -1
A54: 75 | B54: Уровень цен | C54: 2019 | D54: 0 | E54: 11 | G54: 0 | H54: 1 | I54: 0 | J54: 1 | K54: 0 | L54: 0 | M54: 0 | N54: 59844155 | O54: 1
A55: 1 | B55: Сборник индексов | C55: ТСНБ-2001 Московской области (редакция 2014 г) | D55: 2019 | E55: 11 | F55: 1 | G55: 1 | H55: 0 | I55: 2 | J55: 1 | K55: 1 | L55: 1 | M55: 1 | N55: 1 | O55: 1 | P55: 1 | Q55: 1

Sheet SmtRes
A1: =ROW(Source!A32) -> 32 | B1: 59844155 | C1: 59844431 | D1: 29509036 | E1: 1 | F1: 1 | G1: 1 | H1: 1 | I1: 1-1029-90 | K1: Рабочий строитель среднего разряда 2,9 | L1: 1369 | N1: 1013 | O1: чел.-ч | P1: чел.-ч | Q1: 1 | W1: 0 | X1: -1896518065 | Y1: 521.64 | AA1: 0 | AB1: 0 | AC1: 0 | AD1: 8.46 | AE1: 0 | AF1: 0 | AG1: 0 | AH1: 8.46 | AI1: 1 | AJ1: 1 | AK1: 1 | AL1: 1 | AN1: 0 | AO1: 1 | AP1: 1 | AQ1: 0 | AR1: 0 | AT1: 453.6 | AU1: )*1,15 | AV1: 1 | AW1: 2 | AX1: 59844432 | AY1: 1 | AZ1: 0 | BA1: 1 | BB1: 0 | BC1: 0 | BD1: 0 | BE1: 0 | BF1: 0 | BG1: 0 | BH1: 0 | BI1: 0 | BJ1: 0 | BK1: 0 | BL1: 0 | BM1: 0 | BN1: 0 | BO1: 0 | BP1: 0 | BQ1: 0 | BR1: 0 | BS1: 0 | BT1: 0 | BU1: 0 | BV1: 0 | BW1: 0 | CX1: =Y1*Source!I32 -> 15.38838 | CY1: =AD1 -> 8.46 | CZ1: =AH1 -> 8.46 | DA1: =AL1 -> 1 | DB1: =ROUND((ROUND(AT1*CZ1,2)*1.15),6) -> 4413.079 | DC1: =ROUND((ROUND(AT1*AG1,2)*1.15),6) -> 0
A2: =ROW(Source!A32) -> 32 | B2: 59844155 | C2: 59844431 | D2: 121548 | E2: 1 | F2: 1 | G2: 1 | H2: 1 | I2: 2 | K2: Затраты труда машинистов | L2: 608254 | N2: 1013 | O2: чел.час | P2: чел.час | Q2: 1 | W2: 0 | X2: -185737400 | Y2: 29.95 | AA2: 0 | AB2: 0 | AC2: 0 | AD2: 0 | AE2: 0 | AF2: 0 | AG2: 0 | AH2: 0 | AI2: 1 | AJ2: 1 | AK2: 1 | AL2: 1 | AN2: 0 | AO2: 1 | AP2: 1 | AQ2: 0 | AR2: 0 | AT2: 23.96 | AU2: )*1,25 | AV2: 2 | AW2: 2 | AX2: 59844433 | AY2: 1 | AZ2: 0 | BA2: 2 | BB2: 0 | BC2: 0 | BD2: 0 | BE2: 0 | BF2: 0 | BG2: 0 | BH2: 0 | BI2: 0 | BJ2: 0 | BK2: 0 | BL2: 0 | BM2: 0 | BN2: 0 | BO2: 0 | BP2: 0 | BQ2: 0 | BR2: 0 | BS2: 0 | BT2: 0 | BU2: 0 | BV2: 0 | BW2: 0 | CX2: =Y2*Source!I32 -> 0.883525 | CY2: =AD2 -> 0 | CZ2: =AH2 -> 0 | DA2: =AL2 -> 1 | DB2: =ROUND((ROUND(AT2*CZ2,2)*1.25),6) -> 0 | DC2: =ROUND((ROUND(AT2*AG2,2)*1.25),6) -> 0
A3: =ROW(Source!A32) -> 32 | B3: 59844155 | C3: 59844431 | D3: 42458401 | E3: 1 | F3: 1 | G3: 1 | H3: 2 | I3: 021141 | J3: ТСЭМ Московской обл., 021141, приказ Минстроя России №675/пр от 28.02.2017 № 264/пр | K3: Краны на автомобильном ходу при работе на других видах строительства 10 т | L3: 1368 | N3: 1011 | O3: маш.-ч | P3: маш.-ч | Q3: 1 | W3: 0 | X3: 1106923569 | Y3: 0.9125 | AA3: 0 | AB3: 1014.72 | AC3: 399.2 | AD3: 0 | AE3: 0 | AF3: 112 | AG3: 13.5 | AH3: 0 | AI3: 1 | AJ3: 9.06 | AK3: 29.57 | AL3: 1 | AN3: 0 | AO3: 1 | AP3: 1 | AQ3: 0 | AR3: 0 | AT3: 0.73 | AU3: )*1,25 | AV3: 0 | AW3: 2 | AX3: 59844434 | AY3: 1 | AZ3: 0 | BA3: 3 | BB3: 0 | BC3: 0 | BD3: 0 | BE3: 0 | BF3: 0 | BG3: 0 | BH3: 0 | BI3: 0 | BJ3: 0 | BK3: 0 | BL3: 0 | BM3: 0 | BN3: 0 | BO3: 0 | BP3: 0 | BQ3: 0 | BR3: 0 | BS3: 0 | BT3: 0 | BU3: 0 | BV3: 0 | BW3: 0 | CX3: =Y3*Source!I32 -> 0.02691875 | CY3: =AB3 -> 1014.72 | CZ3: =AF3 -> 112 | DA3: =AJ3 -> 9.06 | DB3: =ROUND((ROUND(AT3*CZ3,2)*1.25),6) -> 102.2 | DC3: =ROUND((ROUND(AT3*AG3,2)*1.25),6) -> 12.325
A4: =ROW(Source!A32) -> 32 | B4: 59844155 | C4: 59844431 | D4: 42458429 | E4: 1 | F4: 1 | G4: 1 | H4: 2 | I4: 021243 | J4: ТСЭМ Московской обл., 021243, приказ Минстроя России №675/пр от 28.02.2017 № 264/пр | K4: Краны на гусеничном ходу при работе на других видах строительства до 16 т | L4: 1368 | N4: 1011 | O4: маш.-ч | P4: маш.-ч | Q4: 1 | W4: 0 | X4: -27831156 | Y4: 28.7 | AA4: 0 | AB4: 886.64 | AC4: 399.2 | AD4: 0 | AE4: 0 | AF4: 96.9 | AG4: 13.5 | AH4: 0 | AI4: 1 | AJ4: 9.15 | AK4: 29.57 | AL4: 1 | AN4: 0 | AO4: 1 | AP4: 1 | AQ4: 0 | AR4: 0 | AT4: 22.96 | AU4: )*1,25 | AV4: 0 | AW4: 2 | AX4: 59844435 | AY4: 1 | AZ4: 0 | BA4: 4 | BB4: 0 | BC4: 0 | BD4: 0 | BE4: 0 | BF4: 0 | BG4: 0 | BH4: 0 | BI4: 0 | BJ4: 0 | BK4: 0 | BL4: 0 | BM4: 0 | BN4: 0 | BO4: 0 | BP4: 0 | BQ4: 0 | BR4: 0 | BS4: 0 | BT4: 0 | BU4: 0 | BV4: 0 | BW4: 0 | CX4: =Y4*Source!I32 -> 0.84665 | CY4: =AB4 -> 886.64 | CZ4: =AF4 -> 96.9 | DA4: =AJ4 -> 9.15 | DB4: =ROUND((ROUND(AT4*CZ4,2)*1.25),6) -> 2781.025 | DC4: =ROUND((ROUND(AT4*AG4,2)*1.25),6) -> 387.45
A5: =ROW(Source!A32) -> 32 | B5: 59844155 | C5: 59844431 | D5: 42458501 | E5: 1 | F5: 1 | G5: 1 | H5: 2 | I5: 030101 | J5: ТСЭМ Московской обл., 030101, приказ Минстроя России №675/пр от 28.02.2017 № 264/пр | K5: Автопогрузчики 5 т | L5: 1368 | N5: 1011 | O5: маш.-ч | P5: маш.-ч | Q5: 1 | W5: 0 | X5: 1549832887 | Y5: 0.3375 | AA5: 0 | AB5: 802.12 | AC5: 297.47 | AD5: 0 | AE5: 0 | AF5: 99.89 | AG5: 10.06 | AH5: 0 | AI5: 1 | AJ5: 8.03 | AK5: 29.57 | AL5: 1 | AN5: 0 | AO5: 1 | AP5: 1 | AQ5: 0 | AR5: 0 | AT5: 0.27 | AU5: )*1,25 | AV5: 0 | AW5: 2 | AX5: 59844436 | AY5: 1 | AZ5: 0 | BA5: 5 | BB5: 0 | BC5: 0 | BD5: 0 | BE5: 0 | BF5: 0 | BG5: 0 | BH5: 0 | BI5: 0 | BJ5: 0 | BK5: 0 | BL5: 0 | BM5: 0 | BN5: 0 | BO5: 0 | BP5: 0 | BQ5: 0 | BR5: 0 | BS5: 0 | BT5: 0 | BU5: 0 | BV5: 0 | BW5: 0 | CX5: =Y5*Source!I32 -> 0.00995625 | CY5: =AB5 -> 802.12 | CZ5: =AF5 -> 99.89 | DA5: =AJ5 -> 8.03 | DB5: =ROUND((ROUND(AT5*CZ5,2)*1.25),6) -> 33.7125 | DC5: =ROUND((ROUND(AT5*AG5,2)*1.25),6) -> 3.4
A6: =ROW(Source!A32) -> 32 | B6: 59844155 | C6: 59844431 | D6: 42458679 | E6: 1 | F6: 1 | G6: 1 | H6: 2 | I6: 040502 | J6: ТСЭМ Московской обл., 040502, приказ Минстроя России №675/пр от 28.02.2017 № 264/пр | K6: Установки для сварки ручной дуговой (постоянного тока) | L6: 1368 | N6: 1011 | O6: маш.-ч | P6: маш.-ч | Q6: 1 | W6: 0 | X6: 1474986261 | Y6: 2.525 | AA6: 0 | AB6: 58.48 | AC6: 0 | AD6: 0 | AE6: 0 | AF6: 8.1 | AG6: 0 | AH6: 0 | AI6: 1 | AJ6: 7.22 | AK6: 29.57 | AL6: 1 | AN6: 0 | AO6: 1 | AP6: 1 | AQ6: 0 | AR6: 0 | AT6: 2.02 | AU6: )*1,25 | AV6: 0 | AW6: 2 | AX6: 59844437 | AY6: 1 | AZ6: 0 | BA6: 6 | BB6: 0 | BC6: 0 | BD6: 0 | BE6: 0 | BF6: 0 | BG6: 0 | BH6: 0 | BI6: 0 | BJ6: 0 | BK6: 0 | BL6: 0 | BM6: 0 | BN6: 0 | BO6: 0 | BP6: 0 | BQ6: 0 | BR6: 0 | BS6: 0 | BT6: 0 | BU6: 0 | BV6: 0 | BW6: 0 | CX6: =Y6*Source!I32 -> 0.0744875 | CY6: =AB6 -> 58.48 | CZ6: =AF6 -> 8.1 | DA6: =AJ6 -> 7.22 | DB6: =ROUND((ROUND(AT6*CZ6,2)*1.25),6) -> 20.45 | DC6: =ROUND((ROUND(AT6*AG6,2)*1.25),6) -> 0
A7: =ROW(Source!A32) -> 32 | B7: 59844155 | C7: 59844431 | D7: 42459173 | E7: 1 | F7: 1 | G7: 1 | H7: 2 | I7: 111100 | J7: ТСЭМ Московской обл., 111100, приказ Минстроя России №675/пр от 28.02.2017 № 264/пр | K7: Вибратор глубинный | L7: 1368 | N7: 1011 | O7: маш.-ч | P7: маш.-ч | Q7: 1 | W7: 0 | X7: 650070217 | Y7: 23.8 | AA7: 0 | AB7: 20.2 | AC7: 0 | AD7: 0 | AE7: 0 | AF7: 1.9 | AG7: 0 | AH7: 0 | AI7: 1 | AJ7: 10.63 | AK7: 29.57 | AL7: 1 | AN7: 0 | AO7: 1 | AP7: 1 | AQ7: 0 | AR7: 0 | AT7: 19.04 | AU7: )*1,25 | AV7: 0 | AW7: 2 | AX7: 59844438 | AY7: 1 | AZ7: 0 | BA7: 7 | BB7: 0 | BC7: 0 | BD7: 0 | BE7: 0 | BF7: 0 | BG7: 0 | BH7: 0 | BI7: 0 | BJ7: 0 | BK7: 0 | BL7: 0 | BM7: 0 | BN7: 0 | BO7: 0 | BP7: 0 | BQ7: 0 | BR7: 0 | BS7: 0 | BT7: 0 | BU7: 0 | BV7: 0 | BW7: 0 | CX7: =Y7*Source!I32 -> 0.7021 | CY7: =AB7 -> 20.2 | CZ7: =AF7 -> 1.9 | DA7: =AJ7 -> 10.63 | DB7: =ROUND((ROUND(AT7*CZ7,2)*1.25),6) -> 45.225 | DC7: =ROUND((ROUND(AT7*AG7,2)*1.25),6) -> 0
A8: =ROW(Source!A32) -> 32 | B8: 59844155 | C8: 59844431 | D8: 42460615 | E8: 1 | F8: 1 | G8: 1 | H8: 2 | I8: 331532 | J8: ТСЭМ Московской обл., 331532, приказ Минстроя России №675/пр от 28.02.2017 № 264/пр | K8: Пила цепная электрическая | L8: 1368 | N8: 1011 | O8: маш.-ч | P8: маш.-ч | Q8: 1 | W8: 0 | X8: -1835804875 | Y8: 1.6875 | AA8: 0 | AB8: 25.77 | AC8: 0 | AD8: 0 | AE8: 0 | AF8: 3.27 | AG8: 0 | AH8: 0 | AI8: 1 | AJ8: 7.88 | AK8: 29.57 | AL8: 1 | AN8: 0 | AO8: 1 | AP8: 1 | AQ8: 0 | AR8: 0 | AT8: 1.35 | AU8: )*1,25 | AV8: 0 | AW8: 2 | AX8: 59844439 | AY8: 1 | AZ8: 0 | BA8: 8 | BB8: 0 | BC8: 0 | BD8: 0 | BE8: 0 | BF8: 0 | BG8: 0 | BH8: 0 | BI8: 0 | BJ8: 0 | BK8: 0 | BL8: 0 | BM8: 0 | BN8: 0 | BO8: 0 | BP8: 0 | BQ8: 0 | BR8: 0 | BS8: 0 | BT8: 0 | BU8: 0 | BV8: 0 | BW8: 0 | CX8: =Y8*Source!I32 -> 0.04978125 | CY8: =AB8 -> 25.77 | CZ8: =AF8 -> 3.27 | DA8: =AJ8 -> 7.88 | DB8: =ROUND((ROUND(AT8*CZ8,2)*1.25),6) -> 5.5125 | DC8: =ROUND((ROUND(AT8*AG8,2)*1.25),6) -> 0
A9: =ROW(Source!A32) -> 32 | B9: 59844155 | C9: 59844431 | D9: 42460936 | E9: 1 | F9: 1 | G9: 1 | H9: 2 | I9: 400001 | J9: ТСЭМ Московской обл., 400001, приказ Минстроя России №675/пр от 28.02.2017 № 264/пр | K9: Автомобили бортовые, грузоподъемность до 5 т | L9: 1368 | N9: 1011 | O9: маш.-ч | P9: маш.-ч | Q9: 1 | W9: 0 | X9: 1230759911 | Y9: 2.0625 | AA9: 0 | AB9: 858.62 | AC9: 343.01 | AD9: 0 | AE9: 0 | AF9: 87.17 | AG9: 11.6 | AH9: 0 | AI9: 1 | AJ9: 9.85 | AK9: 29.57 | AL9: 1 | AN9: 0 | AO9: 1 | AP9: 1 | AQ9: 0 | AR9: 0 | AT9: 1.65 | AU9: )*1,25 | AV9: 0 | AW9: 2 | AX9: 59844440 | AY9: 1 | AZ9: 0 | BA9: 9 | BB9: 0 | BC9: 0 | BD9: 0 | BE9: 0 | BF9: 0 | BG9: 0 | BH9: 0 | BI9: 0 | BJ9: 0 | BK9: 0 | BL9: 0 | BM9: 0 | BN9: 0 | BO9: 0 | BP9: 0 | BQ9: 0 | BR9: 0 | BS9: 0 | BT9: 0 | BU9: 0 | BV9: 0 | BW9: 0 | CX9: =Y9*Source!I32 -> 0.06084375 | CY9: =AB9 -> 858.62 | CZ9: =AF9 -> 87.17 | DA9: =AJ9 -> 9.85 | DB9: =ROUND((ROUND(AT9*CZ9,2)*1.25),6) -> 179.7875 | DC9: =ROUND((ROUND(AT9*AG9,2)*1.25),6) -> 23.925
A10: =ROW(Source!A32) -> 32 | B10: 59844155 | C10: 59844431 | D10: 42399620 | E10: 1 | F10: 1 | G10: 1 | H10: 3 | I10: 101-0797 | J10: ТССЦ Московской обл., 101-0797, приказ Минстроя России №675/пр от 28.02.2017 № 254/пр | K10: Проволока горячекатаная в мотках, диаметром 6,3-6,5 мм | L10: 1348 | N10: 1009 | O10: т | P10: т | Q10: 1000 | W10: 0 | X10: -1012359093 | Y10: 0.04 | AA10: 35597.05 | AB10: 0 | AC10: 0 | AD10: 0 | AE10: 4455.2 | AF10: 0 | AG10: 0 | AH10: 0 | AI10: 7.99 | AJ10: 1 | AK10: 1 | AL10: 1 | AN10: 0 | AO10: 1 | AP10: 0 | AQ10: 0 | AR10: 0 | AT10: 0.04 | AV10: 0 | AW10: 2 | AX10: 59844441 | AY10: 1 | AZ10: 0 | BA10: 10 | BB10: 0 | BC10: 0 | BD10: 0 | BE10: 0 | BF10: 0 | BG10: 0 | BH10: 0 | BI10: 0 | BJ10: 0 | BK10: 0 | BL10: 0 | BM10: 0 | BN10: 0 | BO10: 0 | BP10: 0 | BQ10: 0 | BR10: 0 | BS10: 0 | BT10: 0 | BU10: 0 | BV10: 0 | BW10: 0 | CX10: =Y10*Source!I32 -> 0.00118 | CY10: =AA10 -> 35597.05 | CZ10: =AE10 -> 4455.2 | DA10: =AI10 -> 7.99 | DB10: =ROUND(ROUND(AT10*CZ10,2),6) -> 178.21 | DC10: =ROUND(ROUND(AT10*AG10,2),6) -> 0
A11: =ROW(Source!A32) -> 32 | B11: 59844155 | C11: 59844431 | D11: 42400004 | E11: 1 | F11: 1 | G11: 1 | H11: 3 | I11: 101-1529 | J11: ТССЦ Московской обл., 101-1529, приказ Минстроя России №675/пр от 28.02.2017 № 254/пр | K11: Электроды диаметром 6 мм Э42 | L11: 1348 | N11: 1009 | O11: т | P11: т | Q11: 1000 | W11: 0 | X11: 1908648852 | Y11: 0.004 | AA11: 90658.78 | AB11: 0 | AC11: 0 | AD11: 0 | AE11: 9423.99 | AF11: 0 | AG11: 0 | AH11: 0 | AI11: 9.62 | AJ11: 1 | AK11: 1 | AL11: 1 | AN11: 0 | AO11: 1 | AP11: 0 | AQ11: 0 | AR11: 0 | AT11: 0.004 | AV11: 0 | AW11: 2 | AX11: 59844442 | AY11: 1 | AZ11: 0 | BA11: 11 | BB11: 0 | BC11: 0 | BD11: 0 | BE11: 0 | BF11: 0 | BG11: 0 | BH11: 0 | BI11: 0 | BJ11: 0 | BK11: 0 | BL11: 0 | BM11: 0 | BN11: 0 | BO11: 0 | BP11: 0 | BQ11: 0 | BR11: 0 | BS11: 0 | BT11: 0 | BU11: 0 | BV11: 0 | BW11: 0 | CX11: =Y11*Source!I32 -> 0.000118 | CY11: =AA11 -> 90658.78 | CZ11: =AE11 -> 9423.99 | DA11: =AI11 -> 9.62 | DB11: =ROUND(ROUND(AT11*CZ11,2),6) -> 37.7 | DC11: =ROUND(ROUND(AT11*AG11,2),6) -> 0
A12: =ROW(Source!A32) -> 32 | B12: 59844155 | C12: 59844431 | D12: 42394270 | E12: 1 | F12: 1 | G12: 1 | H12: 3 | I12: 101-1668 | J12: ТССЦ Московской обл., 101-1668, приказ Минстроя России №675/пр от 28.02.2017 № 254/пр | K12: Рогожа | L12: 1327 | N12: 1005 | O12: м2 | P12: м2 | Q12: 1 | W12: 0 | X12: 914604176 | Y12: 10.1 | AA12: 54.37 | AB12: 0 | AC12: 0 | AD12: 0 | AE12: 10.2 | AF12: 0 | AG12: 0 | AH12: 0 | AI12: 5.33 | AJ12: 1 | AK12: 1 | AL12: 1 | AN12: 0 | AO12: 1 | AP12: 0 | AQ12: 0 | AR12: 0 | AT12: 10.1 | AV12: 0 | AW12: 2 | AX12: 59844443 | AY12: 1 | AZ12: 0 | BA12: 12 | BB12: 0 | BC12: 0 | BD12: 0 | BE12: 0 | BF12: 0 | BG12: 0 | BH12: 0 | BI12: 0 | BJ12: 0 | BK12: 0 | BL12: 0 | BM12: 0 | BN12: 0 | BO12: 0 | BP12: 0 | BQ12: 0 | BR12: 0 | BS12: 0 | BT12: 0 | BU12: 0 | BV12: 0 | BW12: 0 | CX12: =Y12*Source!I32 -> 0.29795 | CY12: =AA12 -> 54.37 | CZ12: =AE12 -> 10.2 | DA12: =AI12 -> 5.33 | DB12: =ROUND(ROUND(AT12*CZ12,2),6) -> 103.02 | DC12: =ROUND(ROUND(AT12*AG12,2),6) -> 0
A13: =ROW(Source!A32) -> 32 | B13: 59844155 | C13: 59844431 | D13: 42400354 | E13: 1 | F13: 1 | G13: 1 | H13: 3 | I13: 101-1805 | J13: ТССЦ Московской обл., 101-1805, приказ Минстроя России №675/пр от 28.02.2017 № 254/пр | K13: Гвозди строительные | L13: 1348 | N13: 1009 | O13: т | P13: т | Q13: 1000 | W13: 0 | X13: 1561117559 | Y13: 0.037 | AA13: 55098.8 | AB13: 0 | AC13: 0 | AD13: 0 | AE13: 11978 | AF13: 0 | AG13: 0 | AH13: 0 | AI13: 4.6 | AJ13: 1 | AK13: 1 | AL13: 1 | AN13: 0 | AO13: 1 | AP13: 0 | AQ13: 0 | AR13: 0 | AT13: 0.037 | AV13: 0 | AW13: 2 | AX13: 59844444 | AY13: 1 | AZ13: 0 | BA13: 13 | BB13: 0 | BC13: 0 | BD13: 0 | BE13: 0 | BF13: 0 | BG13: 0 | BH13: 0 | BI13: 0 | BJ13: 0 | BK13: 0 | BL13: 0 | BM13: 0 | BN13: 0 | BO13: 0 | BP13: 0 | BQ13: 0 | BR13: 0 | BS13: 0 | BT13: 0 | BU13: 0 | BV13: 0 | BW13: 0 | CX13: =Y13*Source!I32 -> 0.0010915 | CY13: =AA13 -> 55098.8 | CZ13: =AE13 -> 11978 | DA13: =AI13 -> 4.6 | DB13: =ROUND(ROUND(AT13*CZ13,2),6) -> 443.19 | DC13: =ROUND(ROUND(AT13*AG13,2),6) -> 0
A14: =ROW(Source!A32) -> 32 | B14: 59844155 | C14: 59844431 | D14: 42401809 | E14: 1 | F14: 1 | G14: 1 | H14: 3 | I14: 102-0008 | J14: ТССЦ Московской обл., 102-0008, приказ Минстроя России №675/пр от 28.02.2017 № 254/пр | K14: Лесоматериалы круглые хвойных пород для строительства диаметром 14-24 см, длиной 3-6,5 м | L14: 1339 | N14: 1007 | O14: комплекс работ | P14: м3 | Q14: 1 | W14: 0 | X14: -1134122495 | Y14: 0.69 | AA14: 3925.06 | AB14: 0 | AC14: 0 | AD14: 0 | AE14: 558.33 | AF14: 0 | AG14: 0 | AH14: 0 | AI14: 7.03 | AJ14: 1 | AK14: 1 | AL14: 1 | AN14: 0 | AO14: 1 | AP14: 0 | AQ14: 0 | AR14: 0 | AT14: 0.69 | AV14: 0 | AW14: 2 | AX14: 59844445 | AY14: 1 | AZ14: 0 | BA14: 14 | BB14: 0 | BC14: 0 | BD14: 0 | BE14: 0 | BF14: 0 | BG14: 0 | BH14: 0 | BI14: 0 | BJ14: 0 | BK14: 0 | BL14: 0 | BM14: 0 | BN14: 0 | BO14: 0 | BP14: 0 | BQ14: 0 | BR14: 0 | BS14: 0 | BT14: 0 | BU14: 0 | BV14: 0 | BW14: 0 | CX14: =Y14*Source!I32 -> 0.020355 | CY14: =AA14 -> 3925.06 | CZ14: =AE14 -> 558.33 | DA14: =AI14 -> 7.03 | DB14: =ROUND(ROUND(AT14*CZ14,2),6) -> 385.25 | DC14: =ROUND(ROUND(AT14*AG14,2),6) -> 0
A15: =ROW(Source!A32) -> 32 | B15: 59844155 | C15: 59844431 | D15: 42401491 | E15: 1 | F15: 1 | G15: 1 | H15: 3 | I15: 102-0025 | J15: ТССЦ Московской обл., 102-0025, приказ Минстроя России №675/пр от 28.02.2017 № 254/пр | K15: Бруски обрезные хвойных пород длиной 4-6,5 м, шириной 75-150 мм, толщиной 40-75 мм, III сорта | L15: 1339 | N15: 1007 | O15: комплекс работ | P15: м3 | Q15: 1 | W15: 0 | X15: -756380643 | Y15: 0.08 | AA15: 6242 | AB15: 0 | AC15: 0 | AD15: 0 | AE15: 1287.01 | AF15: 0 | AG15: 0 | AH15: 0 | AI15: 4.85 | AJ15: 1 | AK15: 1 | AL15: 1 | AN15: 0 | AO15: 1 | AP15: 0 | AQ15: 0 | AR15: 0 | AT15: 0.08 | AV15: 0 | AW15: 2 | AX15: 59844446 | AY15: 1 | AZ15: 0 | BA15: 15 | BB15: 0 | BC15: 0 | BD15: 0 | BE15: 0 | BF15: 0 | BG15: 0 | BH15: 0 | BI15: 0 | BJ15: 0 | BK15: 0 | BL15: 0 | BM15: 0 | BN15: 0 | BO15: 0 | BP15: 0 | BQ15: 0 | BR15: 0 | BS15: 0 | BT15: 0 | BU15: 0 | BV15: 0 | BW15: 0 | CX15: =Y15*Source!I32 -> 0.00236 | CY15: =AA15 -> 6242 | CZ15: =AE15 -> 1287.01 | DA15: =AI15 -> 4.85 | DB15: =ROUND(ROUND(AT15*CZ15,2),6) -> 102.96 | DC15: =ROUND(ROUND(AT15*AG15,2),6) -> 0
A16: =ROW(Source!A32) -> 32 | B16: 59844155 | C16: 59844431 | D16: 42401664 | E16: 1 | F16: 1 | G16: 1 | H16: 3 | I16: 102-0053 | J16: ТССЦ Московской обл., 102-0053, приказ Минстроя России №675/пр от 28.02.2017 № 254/пр | K16: Доски обрезные хвойных пород длиной 4-6,5 м, шириной 75-150 мм, толщиной 25 мм, III сорта | L16: 1339 | N16: 1007 | O16: комплекс работ | P16: м3 | Q16: 1 | W16: 0 | X16: 455834906 | Y16: 0.2 | AA16: 5720 | AB16: 0 | AC16: 0 | AD16: 0 | AE16: 1100 | AF16: 0 | AG16: 0 | AH16: 0 | AI16: 5.2 | AJ16: 1 | AK16: 1 | AL16: 1 | AN16: 0 | AO16: 1 | AP16: 0 | AQ16: 0 | AR16: 0 | AT16: 0.2 | AV16: 0 | AW16: 2 | AX16: 59844447 | AY16: 1 | AZ16: 0 | BA16: 16 | BB16: 0 | BC16: 0 | BD16: 0 | BE16: 0 | BF16: 0 | BG16: 0 | BH16: 0 | BI16: 0 | BJ16: 0 | BK16: 0 | BL16: 0 | BM16: 0 | BN16: 0 | BO16: 0 | BP16: 0 | BQ16: 0 | BR16: 0 | BS16: 0 | BT16: 0 | BU16: 0 | BV16: 0 | BW16: 0 | CX16: =Y16*Source!I32 -> 0.0059 | CY16: =AA16 -> 5720 | CZ16: =AE16 -> 1100 | DA16: =AI16 -> 5.2 | DB16: =ROUND(ROUND(AT16*CZ16,2),6) -> 220 | DC16: =ROUND(ROUND(AT16*AG16,2),6) -> 0
A17: =ROW(Source!A32) -> 32 | B17: 59844155 | C17: 59844431 | D17: 42401672 | E17: 1 | F17: 1 | G17: 1 | H17: 3 | I17: 102-0061 | J17: ТССЦ Московской обл., 102-0061, приказ Минстроя России №675/пр от 28.02.2017 № 254/пр | K17: Доски обрезные хвойных пород длиной 4-6,5 м, шириной 75-150 мм, толщиной 44 мм и более, III сорта | L17: 1339 | N17: 1007 | O17: комплекс работ | P17: м3 | Q17: 1 | W17: 0 | X17: -2068707452 | Y17: 0.69 | AA17: 5427.84 | AB17: 0 | AC17: 0 | AD17: 0 | AE17: 1056 | AF17: 0 | AG17: 0 | AH17: 0 | AI17: 5.14 | AJ17: 1 | AK17: 1 | AL17: 1 | AN17: 0 | AO17: 1 | AP17: 0 | AQ17: 0 | AR17: 0 | AT17: 0.69 | AV17: 0 | AW17: 2 | AX17: 59844448 | AY17: 1 | AZ17: 0 | BA17: 17 | BB17: 0 | BC17: 0 | BD17: 0 | BE17: 0 | BF17: 0 | BG17: 0 | BH17: 0 | BI17: 0 | BJ17: 0 | BK17: 0 | BL17: 0 | BM17: 0 | BN17: 0 | BO17: 0 | BP17: 0 | BQ17: 0 | BR17: 0 | BS17: 0 | BT17: 0 | BU17: 0 | BV17: 0 | BW17: 0 | CX17: =Y17*Source!I32 -> 0.020355 | CY17: =AA17 -> 5427.84 | CZ17: =AE17 -> 1056 | DA17: =AI17 -> 5.14 | DB17: =ROUND(ROUND(AT17*CZ17,2),6) -> 728.64 | DC17: =ROUND(ROUND(AT17*AG17,2),6) -> 0
A18: =ROW(Source!A32) -> 32 | B18: 59844155 | C18: 59844431 | D18: 42417330 | E18: 1 | F18: 1 | G18: 1 | H18: 3 | I18: 203-0511 | J18: ТССЦ Московской обл., 203-0511, приказ Минстроя России №675/пр от 28.02.2017 № 255/пр | K18: Щиты из досок толщиной 25 мм | L18: 1327 | N18: 1005 | O18: м2 | P18: м2 | Q18: 1 | W18: 0 | X18: 1067293540 | Y18: 49.5 | AA18: 174.5 | AB18: 0 | AC18: 0 | AD18: 0 | AE18: 35.54 | AF18: 0 | AG18: 0 | AH18: 0 | AI18: 4.91 | AJ18: 1 | AK18: 1 | AL18: 1 | AN18: 0 | AO18: 1 | AP18: 0 | AQ18: 0 | AR18: 0 | AT18: 49.5 | AV18: 0 | AW18: 2 | AX18: 59844449 | AY18: 1 | AZ18: 0 | BA18: 18 | BB18: 0 | BC18: 0 | BD18: 0 | BE18: 0 | BF18: 0 | BG18: 0 | BH18: 0 | BI18: 0 | BJ18: 0 | BK18: 0 | BL18: 0 | BM18: 0 | BN18: 0 | BO18: 0 | BP18: 0 | BQ18: 0 | BR18: 0 | BS18: 0 | BT18: 0 | BU18: 0 | BV18: 0 | BW18: 0 | CX18: =Y18*Source!I32 -> 1.46025 | CY18: =AA18 -> 174.5 | CZ18: =AE18 -> 35.54 | DA18: =AI18 -> 4.91 | DB18: =ROUND(ROUND(AT18*CZ18,2),6) -> 1759.23 | DC18: =ROUND(ROUND(AT18*AG18,2),6) -> 0
A19: =ROW(Source!A32) -> 32 | B19: 59844155 | C19: 59844431 | D19: 42417346 | E19: 1 | F19: 1 | G19: 1 | H19: 3 | I19: 204-0100 | J19: ТССЦ Московской обл., 204-0100, приказ Минстроя России №675/пр от 28.02.2017 № 255/пр | K19: Горячекатаная арматурная сталь класса А-I, А-II, А-III | L19: 1348 | N19: 1009 | O19: т | P19: т | Q19: 1000 | W19: 1 | X19: -922545297 | Y19: -1 | AA19: 33391.44 | AB19: 0 | AC19: 0 | AD19: 0 | AE19: 5649.99 | AF19: 0 | AG19: 0 | AH19: 0 | AI19: 5.91 | AJ19: 1 | AK19: 1 | AL19: 1 | AN19: 0 | AO19: 1 | AP19: 0 | AQ19: 0 | AR19: 0 | AT19: -1 | AV19: 0 | AW19: 2 | AX19: 59844450 | AY19: 1 | AZ19: 6144 | BA19: 19 | BB19: 0 | BC19: 0 | BD19: 0 | BE19: 0 | BF19: 0 | BG19: 0 | BH19: 0 | BI19: 0 | BJ19: 0 | BK19: 0 | BL19: 0 | BM19: 0 | BN19: 0 | BO19: 0 | BP19: 0 | BQ19: 0 | BR19: 0 | BS19: 0 | BT19: 0 | BU19: 0 | BV19: 0 | BW19: 0 | CX19: =Y19*Source!I32 -> -0.0295 | CY19: =AA19 -> 33391.44 | CZ19: =AE19 -> 5649.99 | DA19: =AI19 -> 5.91 | DB19: =ROUND(ROUND(AT19*CZ19,2),6) -> -5649.99 | DC19: =ROUND(ROUND(AT19*AG19,2),6) -> 0
A20: =ROW(Source!A32) -> 32 | B20: 59844155 | C20: 59844431 | D20: 42417383 | E20: 1 | F20: 1 | G20: 1 | H20: 3 | I20: 204-0109 | J20: ТССЦ Московской обл., 204-0109, приказ Минстроя России №675/пр от 28.02.2017 № 255/пр | K20: Горячекатанная арматурная сталь класса А500 С, диаметром 12 мм | L20: 1348 | N20: 1009 | O20: т | P20: т | Q20: 1000 | W20: 0 | X20: -114930746 | Y20: 0.745763 | AA20: 29372.4 | AB20: 0 | AC20: 0 | AD20: 0 | AE20: 10565.61 | AF20: 0 | AG20: 0 | AH20: 0 | AI20: 2.78 | AJ20: 1 | AK20: 1 | AL20: 1 | AN20: 0 | AO20: 0 | AP20: 0 | AQ20: 0 | AR20: 0 | AT20: 0.745763 | AV20: 0 | AW20: 1 | AX20: -1 | AY20: 0 | AZ20: 0 | BB20: 0 | BC20: 0 | BD20: 0 | BE20: 0 | BF20: 0 | BG20: 0 | BH20: 0 | BI20: 0 | BJ20: 0 | BK20: 0 | BL20: 0 | BM20: 0 | BN20: 0 | BO20: 0 | BP20: 0 | BQ20: 0 | BR20: 0 | BS20: 0 | BT20: 0 | BU20: 0 | BV20: 0 | BW20: 0 | CX20: =Y20*Source!I32 -> 0.022000008 | CY20: =AA20 -> 29372.4 | CZ20: =AE20 -> 10565.61 | DA20: =AI20 -> 2.78 | DB20: =ROUND(ROUND(AT20*CZ20,2),6) -> 7879.44 | DC20: =ROUND(ROUND(AT20*AG20,2),6) -> 0
A21: =ROW(Source!A32) -> 32 | B21: 59844155 | C21: 59844431 | D21: 42431065 | E21: 1 | F21: 1 | G21: 1 | H21: 3 | I21: 401-0066 | J21: ТССЦ Московской обл., 401-0066, приказ Минстроя России №675/пр от 28.02.2017 № 257/пр | K21: Бетон тяжелый, крупность заполнителя 20 мм, класс В15 (М200) | L21: 1339 | N21: 1007 | O21: комплекс работ | P21: м3 | Q21: 1 | W21: 1 | X21: 548345076 | Y21: -101.5 | AA21: 3990 | AB21: 0 | AC21: 0 | AD21: 0 | AE21: 665 | AF21: 0 | AG21: 0 | AH21: 0 | AI21: 6 | AJ21: 1 | AK21: 1 | AL21: 1 | AN21: 0 | AO21: 1 | AP21: 0 | AQ21: 0 | AR21: 0 | AT21: -101.5 | AV21: 0 | AW21: 2 | AX21: 59844451 | AY21: 1 | AZ21: 6144 | BA21: 20 | BB21: 0 | BC21: 0 | BD21: 0 | BE21: 0 | BF21: 0 | BG21: 0 | BH21: 0 | BI21: 0 | BJ21: 0 | BK21: 0 | BL21: 0 | BM21: 0 | BN21: 0 | BO21: 0 | BP21: 0 | BQ21: 0 | BR21: 0 | BS21: 0 | BT21: 0 | BU21: 0 | BV21: 0 | BW21: 0 | CX21: =Y21*Source!I32 -> -2.99425 | CY21: =AA21 -> 3990 | CZ21: =AE21 -> 665 | DA21: =AI21 -> 6 | DB21: =ROUND(ROUND(AT21*CZ21,2),6) -> -67497.5 | DC21: =ROUND(ROUND(AT21*AG21,2),6) -> 0
A22: =ROW(Source!A32) -> 32 | B22: 59844155 | C22: 59844431 | D22: 42435265 | E22: 1 | F22: 1 | G22: 1 | H22: 3 | I22: 405-0253 | J22: ТССЦ Московской обл., 405-0253, приказ Минстроя России №675/пр от 28.02.2017 № 257/пр | K22: Известь строительная негашеная комовая, сорт I | L22: 1348 | N22: 1009 | O22: т | P22: т | Q22: 1000 | W22: 0 | X22: -1340402651 | Y22: 0.046 | AA22: 4605.32 | AB22: 0 | AC22: 0 | AD22: 0 | AE22: 734.5 | AF22: 0 | AG22: 0 | AH22: 0 | AI22: 6.27 | AJ22: 1 | AK22: 1 | AL22: 1 | AN22: 0 | AO22: 1 | AP22: 0 | AQ22: 0 | AR22: 0 | AT22: 0.046 | AV22: 0 | AW22: 2 | AX22: 59844452 | AY22: 1 | AZ22: 0 | BA22: 21 | BB22: 0 | BC22: 0 | BD22: 0 | BE22: 0 | BF22: 0 | BG22: 0 | BH22: 0 | BI22: 0 | BJ22: 0 | BK22: 0 | BL22: 0 | BM22: 0 | BN22: 0 | BO22: 0 | BP22: 0 | BQ22: 0 | BR22: 0 | BS22: 0 | BT22: 0 | BU22: 0 | BV22: 0 | BW22: 0 | CX22: =Y22*Source!I32 -> 0.001357 | CY22: =AA22 -> 4605.32 | CZ22: =AE22 -> 734.5 | DA22: =AI22 -> 6.27 | DB22: =ROUND(ROUND(AT22*CZ22,2),6) -> 33.79 | DC22: =ROUND(ROUND(AT22*AG22,2),6) -> 0
A23: =ROW(Source!A32) -> 32 | B23: 59844155 | C23: 59844431 | D23: 42436062 | E23: 1 | F23: 1 | G23: 1 | H23: 3 | I23: 411-0001 | J23: ТССЦ Московской обл., 411-0001, приказ Минстроя России №675/пр от 28.02.2017 № 257/пр | K23: Вода | L23: 1339 | N23: 1007 | O23: комплекс работ | P23: м3 | Q23: 1 | W23: 0 | X23: 619799737 | Y23: 2.937 | AA23: 21.28 | AB23: 0 | AC23: 0 | AD23: 0 | AE23: 2.44 | AF23: 0 | AG23: 0 | AH23: 0 | AI23: 8.72 | AJ23: 1 | AK23: 1 | AL23: 1 | AN23: 0 | AO23: 1 | AP23: 0 | AQ23: 0 | AR23: 0 | AT23: 2.937 | AV23: 0 | AW23: 2 | AX23: 59844453 | AY23: 1 | AZ23: 0 | BA23: 22 | BB23: 0 | BC23: 0 | BD23: 0 | BE23: 0 | BF23: 0 | BG23: 0 | BH23: 0 | BI23: 0 | BJ23: 0 | BK23: 0 | BL23: 0 | BM23: 0 | BN23: 0 | BO23: 0 | BP23: 0 | BQ23: 0 | BR23: 0 | BS23: 0 | BT23: 0 | BU23: 0 | BV23: 0 | BW23: 0 | CX23: =Y23*Source!I32 -> 0.0866415 | CY23: =AA23 -> 21.28 | CZ23: =AE23 -> 2.44 | DA23: =AI23 -> 8.72 | DB23: =ROUND(ROUND(AT23*CZ23,2),6) -> 7.17 | DC23: =ROUND(ROUND(AT23*AG23,2),6) -> 0
A24: =ROW(Source!A32) -> 32 | B24: 59844155 | C24: 59844431 | D24: 0 | E24: 0 | F24: 1 | G24: 1 | H24: 3 | I24: Дог Цена | K24: Бетон тяжелый В12,5 F300 с учетом поставки | L24: 2437 | N24: 1013 | O24: 1 м3 | P24: 1 м3 | Q24: 1 | W24: 0 | X24: -1565119468 | Y24: 101.69491 | AA24: 4441.25 | AB24: 0 | AC24: 0 | AD24: 0 | AE24: 4441.25 | AF24: 0 | AG24: 0 | AH24: 0 | AI24: 1 | AJ24: 1 | AK24: 1 | AL24: 1 | AN24: 0 | AO24: 0 | AP24: 0 | AQ24: 0 | AR24: 0 | AT24: 101.69491 | AV24: 0 | AW24: 1 | AX24: -1 | AY24: 0 | AZ24: 0 | BB24: 0 | BC24: 0 | BD24: 0 | BE24: 0 | BF24: 0 | BG24: 0 | BH24: 0 | BI24: 0 | BJ24: 0 | BK24: 0 | BL24: 0 | BM24: 0 | BN24: 0 | BO24: 0 | BP24: 0 | BQ24: 0 | BR24: 0 | BS24: 0 | BT24: 0 | BU24: 0 | BV24: 0 | BW24: 0 | CX24: =Y24*Source!I32 -> 3 | CY24: =AA24 -> 4441.25 | CZ24: =AE24 -> 4441.25 | DA24: =AI24 -> 1 | DB24: =ROUND(ROUND(AT24*CZ24,2),6) -> 451652.54 | DC24: =ROUND(ROUND(AT24*AG24,2),6) -> 0
A25: =ROW(Source!A37) -> 37 | B25: 59844155 | C25: 59844462 | D25: 42651183 | E25: 1 | F25: 1 | G25: 1 | H25: 1 | I25: 1-2036-90 | K25: Рабочий монтажник среднего разряда 3,6 | L25: 1369 | N25: 1013 | O25: чел.-ч | P25: чел.-ч | Q25: 1 | W25: 0 | X25: 276027117 | Y25: 20.9 | AA25: 0 | AB25: 0 | AC25: 0 | AD25: 9.18 | AE25: 0 | AF25: 0 | AG25: 0 | AH25: 9.18 | AI25: 1 | AJ25: 1 | AK25: 1 | AL25: 1 | AN25: 0 | AO25: 1 | AP25: 0 | AQ25: 0 | AR25: 0 | AT25: 20.9 | AV25: 1 | AW25: 2 | AX25: 59844463 | AY25: 1 | AZ25: 0 | BA25: 23 | BB25: 0 | BC25: 0 | BD25: 0 | BE25: 0 | BF25: 0 | BG25: 0 | BH25: 0 | BI25: 0 | BJ25: 0 | BK25: 0 | BL25: 0 | BM25: 0 | BN25: 0 | BO25: 0 | BP25: 0 | BQ25: 0 | BR25: 0 | BS25: 0 | BT25: 0 | BU25: 0 | BV25: 0 | BW25: 0 | CX25: =Y25*Source!I37 -> 41.8 | CY25: =AD25 -> 9.18 | CZ25: =AH25 -> 9.18 | DA25: =AL25 -> 1 | DB25: =ROUND(ROUND(AT25*CZ25,2),6) -> 191.86 | DC25: =ROUND(ROUND(AT25*AG25,2),6) -> 0
A26: =ROW(Source!A37) -> 37 | B26: 59844155 | C26: 59844462 | D26: 121548 | E26: 1 | F26: 1 | G26: 1 | H26: 1 | I26: 2 | K26: Затраты труда машинистов | L26: 608254 | N26: 1013 | O26: чел.час | P26: чел.час | Q26: 1 | W26: 0 | X26: -185737400 | Y26: 0.3 | AA26: 0 | AB26: 0 | AC26: 0 | AD26: 0 | AE26: 0 | AF26: 0 | AG26: 0 | AH26: 0 | AI26: 1 | AJ26: 1 | AK26: 1 | AL26: 1 | AN26: 0 | AO26: 1 | AP26: 0 | AQ26: 0 | AR26: 0 | AT26: 0.3 | AV26: 2 | AW26: 2 | AX26: 59844464 | AY26: 1 | AZ26: 0 | BA26: 24 | BB26: 0 | BC26: 0 | BD26: 0 | BE26: 0 | BF26: 0 | BG26: 0 | BH26: 0 | BI26: 0 | BJ26: 0 | BK26: 0 | BL26: 0 | BM26: 0 | BN26: 0 | BO26: 0 | BP26: 0 | BQ26: 0 | BR26: 0 | BS26: 0 | BT26: 0 | BU26: 0 | BV26: 0 | BW26: 0 | CX26: =Y26*Source!I37 -> 0.6 | CY26: =AD26 -> 0 | CZ26: =AH26 -> 0 | DA26: =AL26 -> 1 | DB26: =ROUND(ROUND(AT26*CZ26,2),6) -> 0 | DC26: =ROUND(ROUND(AT26*AG26,2),6) -> 0
A27: =ROW(Source!A37) -> 37 | B27: 59844155 | C27: 59844462 | D27: 42458408 | E27: 1 | F27: 1 | G27: 1 | H27: 2 | I27: 021201 | J27: ТСЭМ Московской обл., 021201, приказ Минстроя России №675/пр от 28.02.2017 № 264/пр | K27: Краны на гусеничном ходу при работе на монтаже технологического оборудования до 16 т | L27: 1368 | N27: 1011 | O27: маш.-ч | P27: маш.-ч | Q27: 1 | W27: 0 | X27: 63594071 | Y27: 0.06 | AA27: 0 | AB27: 901.01 | AC27: 399.2 | AD27: 0 | AE27: 0 | AF27: 99.78 | AG27: 13.5 | AH27: 0 | AI27: 1 | AJ27: 9.03 | AK27: 29.57 | AL27: 1 | AN27: 0 | AO27: 1 | AP27: 0 | AQ27: 0 | AR27: 0 | AT27: 0.06 | AV27: 0 | AW27: 2 | AX27: 59844465 | AY27: 1 | AZ27: 0 | BA27: 25 | BB27: 0 | BC27: 0 | BD27: 0 | BE27: 0 | BF27: 0 | BG27: 0 | BH27: 0 | BI27: 0 | BJ27: 0 | BK27: 0 | BL27: 0 | BM27: 0 | BN27: 0 | BO27: 0 | BP27: 0 | BQ27: 0 | BR27: 0 | BS27: 0 | BT27: 0 | BU27: 0 | BV27: 0 | BW27: 0 | CX27: =Y27*Source!I37 -> 0.12 | CY27: =AB27 -> 901.01 | CZ27: =AF27 -> 99.78 | DA27: =AJ27 -> 9.03 | DB27: =ROUND(ROUND(AT27*CZ27,2),6) -> 5.99 | DC27: =ROUND(ROUND(AT27*AG27,2),6) -> 0.81
A28: =ROW(Source!A37) -> 37 | B28: 59844155 | C28: 59844462 | D28: 42458448 | E28: 1 | F28: 1 | G28: 1 | H28: 2 | I28: 021401 | J28: ТСЭМ Московской обл., 021401, приказ Минстроя России №675/пр от 28.02.2017 № 264/пр | K28: Краны на пневмоколесном ходу при работе на монтаже технологического оборудования 16 т | L28: 1368 | N28: 1011 | O28: маш.-ч | P28: маш.-ч | Q28: 1 | W28: 0 | X28: 1279587063 | Y28: 0.24 | AA28: 0 | AB28: 954.84 | AC28: 399.2 | AD28: 0 | AE28: 0 | AF28: 131.16 | AG28: 13.5 | AH28: 0 | AI28: 1 | AJ28: 7.28 | AK28: 29.57 | AL28: 1 | AN28: 0 | AO28: 1 | AP28: 0 | AQ28: 0 | AR28: 0 | AT28: 0.24 | AV28: 0 | AW28: 2 | AX28: 59844466 | AY28: 1 | AZ28: 0 | BA28: 26 | BB28: 0 | BC28: 0 | BD28: 0 | BE28: 0 | BF28: 0 | BG28: 0 | BH28: 0 | BI28: 0 | BJ28: 0 | BK28: 0 | BL28: 0 | BM28: 0 | BN28: 0 | BO28: 0 | BP28: 0 | BQ28: 0 | BR28: 0 | BS28: 0 | BT28: 0 | BU28: 0 | BV28: 0 | BW28: 0 | CX28: =Y28*Source!I37 -> 0.48 | CY28: =AB28 -> 954.84 | CZ28: =AF28 -> 131.16 | DA28: =AJ28 -> 7.28 | DB28: =ROUND(ROUND(AT28*CZ28,2),6) -> 31.48 | DC28: =ROUND(ROUND(AT28*AG28,2),6) -> 3.24
A29: =ROW(Source!A37) -> 37 | B29: 59844155 | C29: 59844462 | D29: 42458679 | E29: 1 | F29: 1 | G29: 1 | H29: 2 | I29: 040502 | J29: ТСЭМ Московской обл., 040502, приказ Минстроя России №675/пр от 28.02.2017 № 264/пр | K29: Установки для сварки ручной дуговой (постоянного тока) | L29: 1368 | N29: 1011 | O29: маш.-ч | P29: маш.-ч | Q29: 1 | W29: 0 | X29: 1474986261 | Y29: 2.9 | AA29: 0 | AB29: 58.48 | AC29: 0 | AD29: 0 | AE29: 0 | AF29: 8.1 | AG29: 0 | AH29: 0 | AI29: 1 | AJ29: 7.22 | AK29: 29.57 | AL29: 1 | AN29: 0 | AO29: 1 | AP29: 0 | AQ29: 0 | AR29: 0 | AT29: 2.9 | AV29: 0 | AW29: 2 | AX29: 59844467 | AY29: 1 | AZ29: 0 | BA29: 27 | BB29: 0 | BC29: 0 | BD29: 0 | BE29: 0 | BF29: 0 | BG29: 0 | BH29: 0 | BI29: 0 | BJ29: 0 | BK29: 0 | BL29: 0 | BM29: 0 | BN29: 0 | BO29: 0 | BP29: 0 | BQ29: 0 | BR29: 0 | BS29: 0 | BT29: 0 | BU29: 0 | BV29: 0 | BW29: 0 | CX29: =Y29*Source!I37 -> 5.8 | CY29: =AB29 -> 58.48 | CZ29: =AF29 -> 8.1 | DA29: =AJ29 -> 7.22 | DB29: =ROUND(ROUND(AT29*CZ29,2),6) -> 23.49 | DC29: =ROUND(ROUND(AT29*AG29,2),6) -> 0
A30: =ROW(Source!A37) -> 37 | B30: 59844155 | C30: 59844462 | D30: 42458681 | E30: 1 | F30: 1 | G30: 1 | H30: 2 | I30: 040504 | J30: ТСЭМ Московской обл., 040504, приказ Минстроя России №675/пр от 28.02.2017 № 264/пр | K30: Аппарат для газовой сварки и резки | L30: 1368 | N30: 1011 | O30: маш.-ч | P30: маш.-ч | Q30: 1 | W30: 0 | X30: 1514068676 | Y30: 0.17 | AA30: 0 | AB30: 8.54 | AC30: 0 | AD30: 0 | AE30: 0 | AF30: 1.2 | AG30: 0 | AH30: 0 | AI30: 1 | AJ30: 7.12 | AK30: 29.57 | AL30: 1 | AN30: 0 | AO30: 1 | AP30: 0 | AQ30: 0 | AR30: 0 | AT30: 0.17 | AV30: 0 | AW30: 2 | AX30: 59844468 | AY30: 1 | AZ30: 0 | BA30: 28 | BB30: 0 | BC30: 0 | BD30: 0 | BE30: 0 | BF30: 0 | BG30: 0 | BH30: 0 | BI30: 0 | BJ30: 0 | BK30: 0 | BL30: 0 | BM30: 0 | BN30: 0 | BO30: 0 | BP30: 0 | BQ30: 0 | BR30: 0 | BS30: 0 | BT30: 0 | BU30: 0 | BV30: 0 | BW30: 0 | CX30: =Y30*Source!I37 -> 0.34 | CY30: =AB30 -> 8.54 | CZ30: =AF30 -> 1.2 | DA30: =AJ30 -> 7.12 | DB30: =ROUND(ROUND(AT30*CZ30,2),6) -> 0.2 | DC30: =ROUND(ROUND(AT30*AG30,2),6) -> 0
A31: =ROW(Source!A37) -> 37 | B31: 59844155 | C31: 59844462 | D31: 42460530 | E31: 1 | F31: 1 | G31: 1 | H31: 2 | I31: 330301 | J31: ТСЭМ Московской обл., 330301, приказ Минстроя России №675/пр от 28.02.2017 № 264/пр | K31: Машины шлифовальные электрические | L31: 1368 | N31: 1011 | O31: маш.-ч | P31: маш.-ч | Q31: 1 | W31: 0 | X31: -144556207 | Y31: 2.88 | AA31: 0 | AB31: 18.01 | AC31: 0 | AD31: 0 | AE31: 0 | AF31: 5.13 | AG31: 0 | AH31: 0 | AI31: 1 | AJ31: 3.51 | AK31: 29.57 | AL31: 1 | AN31: 0 | AO31: 1 | AP31: 0 | AQ31: 0 | AR31: 0 | AT31: 2.88 | AV31: 0 | AW31: 2 | AX31: 59844469 | AY31: 1 | AZ31: 0 | BA31: 29 | BB31: 0 | BC31: 0 | BD31: 0 | BE31: 0 | BF31: 0 | BG31: 0 | BH31: 0 | BI31: 0 | BJ31: 0 | BK31: 0 | BL31: 0 | BM31: 0 | BN31: 0 | BO31: 0 | BP31: 0 | BQ31: 0 | BR31: 0 | BS31: 0 | BT31: 0 | BU31: 0 | BV31: 0 | BW31: 0 | CX31: =Y31*Source!I37 -> 5.76 | CY31: =AB31 -> 18.01 | CZ31: =AF31 -> 5.13 | DA31: =AJ31 -> 3.51 | DB31: =ROUND(ROUND(AT31*CZ31,2),6) -> 14.77 | DC31: =ROUND(ROUND(AT31*AG31,2),6) -> 0
A32: =ROW(Source!A37) -> 37 | B32: 59844155 | C32: 59844462 | D32: 42460936 | E32: 1 | F32: 1 | G32: 1 | H32: 2 | I32: 400001 | J32: ТСЭМ Московской обл., 400001, приказ Минстроя России №675/пр от 28.02.2017 № 264/пр | K32: Автомобили бортовые, грузоподъемность до 5 т | L32: 1368 | N32: 1011 | O32: маш.-ч | P32: маш.-ч | Q32: 1 | W32: 0 | X32: 1230759911 | Y32: 0.05 | AA32: 0 | AB32: 858.62 | AC32: 343.01 | AD32: 0 | AE32: 0 | AF32: 87.17 | AG32: 11.6 | AH32: 0 | AI32: 1 | AJ32: 9.85 | AK32: 29.57 | AL32: 1 | AN32: 0 | AO32: 1 | AP32: 0 | AQ32: 0 | AR32: 0 | AT32: 0.05 | AV32: 0 | AW32: 2 | AX32: 59844470 | AY32: 1 | AZ32: 0 | BA32: 30 | BB32: 0 | BC32: 0 | BD32: 0 | BE32: 0 | BF32: 0 | BG32: 0 | BH32: 0 | BI32: 0 | BJ32: 0 | BK32: 0 | BL32: 0 | BM32: 0 | BN32: 0 | BO32: 0 | BP32: 0 | BQ32: 0 | BR32: 0 | BS32: 0 | BT32: 0 | BU32: 0 | BV32: 0 | BW32: 0 | CX32: =Y32*Source!I37 -> 0.1 | CY32: =AB32 -> 858.62 | CZ32: =AF32 -> 87.17 | DA32: =AJ32 -> 9.85 | DB32: =ROUND(ROUND(AT32*CZ32,2),6) -> 4.36 | DC32: =ROUND(ROUND(AT32*AG32,2),6) -> 0.58
A33: =ROW(Source!A37) -> 37 | B33: 59844155 | C33: 59844462 | D33: 42393463 | E33: 1 | F33: 1 | G33: 1 | H33: 3 | I33: 101-0324 | J33: ТССЦ Московской обл., 101-0324, приказ Минстроя России №675/пр от 28.02.2017 № 254/пр | K33: Кислород технический газообразный | L33: 1339 | N33: 1007 | O33: комплекс работ | P33: м3 | Q33: 1 | W33: 0 | X33: -756465305 | Y33: 1.4 | AA33: 54.26 | AB33: 0 | AC33: 0 | AD33: 0 | AE33: 6.23 | AF33: 0 | AG33: 0 | AH33: 0 | AI33: 8.71 | AJ33: 1 | AK33: 1 | AL33: 1 | AN33: 0 | AO33: 1 | AP33: 0 | AQ33: 0 | AR33: 0 | AT33: 1.4 | AV33: 0 | AW33: 2 | AX33: 59844471 | AY33: 1 | AZ33: 0 | BA33: 31 | BB33: 0 | BC33: 0 | BD33: 0 | BE33: 0 | BF33: 0 | BG33: 0 | BH33: 0 | BI33: 0 | BJ33: 0 | BK33: 0 | BL33: 0 | BM33: 0 | BN33: 0 | BO33: 0 | BP33: 0 | BQ33: 0 | BR33: 0 | BS33: 0 | BT33: 0 | BU33: 0 | BV33: 0 | BW33: 0 | CX33: =Y33*Source!I37 -> 2.8 | CY33: =AA33 -> 54.26 | CZ33: =AE33 -> 6.23 | DA33: =AI33 -> 8.71 | DB33: =ROUND(ROUND(AT33*CZ33,2),6) -> 8.72 | DC33: =ROUND(ROUND(AT33*AG33,2),6) -> 0
A34: =ROW(Source!A37) -> 37 | B34: 59844155 | C34: 59844462 | D34: 42400029 | E34: 1 | F34: 1 | G34: 1 | H34: 3 | I34: 101-1518 | J34: ТССЦ Московской обл., 101-1518, приказ Минстроя России №675/пр от 28.02.2017 № 254/пр | K34: Электроды диаметром 4 мм Э50А | L34: 1348 | N34: 1009 | O34: т | P34: т | Q34: 1000 | W34: 0 | X34: 913614565 | Y34: 0.0035 | AA34: 93573.04 | AB34: 0 | AC34: 0 | AD34: 0 | AE34: 11623.98 | AF34: 0 | AG34: 0 | AH34: 0 | AI34: 8.05 | AJ34: 1 | AK34: 1 | AL34: 1 | AN34: 0 | AO34: 1 | AP34: 0 | AQ34: 0 | AR34: 0 | AT34: 0.0035 | AV34: 0 | AW34: 2 | AX34: 59844472 | AY34: 1 | AZ34: 0 | BA34: 32 | BB34: 0 | BC34: 0 | BD34: 0 | BE34: 0 | BF34: 0 | BG34: 0 | BH34: 0 | BI34: 0 | BJ34: 0 | BK34: 0 | BL34: 0 | BM34: 0 | BN34: 0 | BO34: 0 | BP34: 0 | BQ34: 0 | BR34: 0 | BS34: 0 | BT34: 0 | BU34: 0 | BV34: 0 | BW34: 0 | CX34: =Y34*Source!I37 -> 0.007 | CY34: =AA34 -> 93573.04 | CZ34: =AE34 -> 11623.98 | DA34: =AI34 -> 8.05 | DB34: =ROUND(ROUND(AT34*CZ34,2),6) -> 40.68 | DC34: =ROUND(ROUND(AT34*AG34,2),6) -> 0
A35: =ROW(Source!A37) -> 37 | B35: 59844155 | C35: 59844462 | D35: 42393466 | E35: 1 | F35: 1 | G35: 1 | H35: 3 | I35: 101-2278 | J35: ТССЦ Московской обл., 101-2278, приказ Минстроя России №675/пр от 28.02.2017 № 254/пр | K35: Пропан-бутан, смесь техническая | L35: 1346 | N35: 1009 | O35: кг | P35: кг | Q35: 1 | W35: 0 | X35: -1817527483 | Y35: 0.24 | AA35: 55.11 | AB35: 0 | AC35: 0 | AD35: 0 | AE35: 6.09 | AF35: 0 | AG35: 0 | AH35: 0 | AI35: 9.05 | AJ35: 1 | AK35: 1 | AL35: 1 | AN35: 0 | AO35: 1 | AP35: 0 | AQ35: 0 | AR35: 0 | AT35: 0.24 | AV35: 0 | AW35: 2 | AX35: 59844473 | AY35: 1 | AZ35: 0 | BA35: 33 | BB35: 0 | BC35: 0 | BD35: 0 | BE35: 0 | BF35: 0 | BG35: 0 | BH35: 0 | BI35: 0 | BJ35: 0 | BK35: 0 | BL35: 0 | BM35: 0 | BN35: 0 | BO35: 0 | BP35: 0 | BQ35: 0 | BR35: 0 | BS35: 0 | BT35: 0 | BU35: 0 | BV35: 0 | BW35: 0 | CX35: =Y35*Source!I37 -> 0.48 | CY35: =AA35 -> 55.11 | CZ35: =AE35 -> 6.09 | DA35: =AI35 -> 9.05 | DB35: =ROUND(ROUND(AT35*CZ35,2),6) -> 1.46 | DC35: =ROUND(ROUND(AT35*AG35,2),6) -> 0
A36: =ROW(Source!A37) -> 37 | B36: 59844155 | C36: 59844462 | D36: 42415113 | E36: 1 | F36: 1 | G36: 1 | H36: 3 | I36: 201-0835 | J36: ТССЦ Московской обл., 201-0835, приказ Минстроя России №675/пр от 28.02.2017 № 255/пр | K36: Подкладки металлические | L36: 1346 | N36: 1009 | O36: кг | P36: кг | Q36: 1 | W36: 0 | X36: -979364594 | Y36: 15.2 | AA36: 54.23 | AB36: 0 | AC36: 0 | AD36: 0 | AE36: 12.64 | AF36: 0 | AG36: 0 | AH36: 0 | AI36: 4.29 | AJ36: 1 | AK36: 1 | AL36: 1 | AN36: 0 | AO36: 1 | AP36: 0 | AQ36: 0 | AR36: 0 | AT36: 15.2 | AV36: 0 | AW36: 2 | AX36: 59844474 | AY36: 1 | AZ36: 0 | BA36: 34 | BB36: 0 | BC36: 0 | BD36: 0 | BE36: 0 | BF36: 0 | BG36: 0 | BH36: 0 | BI36: 0 | BJ36: 0 | BK36: 0 | BL36: 0 | BM36: 0 | BN36: 0 | BO36: 0 | BP36: 0 | BQ36: 0 | BR36: 0 | BS36: 0 | BT36: 0 | BU36: 0 | BV36: 0 | BW36: 0 | CX36: =Y36*Source!I37 -> 30.4 | CY36: =AA36 -> 54.23 | CZ36: =AE36 -> 12.64 | DA36: =AI36 -> 4.29 | DB36: =ROUND(ROUND(AT36*CZ36,2),6) -> 192.13 | DC36: =ROUND(ROUND(AT36*AG36,2),6) -> 0
A37: =ROW(Source!A37) -> 37 | B37: 59844155 | C37: 59844462 | D37: 42457830 | E37: 1 | F37: 1 | G37: 1 | H37: 3 | I37: 999-9950 | J37: ТССЦ Московской обл., 999-9950, приказ Минстроя России №675/пр от 21.09.2015 г. | K37: Вспомогательные ненормируемые материалы (2% от ОЗП) | L37: 1374 | N37: 1013 | O37: РУБ | P37: РУБ | Q37: 1 | W37: 0 | X37: -915781824 | Y37: 3.84 | AA37: 1 | AB37: 0 | AC37: 0 | AD37: 0 | AE37: 1 | AF37: 0 | AG37: 0 | AH37: 0 | AI37: 1 | AJ37: 1 | AK37: 1 | AL37: 1 | AN37: 0 | AO37: 1 | AP37: 0 | AQ37: 0 | AR37: 0 | AT37: 3.84 | AV37: 0 | AW37: 2 | AX37: 59844475 | AY37: 1 | AZ37: 0 | BA37: 35 | BB37: 0 | BC37: 0 | BD37: 0 | BE37: 0 | BF37: 0 | BG37: 0 | BH37: 0 | BI37: 0 | BJ37: 0 | BK37: 0 | BL37: 0 | BM37: 0 | BN37: 0 | BO37: 0 | BP37: 0 | BQ37: 0 | BR37: 0 | BS37: 0 | BT37: 0 | BU37: 0 | BV37: 0 | BW37: 0 | CX37: =Y37*Source!I37 -> 7.68 | CY37: =AA37 -> 1 | CZ37: =AE37 -> 1 | DA37: =AI37 -> 1 | DB37: =ROUND(ROUND(AT37*CZ37,2),6) -> 3.84 | DC37: =ROUND(ROUND(AT37*AG37,2),6) -> 0

Sheet EtalonRes
A1: =ROW(Source!A32) -> 32 | B1: 59844432 | C1: 59844431 | D1: 29509036 | E1: 1 | F1: 1 | G1: 1 | H1: 1 | I1: 1-1029-90 | K1: Рабочий строитель среднего разряда 2,9 | L1: 1369 | N1: 1013 | O1: чел.-ч | P1: чел.-ч | Q1: 1 | X1: 453.6 | Y1: 0 | Z1: 0 | AA1: 0 | AB1: 8.46 | AC1: 0 | AD1: 1 | AE1: 1 | AF1: )*1,15 | AG1: 521.64 | AH1: 2 | AI1: 59844432 | AJ1: 1 | AK1: 0 | AL1: 0 | AM1: 0 | AN1: 0 | AO1: 0 | AP1: 0 | AQ1: 0 | AR1: 0
A2: =ROW(Source!A32) -> 32 | B2: 59844433 | C2: 59844431 | D2: 121548 | E2: 1 | F2: 1 | G2: 1 | H2: 1 | I2: 2 | K2: Затраты труда машинистов | L2: 608254 | N2: 1013 | O2: чел.час | P2: чел.час | Q2: 1 | X2: 23.96 | Y2: 0 | Z2: 0 | AA2: 0 | AB2: 0 | AC2: 0 | AD2: 1 | AE2: 2 | AF2: )*1,25 | AG2: 29.95 | AH2: 2 | AI2: 59844433 | AJ2: 2 | AK2: 0 | AL2: 0 | AM2: 0 | AN2: 0 | AO2: 0 | AP2: 0 | AQ2: 0 | AR2: 0
A3: =ROW(Source!A32) -> 32 | B3: 59844434 | C3: 59844431 | D3: 42458401 | E3: 1 | F3: 1 | G3: 1 | H3: 2 | I3: 021141 | J3: ТСЭМ Московской обл., 021141, приказ Минстроя России №675/пр от 28.02.2017 № 264/пр | K3: Краны на автомобильном ходу при работе на других видах строительства 10 т | L3: 1368 | N3: 1011 | O3: маш.-ч | P3: маш.-ч | Q3: 1 | X3: 0.73 | Y3: 0 | Z3: 112 | AA3: 13.5 | AB3: 0 | AC3: 0 | AD3: 1 | AE3: 0 | AF3: )*1,25 | AG3: 0.9125 | AH3: 2 | AI3: 59844434 | AJ3: 3 | AK3: 0 | AL3: 0 | AM3: 0 | AN3: 0 | AO3: 0 | AP3: 0 | AQ3: 0 | AR3: 0
A4: =ROW(Source!A32) -> 32 | B4: 59844435 | C4: 59844431 | D4: 42458429 | E4: 1 | F4: 1 | G4: 1 | H4: 2 | I4: 021243 | J4: ТСЭМ Московской обл., 021243, приказ Минстроя России №675/пр от 28.02.2017 № 264/пр | K4: Краны на гусеничном ходу при работе на других видах строительства до 16 т | L4: 1368 | N4: 1011 | O4: маш.-ч | P4: маш.-ч | Q4: 1 | X4: 22.96 | Y4: 0 | Z4: 96.9 | AA4: 13.5 | AB4: 0 | AC4: 0 | AD4: 1 | AE4: 0 | AF4: )*1,25 | AG4: 28.7 | AH4: 2 | AI4: 59844435 | AJ4: 4 | AK4: 0 | AL4: 0 | AM4: 0 | AN4: 0 | AO4: 0 | AP4: 0 | AQ4: 0 | AR4: 0
A5: =ROW(Source!A32) -> 32 | B5: 59844436 | C5: 59844431 | D5: 42458501 | E5: 1 | F5: 1 | G5: 1 | H5: 2 | I5: 030101 | J5: ТСЭМ Московской обл., 030101, приказ Минстроя России №675/пр от 28.02.2017 № 264/пр | K5: Автопогрузчики 5 т | L5: 1368 | N5: 1011 | O5: маш.-ч | P5: маш.-ч | Q5: 1 | X5: 0.27 | Y5: 0 | Z5: 99.89 | AA5: 10.06 | AB5: 0 | AC5: 0 | AD5: 1 | AE5: 0 | AF5: )*1,25 | AG5: 0.3375 | AH5: 2 | AI5: 59844436 | AJ5: 5 | AK5: 0 | AL5: 0 | AM5: 0 | AN5: 0 | AO5: 0 | AP5: 0 | AQ5: 0 | AR5: 0
A6: =ROW(Source!A32) -> 32 | B6: 59844437 | C6: 59844431 | D6: 42458679 | E6: 1 | F6: 1 | G6: 1 | H6: 2 | I6: 040502 | J6: ТСЭМ Московской обл., 040502, приказ Минстроя России №675/пр от 28.02.2017 № 264/пр | K6: Установки для сварки ручной дуговой (постоянного тока) | L6: 1368 | N6: 1011 | O6: маш.-ч | P6: маш.-ч | Q6: 1 | X6: 2.02 | Y6: 0 | Z6: 8.1 | AA6: 0 | AB6: 0 | AC6: 0 | AD6: 1 | AE6: 0 | AF6: )*1,25 | AG6: 2.525 | AH6: 2 | AI6: 59844437 | AJ6: 6 | AK6: 0 | AL6: 0 | AM6: 0 | AN6: 0 | AO6: 0 | AP6: 0 | AQ6: 0 | AR6: 0
A7: =ROW(Source!A32) -> 32 | B7: 59844438 | C7: 59844431 | D7: 42459173 | E7: 1 | F7: 1 | G7: 1 | H7: 2 | I7: 111100 | J7: ТСЭМ Московской обл., 111100, приказ Минстроя России №675/пр от 28.02.2017 № 264/пр | K7: Вибратор глубинный | L7: 1368 | N7: 1011 | O7: маш.-ч | P7: маш.-ч | Q7: 1 | X7: 19.04 | Y7: 0 | Z7: 1.9 | AA7: 0 | AB7: 0 | AC7: 0 | AD7: 1 | AE7: 0 | AF7: )*1,25 | AG7: 23.8 | AH7: 2 | AI7: 59844438 | AJ7: 7 | AK7: 0 | AL7: 0 | AM7: 0 | AN7: 0 | AO7: 0 | AP7: 0 | AQ7: 0 | AR7: 0
A8: =ROW(Source!A32) -> 32 | B8: 59844439 | C8: 59844431 | D8: 42460615 | E8: 1 | F8: 1 | G8: 1 | H8: 2 | I8: 331532 | J8: ТСЭМ Московской обл., 331532, приказ Минстроя России №675/пр от 28.02.2017 № 264/пр | K8: Пила цепная электрическая | L8: 1368 | N8: 1011 | O8: маш.-ч | P8: маш.-ч | Q8: 1 | X8: 1.35 | Y8: 0 | Z8: 3.27 | AA8: 0 | AB8: 0 | AC8: 0 | AD8: 1 | AE8: 0 | AF8: )*1,25 | AG8: 1.6875 | AH8: 2 | AI8: 59844439 | AJ8: 8 | AK8: 0 | AL8: 0 | AM8: 0 | AN8: 0 | AO8: 0 | AP8: 0 | AQ8: 0 | AR8: 0
A9: =ROW(Source!A32) -> 32 | B9: 59844440 | C9: 59844431 | D9: 42460936 | E9: 1 | F9: 1 | G9: 1 | H9: 2 | I9: 400001 | J9: ТСЭМ Московской обл., 400001, приказ Минстроя России №675/пр от 28.02.2017 № 264/пр | K9: Автомобили бортовые, грузоподъемность до 5 т | L9: 1368 | N9: 1011 | O9: маш.-ч | P9: маш.-ч | Q9: 1 | X9: 1.65 | Y9: 0 | Z9: 87.17 | AA9: 11.6 | AB9: 0 | AC9: 0 | AD9: 1 | AE9: 0 | AF9: )*1,25 | AG9: 2.0625 | AH9: 2 | AI9: 59844440 | AJ9: 9 | AK9: 0 | AL9: 0 | AM9: 0 | AN9: 0 | AO9: 0 | AP9: 0 | AQ9: 0 | AR9: 0
A10: =ROW(Source!A32) -> 32 | B10: 59844441 | C10: 59844431 | D10: 42399620 | E10: 1 | F10: 1 | G10: 1 | H10: 3 | I10: 101-0797 | J10: ТССЦ Московской обл., 101-0797, приказ Минстроя России №675/пр от 28.02.2017 № 254/пр | K10: Проволока горячекатаная в мотках, диаметром 6,3-6,5 мм | L10: 1348 | N10: 1009 | O10: т | P10: т | Q10: 1000 | X10: 0.04 | Y10: 4455.2 | Z10: 0 | AA10: 0 | AB10: 0 | AC10: 0 | AD10: 1 | AE10: 0 | AG10: 0.04 | AH10: 2 | AI10: 59844441 | AJ10: 10 | AK10: 0 | AL10: 0 | AM10: 0 | AN10: 0 | AO10: 0 | AP10: 0 | AQ10: 0 | AR10: 0
A11: =ROW(Source!A32) -> 32 | B11: 59844442 | C11: 59844431 | D11: 42400004 | E11: 1 | F11: 1 | G11: 1 | H11: 3 | I11: 101-1529 | J11: ТССЦ Московской обл., 101-1529, приказ Минстроя России №675/пр от 28.02.2017 № 254/пр | K11: Электроды диаметром 6 мм Э42 | L11: 1348 | N11: 1009 | O11: т | P11: т | Q11: 1000 | X11: 0.004 | Y11: 9423.99 | Z11: 0 | AA11: 0 | AB11: 0 | AC11: 0 | AD11: 1 | AE11: 0 | AG11: 0.004 | AH11: 2 | AI11: 59844442 | AJ11: 11 | AK11: 0 | AL11: 0 | AM11: 0 | AN11: 0 | AO11: 0 | AP11: 0 | AQ11: 0 | AR11: 0
A12: =ROW(Source!A32) -> 32 | B12: 59844443 | C12: 59844431 | D12: 42394270 | E12: 1 | F12: 1 | G12: 1 | H12: 3 | I12: 101-1668 | J12: ТССЦ Московской обл., 101-1668, приказ Минстроя России №675/пр от 28.02.2017 № 254/пр | K12: Рогожа | L12: 1327 | N12: 1005 | O12: м2 | P12: м2 | Q12: 1 | X12: 10.1 | Y12: 10.2 | Z12: 0 | AA12: 0 | AB12: 0 | AC12: 0 | AD12: 1 | AE12: 0 | AG12: 10.1 | AH12: 2 | AI12: 59844443 | AJ12: 12 | AK12: 0 | AL12: 0 | AM12: 0 | AN12: 0 | AO12: 0 | AP12: 0 | AQ12: 0 | AR12: 0
A13: =ROW(Source!A32) -> 32 | B13: 59844444 | C13: 59844431 | D13: 42400354 | E13: 1 | F13: 1 | G13: 1 | H13: 3 | I13: 101-1805 | J13: ТССЦ Московской обл., 101-1805, приказ Минстроя России №675/пр от 28.02.2017 № 254/пр | K13: Гвозди строительные | L13: 1348 | N13: 1009 | O13: т | P13: т | Q13: 1000 | X13: 0.037 | Y13: 11978 | Z13: 0 | AA13: 0 | AB13: 0 | AC13: 0 | AD13: 1 | AE13: 0 | AG13: 0.037 | AH13: 2 | AI13: 59844444 | AJ13: 13 | AK13: 0 | AL13: 0 | AM13: 0 | AN13: 0 | AO13: 0 | AP13: 0 | AQ13: 0 | AR13: 0
A14: =ROW(Source!A32) -> 32 | B14: 59844445 | C14: 59844431 | D14: 42401809 | E14: 1 | F14: 1 | G14: 1 | H14: 3 | I14: 102-0008 | J14: ТССЦ Московской обл., 102-0008, приказ Минстроя России №675/пр от 28.02.2017 № 254/пр | K14: Лесоматериалы круглые хвойных пород для строительства диаметром 14-24 см, длиной 3-6,5 м | L14: 1339 | N14: 1007 | O14: комплекс работ | P14: м3 | Q14: 1 | X14: 0.69 | Y14: 558.33 | Z14: 0 | AA14: 0 | AB14: 0 | AC14: 0 | AD14: 1 | AE14: 0 | AG14: 0.69 | AH14: 2 | AI14: 59844445 | AJ14: 14 | AK14: 0 | AL14: 0 | AM14: 0 | AN14: 0 | AO14: 0 | AP14: 0 | AQ14: 0 | AR14: 0
A15: =ROW(Source!A32) -> 32 | B15: 59844446 | C15: 59844431 | D15: 42401491 | E15: 1 | F15: 1 | G15: 1 | H15: 3 | I15: 102-0025 | J15: ТССЦ Московской обл., 102-0025, приказ Минстроя России №675/пр от 28.02.2017 № 254/пр | K15: Бруски обрезные хвойных пород длиной 4-6,5 м, шириной 75-150 мм, толщиной 40-75 мм, III сорта | L15: 1339 | N15: 1007 | O15: комплекс работ | P15: м3 | Q15: 1 | X15: 0.08 | Y15: 1287.01 | Z15: 0 | AA15: 0 | AB15: 0 | AC15: 0 | AD15: 1 | AE15: 0 | AG15: 0.08 | AH15: 2 | AI15: 59844446 | AJ15: 15 | AK15: 0 | AL15: 0 | AM15: 0 | AN15: 0 | AO15: 0 | AP15: 0 | AQ15: 0 | AR15: 0
A16: =ROW(Source!A32) -> 32 | B16: 59844447 | C16: 59844431 | D16: 42401664 | E16: 1 | F16: 1 | G16: 1 | H16: 3 | I16: 102-0053 | J16: ТССЦ Московской обл., 102-0053, приказ Минстроя России №675/пр от 28.02.2017 № 254/пр | K16: Доски обрезные хвойных пород длиной 4-6,5 м, шириной 75-150 мм, толщиной 25 мм, III сорта | L16: 1339 | N16: 1007 | O16: комплекс работ | P16: м3 | Q16: 1 | X16: 0.2 | Y16: 1100 | Z16: 0 | AA16: 0 | AB16: 0 | AC16: 0 | AD16: 1 | AE16: 0 | AG16: 0.2 | AH16: 2 | AI16: 59844447 | AJ16: 16 | AK16: 0 | AL16: 0 | AM16: 0 | AN16: 0 | AO16: 0 | AP16: 0 | AQ16: 0 | AR16: 0
A17: =ROW(Source!A32) -> 32 | B17: 59844448 | C17: 59844431 | D17: 42401672 | E17: 1 | F17: 1 | G17: 1 | H17: 3 | I17: 102-0061 | J17: ТССЦ Московской обл., 102-0061, приказ Минстроя России №675/пр от 28.02.2017 № 254/пр | K17: Доски обрезные хвойных пород длиной 4-6,5 м, шириной 75-150 мм, толщиной 44 мм и более, III сорта | L17: 1339 | N17: 1007 | O17: комплекс работ | P17: м3 | Q17: 1 | X17: 0.69 | Y17: 1056 | Z17: 0 | AA17: 0 | AB17: 0 | AC17: 0 | AD17: 1 | AE17: 0 | AG17: 0.69 | AH17: 2 | AI17: 59844448 | AJ17: 17 | AK17: 0 | AL17: 0 | AM17: 0 | AN17: 0 | AO17: 0 | AP17: 0 | AQ17: 0 | AR17: 0
A18: =ROW(Source!A32) -> 32 | B18: 59844449 | C18: 59844431 | D18: 42417330 | E18: 1 | F18: 1 | G18: 1 | H18: 3 | I18: 203-0511 | J18: ТССЦ Московской обл., 203-0511, приказ Минстроя России №675/пр от 28.02.2017 № 255/пр | K18: Щиты из досок толщиной 25 мм | L18: 1327 | N18: 1005 | O18: м2 | P18: м2 | Q18: 1 | X18: 49.5 | Y18: 35.54 | Z18: 0 | AA18: 0 | AB18: 0 | AC18: 0 | AD18: 1 | AE18: 0 | AG18: 49.5 | AH18: 2 | AI18: 59844449 | AJ18: 18 | AK18: 0 | AL18: 0 | AM18: 0 | AN18: 0 | AO18: 0 | AP18: 0 | AQ18: 0 | AR18: 0
A19: =ROW(Source!A32) -> 32 | B19: 59844450 | C19: 59844431 | D19: 42417346 | E19: 1 | F19: 1 | G19: 1 | H19: 3 | I19: 204-0100 | J19: ТССЦ Московской обл., 204-0100, приказ Минстроя России №675/пр от 28.02.2017 № 255/пр | K19: Горячекатаная арматурная сталь класса А-I, А-II, А-III | L19: 1348 | N19: 1009 | O19: т | P19: т | Q19: 1000 | X19: 1 | Y19: 5649.99 | Z19: 0 | AA19: 0 | AB19: 0 | AC19: 0 | AD19: 1 | AE19: 0 | AG19: 1 | AH19: 2 | AI19: 59844450 | AJ19: 19 | AK19: 0 | AL19: 0 | AM19: 0 | AN19: 0 | AO19: 0 | AP19: 0 | AQ19: 0 | AR19: 0
A20: =ROW(Source!A32) -> 32 | B20: 59844451 | C20: 59844431 | D20: 42431065 | E20: 1 | F20: 1 | G20: 1 | H20: 3 | I20: 401-0066 | J20: ТССЦ Московской обл., 401-0066, приказ Минстроя России №675/пр от 28.02.2017 № 257/пр | K20: Бетон тяжелый, крупность заполнителя 20 мм, класс В15 (М200) | L20: 1339 | N20: 1007 | O20: комплекс работ | P20: м3 | Q20: 1 | X20: 101.5 | Y20: 665 | Z20: 0 | AA20: 0 | AB20: 0 | AC20: 0 | AD20: 1 | AE20: 0 | AG20: 101.5 | AH20: 2 | AI20: 59844451 | AJ20: 21 | AK20: 0 | AL20: 0 | AM20: 0 | AN20: 0 | AO20: 0 | AP20: 0 | AQ20: 0 | AR20: 0
A21: =ROW(Source!A32) -> 32 | B21: 59844452 | C21: 59844431 | D21: 42435265 | E21: 1 | F21: 1 | G21: 1 | H21: 3 | I21: 405-0253 | J21: ТССЦ Московской обл., 405-0253, приказ Минстроя России №675/пр от 28.02.2017 № 257/пр | K21: Известь строительная негашеная комовая, сорт I | L21: 1348 | N21: 1009 | O21: т | P21: т | Q21: 1000 | X21: 0.046 | Y21: 734.5 | Z21: 0 | AA21: 0 | AB21: 0 | AC21: 0 | AD21: 1 | AE21: 0 | AG21: 0.046 | AH21: 2 | AI21: 59844452 | AJ21: 22 | AK21: 0 | AL21: 0 | AM21: 0 | AN21: 0 | AO21: 0 | AP21: 0 | AQ21: 0 | AR21: 0
A22: =ROW(Source!A32) -> 32 | B22: 59844453 | C22: 59844431 | D22: 42436062 | E22: 1 | F22: 1 | G22: 1 | H22: 3 | I22: 411-0001 | J22: ТССЦ Московской обл., 411-0001, приказ Минстроя России №675/пр от 28.02.2017 № 257/пр | K22: Вода | L22: 1339 | N22: 1007 | O22: комплекс работ | P22: м3 | Q22: 1 | X22: 2.937 | Y22: 2.44 | Z22: 0 | AA22: 0 | AB22: 0 | AC22: 0 | AD22: 1 | AE22: 0 | AG22: 2.937 | AH22: 2 | AI22: 59844453 | AJ22: 23 | AK22: 0 | AL22: 0 | AM22: 0 | AN22: 0 | AO22: 0 | AP22: 0 | AQ22: 0 | AR22: 0
A23: =ROW(Source!A37) -> 37 | B23: 59844463 | C23: 59844462 | D23: 42651183 | E23: 1 | F23: 1 | G23: 1 | H23: 1 | I23: 1-2036-90 | K23: Рабочий монтажник среднего разряда 3,6 | L23: 1369 | N23: 1013 | O23: чел.-ч | P23: чел.-ч | Q23: 1 | X23: 20.9 | Y23: 0 | Z23: 0 | AA23: 0 | AB23: 9.18 | AC23: 0 | AD23: 1 | AE23: 1 | AG23: 20.9 | AH23: 2 | AI23: 59844463 | AJ23: 25 | AK23: 0 | AL23: 0 | AM23: 0 | AN23: 0 | AO23: 0 | AP23: 0 | AQ23: 0 | AR23: 0
A24: =ROW(Source!A37) -> 37 | B24: 59844464 | C24: 59844462 | D24: 121548 | E24: 1 | F24: 1 | G24: 1 | H24: 1 | I24: 2 | K24: Затраты труда машинистов | L24: 608254 | N24: 1013 | O24: чел.час | P24: чел.час | Q24: 1 | X24: 0.3 | Y24: 0 | Z24: 0 | AA24: 0 | AB24: 0 | AC24: 0 | AD24: 1 | AE24: 2 | AG24: 0.3 | AH24: 2 | AI24: 59844464 | AJ24: 26 | AK24: 0 | AL24: 0 | AM24: 0 | AN24: 0 | AO24: 0 | AP24: 0 | AQ24: 0 | AR24: 0
A25: =ROW(Source!A37) -> 37 | B25: 59844465 | C25: 59844462 | D25: 42458408 | E25: 1 | F25: 1 | G25: 1 | H25: 2 | I25: 021201 | J25: ТСЭМ Московской обл., 021201, приказ Минстроя России №675/пр от 28.02.2017 № 264/пр | K25: Краны на гусеничном ходу при работе на монтаже технологического оборудования до 16 т | L25: 1368 | N25: 1011 | O25: маш.-ч | P25: маш.-ч | Q25: 1 | X25: 0.06 | Y25: 0 | Z25: 99.78 | AA25: 13.5 | AB25: 0 | AC25: 0 | AD25: 1 | AE25: 0 | AG25: 0.06 | AH25: 2 | AI25: 59844465 | AJ25: 27 | AK25: 0 | AL25: 0 | AM25: 0 | AN25: 0 | AO25: 0 | AP25: 0 | AQ25: 0 | AR25: 0
A26: =ROW(Source!A37) -> 37 | B26: 59844466 | C26: 59844462 | D26: 42458448 | E26: 1 | F26: 1 | G26: 1 | H26: 2 | I26: 021401 | J26: ТСЭМ Московской обл., 021401, приказ Минстроя России №675/пр от 28.02.2017 № 264/пр | K26: Краны на пневмоколесном ходу при работе на монтаже технологического оборудования 16 т | L26: 1368 | N26: 1011 | O26: маш.-ч | P26: маш.-ч | Q26: 1 | X26: 0.24 | Y26: 0 | Z26: 131.16 | AA26: 13.5 | AB26: 0 | AC26: 0 | AD26: 1 | AE26: 0 | AG26: 0.24 | AH26: 2 | AI26: 59844466 | AJ26: 28 | AK26: 0 | AL26: 0 | AM26: 0 | AN26: 0 | AO26: 0 | AP26: 0 | AQ26: 0 | AR26: 0
A27: =ROW(Source!A37) -> 37 | B27: 59844467 | C27: 59844462 | D27: 42458679 | E27: 1 | F27: 1 | G27: 1 | H27: 2 | I27: 040502 | J27: ТСЭМ Московской обл., 040502, приказ Минстроя России №675/пр от 28.02.2017 № 264/пр | K27: Установки для сварки ручной дуговой (постоянного тока) | L27: 1368 | N27: 1011 | O27: маш.-ч | P27: маш.-ч | Q27: 1 | X27: 2.9 | Y27: 0 | Z27: 8.1 | AA27: 0 | AB27: 0 | AC27: 0 | AD27: 1 | AE27: 0 | AG27: 2.9 | AH27: 2 | AI27: 59844467 | AJ27: 29 | AK27: 0 | AL27: 0 | AM27: 0 | AN27: 0 | AO27: 0 | AP27: 0 | AQ27: 0 | AR27: 0
A28: =ROW(Source!A37) -> 37 | B28: 59844468 | C28: 59844462 | D28: 42458681 | E28: 1 | F28: 1 | G28: 1 | H28: 2 | I28: 040504 | J28: ТСЭМ Московской обл., 040504, приказ Минстроя России №675/пр от 28.02.2017 № 264/пр | K28: Аппарат для газовой сварки и резки | L28: 1368 | N28: 1011 | O28: маш.-ч | P28: маш.-ч | Q28: 1 | X28: 0.17 | Y28: 0 | Z28: 1.2 | AA28: 0 | AB28: 0 | AC28: 0 | AD28: 1 | AE28: 0 | AG28: 0.17 | AH28: 2 | AI28: 59844468 | AJ28: 30 | AK28: 0 | AL28: 0 | AM28: 0 | AN28: 0 | AO28: 0 | AP28: 0 | AQ28: 0 | AR28: 0
A29: =ROW(Source!A37) -> 37 | B29: 59844469 | C29: 59844462 | D29: 42460530 | E29: 1 | F29: 1 | G29: 1 | H29: 2 | I29: 330301 | J29: ТСЭМ Московской обл., 330301, приказ Минстроя России №675/пр от 28.02.2017 № 264/пр | K29: Машины шлифовальные электрические | L29: 1368 | N29: 1011 | O29: маш.-ч | P29: маш.-ч | Q29: 1 | X29: 2.88 | Y29: 0 | Z29: 5.13 | AA29: 0 | AB29: 0 | AC29: 0 | AD29: 1 | AE29: 0 | AG29: 2.88 | AH29: 2 | AI29: 59844469 | AJ29: 31 | AK29: 0 | AL29: 0 | AM29: 0 | AN29: 0 | AO29: 0 | AP29: 0 | AQ29: 0 | AR29: 0
A30: =ROW(Source!A37) -> 37 | B30: 59844470 | C30: 59844462 | D30: 42460936 | E30: 1 | F30: 1 | G30: 1 | H30: 2 | I30: 400001 | J30: ТСЭМ Московской обл., 400001, приказ Минстроя России №675/пр от 28.02.2017 № 264/пр | K30: Автомобили бортовые, грузоподъемность до 5 т | L30: 1368 | N30: 1011 | O30: маш.-ч | P30: маш.-ч | Q30: 1 | X30: 0.05 | Y30: 0 | Z30: 87.17 | AA30: 11.6 | AB30: 0 | AC30: 0 | AD30: 1 | AE30: 0 | AG30: 0.05 | AH30: 2 | AI30: 59844470 | AJ30: 32 | AK30: 0 | AL30: 0 | AM30: 0 | AN30: 0 | AO30: 0 | AP30: 0 | AQ30: 0 | AR30: 0
A31: =ROW(Source!A37) -> 37 | B31: 59844471 | C31: 59844462 | D31: 42393463 | E31: 1 | F31: 1 | G31: 1 | H31: 3 | I31: 101-0324 | J31: ТССЦ Московской обл., 101-0324, приказ Минстроя России №675/пр от 28.02.2017 № 254/пр | K31: Кислород технический газообразный | L31: 1339 | N31: 1007 | O31: комплекс работ | P31: м3 | Q31: 1 | X31: 1.4 | Y31: 6.23 | Z31: 0 | AA31: 0 | AB31: 0 | AC31: 0 | AD31: 1 | AE31: 0 | AG31: 1.4 | AH31: 2 | AI31: 59844471 | AJ31: 33 | AK31: 0 | AL31: 0 | AM31: 0 | AN31: 0 | AO31: 0 | AP31: 0 | AQ31: 0 | AR31: 0
A32: =ROW(Source!A37) -> 37 | B32: 59844472 | C32: 59844462 | D32: 42400029 | E32: 1 | F32: 1 | G32: 1 | H32: 3 | I32: 101-1518 | J32: ТССЦ Московской обл., 101-1518, приказ Минстроя России №675/пр от 28.02.2017 № 254/пр | K32: Электроды диаметром 4 мм Э50А | L32: 1348 | N32: 1009 | O32: т | P32: т | Q32: 1000 | X32: 0.0035 | Y32: 11623.98 | Z32: 0 | AA32: 0 | AB32: 0 | AC32: 0 | AD32: 1 | AE32: 0 | AG32: 0.0035 | AH32: 2 | AI32: 59844472 | AJ32: 34 | AK32: 0 | AL32: 0 | AM32: 0 | AN32: 0 | AO32: 0 | AP32: 0 | AQ32: 0 | AR32: 0
A33: =ROW(Source!A37) -> 37 | B33: 59844473 | C33: 59844462 | D33: 42393466 | E33: 1 | F33: 1 | G33: 1 | H33: 3 | I33: 101-2278 | J33: ТССЦ Московской обл., 101-2278, приказ Минстроя России №675/пр от 28.02.2017 № 254/пр | K33: Пропан-бутан, смесь техническая | L33: 1346 | N33: 1009 | O33: кг | P33: кг | Q33: 1 | X33: 0.24 | Y33: 6.09 | Z33: 0 | AA33: 0 | AB33: 0 | AC33: 0 | AD33: 1 | AE33: 0 | AG33: 0.24 | AH33: 2 | AI33: 59844473 | AJ33: 35 | AK33: 0 | AL33: 0 | AM33: 0 | AN33: 0 | AO33: 0 | AP33: 0 | AQ33: 0 | AR33: 0
A34: =ROW(Source!A37) -> 37 | B34: 59844474 | C34: 59844462 | D34: 42415113 | E34: 1 | F34: 1 | G34: 1 | H34: 3 | I34: 201-0835 | J34: ТССЦ Московской обл., 201-0835, приказ Минстроя России №675/пр от 28.02.2017 № 255/пр | K34: Подкладки металлические | L34: 1346 | N34: 1009 | O34: кг | P34: кг | Q34: 1 | X34: 15.2 | Y34: 12.64 | Z34: 0 | AA34: 0 | AB34: 0 | AC34: 0 | AD34: 1 | AE34: 0 | AG34: 15.2 | AH34: 2 | AI34: 59844474 | AJ34: 36 | AK34: 0 | AL34: 0 | AM34: 0 | AN34: 0 | AO34: 0 | AP34: 0 | AQ34: 0 | AR34: 0
A35: =ROW(Source!A37) -> 37 | B35: 59844475 | C35: 59844462 | D35: 42457830 | E35: 1 | F35: 1 | G35: 1 | H35: 3 | I35: 999-9950 | J35: ТССЦ Московской обл., 999-9950, приказ Минстроя России №675/пр от 21.09.2015 г. | K35: Вспомогательные ненормируемые материалы (2% от ОЗП) | L35: 1374 | N35: 1013 | O35: РУБ | P35: РУБ | Q35: 1 | X35: 3.84 | Y35: 1 | Z35: 0 | AA35: 0 | AB35: 0 | AC35: 0 | AD35: 1 | AE35: 0 | AG35: 3.84 | AH35: 2 | AI35: 59844475 | AJ35: 37 | AK35: 0 | AL35: 0 | AM35: 0 | AN35: 0 | AO35: 0 | AP35: 0 | AQ35: 0 | AR35: 0
